Workbook
Name Base_date: [1]Title!$A$8
Name First_month: [1]Title!$A$10
Name i: '[2]Add NRA inputs'!$C$8
Name ii: '[3]Add NRA inputs'!$C$6
Name j: '[3]Add NRA inputs'!$C$8
Name NRA_pred_CPI_increase: '[4]CPI & Toll increase inputs'!$C$5
Name Ops_start: [5]Title!$B$10
Name Pred_monthly__CPI: '[6]Add NRA inputs'!$C$6
Name PV_month: #REF!
Name PV_month_name: '[6]Other calcs'!$C$5
Name Rounddown_above_R10: #REF!
Name Rounddown_below_R10: #REF!
Name sa: '[3]CPI increase input'!$E$6
Name test: #REF!
Name VAT_Rate: #REF!
Name VAT_Rate2: [5]Title!$B$14
Name VATrate: #REF!
Name Vlookup_table_for_month_names: '[7]Other calcs'!$A$5:$B$16

Sheet Title Page
C3: Contract SANRAL NRA 2025/0001 (N.001-249-2019/1R): For the Operations and Maintenance of the Toll Plazas Plazas on the National Route N1 North (Retender) (Contractor)
C5: Schedule of Payments / Cost Matrices for the Design-Build and Operation Service Periods
C8: Base Date:
C9: =DATE(2026,2,17)-28 -> 46042
C10: First Month of Contract:
C11: =C9+120 -> 46162
C12: First Month of Operation Service:
C13: =C11+60 -> 46222

Sheet ETOC to Model
B2: Control Centre | D2: Vehicle Class | E2: Est Period | G2: 1 | S2: =+G2+1 -> 2 | AE2: =+S2+1 -> 3 | AQ2: =+AE2+1 -> 4 | BC2: =+AQ2+1 -> 5 | BO2: =+BC2+1 -> 6
E3: =+'Title Page'!C11 -> 46162 | F3: =DATE(YEAR(E3),MONTH(E3)+2,1)-1 -> 46203 | G3: =DATE(YEAR(F3),MONTH(F3)+2,1)-1 -> 46234 | H3: =DATE(YEAR(G3),MONTH(G3)+2,1)-1 -> 46265 | I3: =DATE(YEAR(H3),MONTH(H3)+2,1)-1 -> 46295 | J3: =DATE(YEAR(I3),MONTH(I3)+2,1)-1 -> 46326 | K3: =DATE(YEAR(J3),MONTH(J3)+2,1)-1 -> 46356 | L3: =DATE(YEAR(K3),MONTH(K3)+2,1)-1 -> 46387 | M3: =DATE(YEAR(L3),MONTH(L3)+2,1)-1 -> 46418 | ... BZ3: =DATE(YEAR(BY3),MONTH(BY3)+2,1)-1 -> 48395
B4: Kranskop | D4: Class 1 | E4: =Kranskop!H16 -> 0 | F4: =Kranskop!I16 -> 0 | G4: =Kranskop!J16 -> 0 | H4: =Kranskop!K16 -> 0 | I4: =Kranskop!L16 -> 0 | J4: =Kranskop!M16 -> 0 | K4: =Kranskop!N16 -> 0 | L4: =Kranskop!O16 -> 0 | ... BZ4: =Kranskop!CC16 -> 0
D5: Class 2 | E5: =Kranskop!H17 -> 0 | F5: =Kranskop!I17 -> 0 | G5: =Kranskop!J17 -> 0 | H5: =Kranskop!K17 -> 0 | I5: =Kranskop!L17 -> 0 | J5: =Kranskop!M17 -> 0 | K5: =Kranskop!N17 -> 0 | L5: =Kranskop!O17 -> 0 | ... BZ5: =Kranskop!CC17 -> 0
D6: Class 3 | E6: =Kranskop!H18 -> 0 | F6: =Kranskop!I18 -> 0 | G6: =Kranskop!J18 -> 0 | H6: =Kranskop!K18 -> 0 | I6: =Kranskop!L18 -> 0 | J6: =Kranskop!M18 -> 0 | K6: =Kranskop!N18 -> 0 | L6: =Kranskop!O18 -> 0 | ... BZ6: =Kranskop!CC18 -> 0
D7: Class 4 | E7: =Kranskop!H19 -> 0 | F7: =Kranskop!I19 -> 0 | G7: =Kranskop!J19 -> 0 | H7: =Kranskop!K19 -> 0 | I7: =Kranskop!L19 -> 0 | J7: =Kranskop!M19 -> 0 | K7: =Kranskop!N19 -> 0 | L7: =Kranskop!O19 -> 0 | ... BZ7: =Kranskop!CC19 -> 0
B8: Nyl | D8: Class 1 | E8: =Nyl!H16 -> 0 | F8: =Nyl!I16 -> 0 | G8: =Nyl!J16 -> 0 | H8: =Nyl!K16 -> 0 | I8: =Nyl!L16 -> 0 | J8: =Nyl!M16 -> 0 | K8: =Nyl!N16 -> 0 | L8: =Nyl!O16 -> 0 | ... BZ8: =Nyl!CC16 -> 0
D9: Class 2 | E9: =Nyl!H17 -> 0 | F9: =Nyl!I17 -> 0 | G9: =Nyl!J17 -> 0 | H9: =Nyl!K17 -> 0 | I9: =Nyl!L17 -> 0 | J9: =Nyl!M17 -> 0 | K9: =Nyl!N17 -> 0 | L9: =Nyl!O17 -> 0 | ... BZ9: =Nyl!CC17 -> 0
D10: Class 3 | E10: =Nyl!H18 -> 0 | F10: =Nyl!I18 -> 0 | G10: =Nyl!J18 -> 0 | H10: =Nyl!K18 -> 0 | I10: =Nyl!L18 -> 0 | J10: =Nyl!M18 -> 0 | K10: =Nyl!N18 -> 0 | L10: =Nyl!O18 -> 0 | ... BZ10: =Nyl!CC18 -> 0
D11: Class 4 | E11: =Nyl!H19 -> 0 | F11: =Nyl!I19 -> 0 | G11: =Nyl!J19 -> 0 | H11: =Nyl!K19 -> 0 | I11: =Nyl!L19 -> 0 | J11: =Nyl!M19 -> 0 | K11: =Nyl!N19 -> 0 | L11: =Nyl!O19 -> 0 | ... BZ11: =Nyl!CC19 -> 0
B12: Capricorn | D12: Class 1 | E12: =Capricorn!H16 -> 0 | F12: =Capricorn!I16 -> 0 | G12: =Capricorn!J16 -> 0 | H12: =Capricorn!K16 -> 0 | I12: =Capricorn!L16 -> 0 | J12: =Capricorn!M16 -> 0 | K12: =Capricorn!N16 -> 0 | L12: =Capricorn!O16 -> 0 | ... BZ12: =Capricorn!CC16 -> 0
D13: Class 2 | E13: =Capricorn!H17 -> 0 | F13: =Capricorn!I17 -> 0 | G13: =Capricorn!J17 -> 0 | H13: =Capricorn!K17 -> 0 | I13: =Capricorn!L17 -> 0 | J13: =Capricorn!M17 -> 0 | K13: =Capricorn!N17 -> 0 | L13: =Capricorn!O17 -> 0 | ... BZ13: =Capricorn!CC17 -> 0
D14: Class 3 | E14: =Capricorn!H18 -> 0 | F14: =Capricorn!I18 -> 0 | G14: =Capricorn!J18 -> 0 | H14: =Capricorn!K18 -> 0 | I14: =Capricorn!L18 -> 0 | J14: =Capricorn!M18 -> 0 | K14: =Capricorn!N18 -> 0 | L14: =Capricorn!O18 -> 0 | ... BZ14: =Capricorn!CC18 -> 0
D15: Class 4 | E15: =Capricorn!H19 -> 0 | F15: =Capricorn!I19 -> 0 | G15: =Capricorn!J19 -> 0 | H15: =Capricorn!K19 -> 0 | I15: =Capricorn!L19 -> 0 | J15: =Capricorn!M19 -> 0 | K15: =Capricorn!N19 -> 0 | L15: =Capricorn!O19 -> 0 | ... BZ15: =Capricorn!CC19 -> 0
B16: Baobab | D16: Class 1 | E16: =+Baobab!H16 -> 0 | F16: =+Baobab!I16 -> 0 | G16: =+Baobab!J16 -> 0 | H16: =+Baobab!K16 -> 0 | I16: =+Baobab!L16 -> 0 | J16: =+Baobab!M16 -> 0 | K16: =+Baobab!N16 -> 0 | L16: =+Baobab!O16 -> 0 | ... BZ16: =+Baobab!CC16 -> 0
D17: Class 2 | E17: =+Baobab!H17 -> 0 | F17: =+Baobab!I17 -> 0 | G17: =+Baobab!J17 -> 0 | H17: =+Baobab!K17 -> 0 | I17: =+Baobab!L17 -> 0 | J17: =+Baobab!M17 -> 0 | K17: =+Baobab!N17 -> 0 | L17: =+Baobab!O17 -> 0 | ... BZ17: =+Baobab!CC17 -> 0
D18: Class 3 | E18: =+Baobab!H18 -> 0 | F18: =+Baobab!I18 -> 0 | G18: =+Baobab!J18 -> 0 | H18: =+Baobab!K18 -> 0 | I18: =+Baobab!L18 -> 0 | J18: =+Baobab!M18 -> 0 | K18: =+Baobab!N18 -> 0 | L18: =+Baobab!O18 -> 0 | ... BZ18: =+Baobab!CC18 -> 0
D19: Class 4 | E19: =+Baobab!H19 -> 0 | F19: =+Baobab!I19 -> 0 | G19: =+Baobab!J19 -> 0 | H19: =+Baobab!K19 -> 0 | I19: =+Baobab!L19 -> 0 | J19: =+Baobab!M19 -> 0 | K19: =+Baobab!N19 -> 0 | L19: =+Baobab!O19 -> 0 | ... BZ19: =+Baobab!CC19 -> 0
B20: Total | C20: =+B4 -> Kranskop | E20: =+SUM(E4:E7) -> 0 | F20: =+SUM(F4:F7) -> 0 | G20: =+SUM(G4:G7) -> 0 | H20: =+SUM(H4:H7) -> 0 | I20: =+SUM(I4:I7) -> 0 | J20: =+SUM(J4:J7) -> 0 | K20: =+SUM(K4:K7) -> 0 | L20: =+SUM(L4:L7) -> 0 | ... BZ20: =+SUM(BZ4:BZ7) -> 0
C21: =$B$8 -> Nyl | E21: =+SUM(E8:E11) -> 0 | F21: =+SUM(F8:F11) -> 0 | G21: =+SUM(G8:G11) -> 0 | H21: =+SUM(H8:H11) -> 0 | I21: =+SUM(I8:I11) -> 0 | J21: =+SUM(J8:J11) -> 0 | K21: =+SUM(K8:K11) -> 0 | L21: =+SUM(L8:L11) -> 0 | ... BZ21: =+SUM(BZ8:BZ11) -> 0
C22: =$B$12 -> Capricorn | E22: =+SUM(E12:E15) -> 0 | F22: =+SUM(F12:F15) -> 0 | G22: =+SUM(G12:G15) -> 0 | H22: =+SUM(H12:H15) -> 0 | I22: =+SUM(I12:I15) -> 0 | J22: =+SUM(J12:J15) -> 0 | K22: =+SUM(K12:K15) -> 0 | L22: =+SUM(L12:L15) -> 0 | ... BZ22: =+SUM(BZ12:BZ15) -> 0
C23: =+B16 -> Baobab | E23: =+SUM(E16:E19) -> 0 | F23: =+SUM(F16:F19) -> 0 | G23: =+SUM(G16:G19) -> 0 | H23: =+SUM(H16:H19) -> 0 | I23: =+SUM(I16:I19) -> 0 | J23: =+SUM(J16:J19) -> 0 | K23: =+SUM(K16:K19) -> 0 | L23: =+SUM(L16:L19) -> 0 | ... BZ23: =+SUM(BZ16:BZ19) -> 0
B24: Total Variable OM Fees to Model | E24: =+SUM(E20:E23) -> 0 | F24: =+SUM(F20:F23) -> 0 | G24: =+SUM(G20:G23) -> 0 | H24: =+SUM(H20:H23) -> 0 | I24: =+SUM(I20:I23) -> 0 | J24: =+SUM(J20:J23) -> 0 | K24: =+SUM(K20:K23) -> 0 | L24: =+SUM(L20:L23) -> 0 | ... BZ24: =+SUM(BZ20:BZ23) -> 0
B26: Control Centre | E26: Est Period | G26: 1 | S26: =+G26+1 -> 2 | AE26: =+S26+1 -> 3 | AQ26: =+AE26+1 -> 4 | BC26: =+AQ26+1 -> 5 | BO26: =+BC26+1 -> 6
E27: =+E$3 -> 46162 | F27: =+F$3 -> 46203 | G27: =+G$3 -> 46234 | H27: =+H$3 -> 46265 | I27: =+I$3 -> 46295 | J27: =+J$3 -> 46326 | K27: =+K$3 -> 46356 | L27: =+L$3 -> 46387 | ... BZ27: =+BZ$3 -> 48395
C28: =+B4 -> Kranskop | E28: =+Kranskop!H13 -> 0 | F28: =+Kranskop!I13 -> 0 | G28: =+Kranskop!J13 -> 152083.33 | H28: =+Kranskop!K13 -> 152083.33 | I28: =+Kranskop!L13 -> 152083.33 | J28: =+Kranskop!M13 -> 152083.33 | K28: =+Kranskop!N13 -> 152083.33 | L28: =+Kranskop!O13 -> 152083.33 | ... BZ28: =+Kranskop!CC13 -> 152083.57
C29: =$B$8 -> Nyl | E29: =+Nyl!H13 -> 0 | F29: =+Nyl!I13 -> 0 | G29: =+Nyl!J13 -> 152083.33 | H29: =+Nyl!K13 -> 152083.33 | I29: =+Nyl!L13 -> 152083.33 | J29: =+Nyl!M13 -> 152083.33 | K29: =+Nyl!N13 -> 152083.33 | L29: =+Nyl!O13 -> 152083.33 | ... BZ29: =+Nyl!CC13 -> 152083.57
C30: =$B$12 -> Capricorn | E30: =+Capricorn!H13 -> 0 | F30: =+Capricorn!I13 -> 0 | G30: =+Capricorn!J13 -> 101388.89 | H30: =+Capricorn!K13 -> 101388.89 | I30: =+Capricorn!L13 -> 101388.89 | J30: =+Capricorn!M13 -> 101388.89 | K30: =+Capricorn!N13 -> 101388.89 | L30: =+Capricorn!O13 -> 101388.89 | ... BZ30: =+Capricorn!CC13 -> 101388.89
C31: =+B16 -> Baobab | E31: =+Baobab!H13 -> 0 | F31: =+Baobab!I13 -> 0 | G31: =+Baobab!J13 -> 152083.33 | H31: =+Baobab!K13 -> 152083.33 | I31: =+Baobab!L13 -> 152083.33 | J31: =+Baobab!M13 -> 152083.33 | K31: =+Baobab!N13 -> 152083.33 | L31: =+Baobab!O13 -> 152083.33 | ... BZ31: =+Baobab!CC13 -> 152083.57
B32: Fixed OM Fees to Model (Subject to CPI) | E32: =+SUM(E28:E31) -> 0 | F32: =+SUM(F28:F31) -> 0 | G32: =+SUM(G28:G31) -> 557638.88 | H32: =+SUM(H28:H31) -> 557638.88 | I32: =+SUM(I28:I31) -> 557638.88 | J32: =+SUM(J28:J31) -> 557638.88 | K32: =+SUM(K28:K31) -> 557638.88 | L32: =+SUM(L28:L31) -> 557638.88 | ... BZ32: =+SUM(BZ28:BZ31) -> 557639.6
B34: Control Centre | E34: Est Period | G34: 1 | S34: =+G34+1 -> 2 | AE34: =+S34+1 -> 3 | AQ34: =+AE34+1 -> 4 | BC34: =+AQ34+1 -> 5 | BO34: =+BC34+1 -> 6
E35: =+E$3 -> 46162 | F35: =+F$3 -> 46203 | G35: =+G$3 -> 46234 | H35: =+H$3 -> 46265 | I35: =+I$3 -> 46295 | J35: =+J$3 -> 46326 | K35: =+K$3 -> 46356 | L35: =+L$3 -> 46387 | ... BZ35: =+BZ$3 -> 48395
C36: =+B4 -> Kranskop | E36: =+Kranskop!H14 -> 0 | F36: =+Kranskop!I14 -> 0 | G36: =+Kranskop!J14 -> 0 | H36: =+Kranskop!K14 -> 0 | I36: =+Kranskop!L14 -> 0 | J36: =+Kranskop!M14 -> 0 | K36: =+Kranskop!N14 -> 0 | L36: =+Kranskop!O14 -> 0 | ... BZ36: =+Kranskop!CC14 -> 13415000
C37: =$B$8 -> Nyl | E37: =+Nyl!H14 -> 0 | F37: =+Nyl!I14 -> 0 | G37: =+Nyl!J14 -> 0 | H37: =+Nyl!K14 -> 0 | I37: =+Nyl!L14 -> 0 | J37: =+Nyl!M14 -> 0 | K37: =+Nyl!N14 -> 0 | L37: =+Nyl!O14 -> 0 | ... BZ37: =+Nyl!CC14 -> 13415000
C38: =$B$12 -> Capricorn | E38: =+Capricorn!H14 -> 0 | F38: =+Capricorn!I14 -> 0 | G38: =+Capricorn!J14 -> 0 | H38: =+Capricorn!K14 -> 0 | I38: =+Capricorn!L14 -> 0 | J38: =+Capricorn!M14 -> 0 | K38: =+Capricorn!N14 -> 0 | L38: =+Capricorn!O14 -> 0 | ... BZ38: =+Capricorn!CC14 -> 8943333.3
C39: =+B16 -> Baobab | E39: =+Baobab!H14 -> 0 | F39: =+Baobab!I14 -> 0 | G39: =+Baobab!J14 -> 0 | H39: =+Baobab!K14 -> 0 | I39: =+Baobab!L14 -> 0 | J39: =+Baobab!M14 -> 0 | K39: =+Baobab!N14 -> 0 | L39: =+Baobab!O14 -> 0 | ... BZ39: =+Baobab!CC14 -> 12276667
B40: OM Provisional Sums to Model (Not Subject to CPI) | E40: =+SUM(E36:E39) -> 0 | F40: =+SUM(F36:F39) -> 0 | G40: =+SUM(G36:G39) -> 0 | H40: =+SUM(H36:H39) -> 0 | I40: =+SUM(I36:I39) -> 0 | J40: =+SUM(J36:J39) -> 0 | K40: =+SUM(K36:K39) -> 0 | L40: =+SUM(L36:L39) -> 0 | ... BZ40: =+SUM(BZ36:BZ39) -> 48050000
B42: Control Centre | E42: Est Period | G42: 1 | S42: =+G42+1 -> 2 | AE42: =+S42+1 -> 3 | AQ42: =+AE42+1 -> 4 | BC42: =+AQ42+1 -> 5 | BO42: =+BC42+1 -> 6
E43: =+E$3 -> 46162 | F43: =+F$3 -> 46203 | G43: =+G$3 -> 46234 | H43: =+H$3 -> 46265 | I43: =+I$3 -> 46295 | J43: =+J$3 -> 46326 | K43: =+K$3 -> 46356 | L43: =+L$3 -> 46387 | ... BZ43: =+BZ$3 -> 48395
C44: =+B4 -> Kranskop | E44: =Kranskop!H22 -> 0 | F44: =Kranskop!I22 -> 0 | G44: =Kranskop!J22 -> 34722.23 | H44: =Kranskop!K22 -> 34722.23 | I44: =Kranskop!L22 -> 34722.23 | J44: =Kranskop!M22 -> 34722.23 | K44: =Kranskop!N22 -> 34722.23 | L44: =Kranskop!O22 -> 34722.23 | ... BZ44: =Kranskop!CC22 -> 34721.67
C45: =$B$8 -> Nyl | E45: =Nyl!H22 -> 0 | F45: =Nyl!I22 -> 0 | G45: =Nyl!J22 -> 34722.23 | H45: =Nyl!K22 -> 34722.23 | I45: =Nyl!L22 -> 34722.23 | J45: =Nyl!M22 -> 34722.23 | K45: =Nyl!N22 -> 34722.23 | L45: =Nyl!O22 -> 34722.23 | ... BZ45: =Nyl!CC22 -> 34721.67
C46: =$B$12 -> Capricorn | E46: =Capricorn!H22 -> 0 | F46: =Capricorn!I22 -> 0 | G46: =Capricorn!J22 -> 31250 | H46: =Capricorn!K22 -> 31250 | I46: =Capricorn!L22 -> 31250 | J46: =Capricorn!M22 -> 31250 | K46: =Capricorn!N22 -> 31250 | L46: =Capricorn!O22 -> 31250 | ... BZ46: =Capricorn!CC22 -> 31250
C47: =+B16 -> Baobab | E47: =Baobab!H22 -> 0 | F47: =Baobab!I22 -> 0 | G47: =Baobab!J22 -> 31250 | H47: =Baobab!K22 -> 31250 | I47: =Baobab!L22 -> 31250 | J47: =Baobab!M22 -> 31250 | K47: =Baobab!N22 -> 31250 | L47: =Baobab!O22 -> 31250 | ... BZ47: =Baobab!CC22 -> 31250
B48: Fixed CAPEX to Model (Subject to CPI) | E48: =+SUM(E44:E47) -> 0 | F48: =+SUM(F44:F47) -> 0 | G48: =+SUM(G44:G47) -> 131944.46 | H48: =+SUM(H44:H47) -> 131944.46 | I48: =+SUM(I44:I47) -> 131944.46 | J48: =+SUM(J44:J47) -> 131944.46 | K48: =+SUM(K44:K47) -> 131944.46 | L48: =+SUM(L44:L47) -> 131944.46 | ... BZ48: =+SUM(BZ44:BZ47) -> 131943.34
B50: Control Centre | E50: Est Period | G50: 1 | S50: =+G50+1 -> 2 | AE50: =+S50+1 -> 3 | AQ50: =+AE50+1 -> 4 | BC50: =+AQ50+1 -> 5 | BO50: =+BC50+1 -> 6
E51: =+E$3 -> 46162 | F51: =+F$3 -> 46203 | G51: =+G$3 -> 46234 | H51: =+H$3 -> 46265 | I51: =+I$3 -> 46295 | J51: =+J$3 -> 46326 | K51: =+K$3 -> 46356 | L51: =+L$3 -> 46387 | ... BZ51: =+BZ$3 -> 48395
C52: =+B4 -> Kranskop | E52: =+Kranskop!H23 -> 0 | F52: =+Kranskop!I23 -> 0 | G52: =+Kranskop!J23 -> 33333.33 | H52: =+Kranskop!K23 -> 33333.33 | I52: =+Kranskop!L23 -> 33333.33 | J52: =+Kranskop!M23 -> 33333.33 | K52: =+Kranskop!N23 -> 33333.33 | L52: =+Kranskop!O23 -> 33333.33 | ... BZ52: =+Kranskop!CC23 -> 8578333.6
C53: =$B$8 -> Nyl | E53: =+Nyl!H23 -> 0 | F53: =+Nyl!I23 -> 0 | G53: =+Nyl!J23 -> 33333.33 | H53: =+Nyl!K23 -> 33333.33 | I53: =+Nyl!L23 -> 33333.33 | J53: =+Nyl!M23 -> 33333.33 | K53: =+Nyl!N23 -> 33333.33 | L53: =+Nyl!O23 -> 33333.33 | ... BZ53: =+Nyl!CC23 -> 8578333.6
C54: =$B$12 -> Capricorn | E54: =+Capricorn!H23 -> 0 | F54: =+Capricorn!I23 -> 0 | G54: =+Capricorn!J23 -> 22222.22 | H54: =+Capricorn!K23 -> 22222.22 | I54: =+Capricorn!L23 -> 22222.22 | J54: =+Capricorn!M23 -> 22222.22 | K54: =+Capricorn!N23 -> 22222.22 | L54: =+Capricorn!O23 -> 22222.22 | ... BZ54: =+Capricorn!CC23 -> 5718889.1
C55: =+B16 -> Baobab | E55: =+Baobab!H23 -> 0 | F55: =+Baobab!I23 -> 0 | G55: =+Baobab!J23 -> 22222.22 | H55: =+Baobab!K23 -> 22222.22 | I55: =+Baobab!L23 -> 22222.22 | J55: =+Baobab!M23 -> 22222.22 | K55: =+Baobab!N23 -> 22222.22 | L55: =+Baobab!O23 -> 22222.22 | ... BZ55: =+Baobab!CC23 -> 8360555.7
B56: CAPEX Provisional Sums to Model (Not Subject to CPI) | E56: =+SUM(E52:E55) -> 0 | F56: =+SUM(F52:F55) -> 0 | G56: =+SUM(G52:G55) -> 111111.1 | H56: =+SUM(H52:H55) -> 111111.1 | I56: =+SUM(I52:I55) -> 111111.1 | J56: =+SUM(J52:J55) -> 111111.1 | K56: =+SUM(K52:K55) -> 111111.1 | L56: =+SUM(L52:L55) -> 111111.1 | ... BZ56: =+SUM(BZ52:BZ55) -> 31236112
B58: Control Centre | E58: Est Period | G58: 1 | S58: =+G58+1 -> 2 | AE58: =+S58+1 -> 3 | AQ58: =+AE58+1 -> 4 | BC58: =+AQ58+1 -> 5 | BO58: =+BC58+1 -> 6
E59: =+E$3 -> 46162 | F59: =+F$3 -> 46203 | G59: =+G$3 -> 46234 | H59: =+H$3 -> 46265 | I59: =+I$3 -> 46295 | J59: =+J$3 -> 46326 | K59: =+K$3 -> 46356 | L59: =+L$3 -> 46387 | ... BZ59: =+BZ$3 -> 48395
C60: =+B4 -> Kranskop | E60: =+Kranskop!H24 -> 0 | F60: =+Kranskop!I24 -> 0 | G60: =+Kranskop!J24 -> 0 | H60: =+Kranskop!K24 -> 0 | I60: =+Kranskop!L24 -> 0 | J60: =+Kranskop!M24 -> 0 | K60: =+Kranskop!N24 -> 0 | L60: =+Kranskop!O24 -> 0 | ... BZ60: =+Kranskop!CC24 -> 1925583.3
C61: =$B$8 -> Nyl | E61: =+Nyl!H24 -> 0 | F61: =+Nyl!I24 -> 0 | G61: =+Nyl!J24 -> 0 | H61: =+Nyl!K24 -> 0 | I61: =+Nyl!L24 -> 0 | J61: =+Nyl!M24 -> 0 | K61: =+Nyl!N24 -> 0 | L61: =+Nyl!O24 -> 0 | ... BZ61: =+Nyl!CC24 -> 1925583.3
C62: =$B$12 -> Capricorn | E62: =+Capricorn!H24 -> 0 | F62: =+Capricorn!I24 -> 0 | G62: =+Capricorn!J24 -> 0 | H62: =+Capricorn!K24 -> 0 | I62: =+Capricorn!L24 -> 0 | J62: =+Capricorn!M24 -> 0 | K62: =+Capricorn!N24 -> 0 | L62: =+Capricorn!O24 -> 0 | ... BZ62: =+Capricorn!CC24 -> 1342249.9
C63: =+B16 -> Baobab | E63: =+Baobab!H24 -> 0 | F63: =+Baobab!I24 -> 0 | G63: =+Baobab!J24 -> 0 | H63: =+Baobab!K24 -> 0 | I63: =+Baobab!L24 -> 0 | J63: =+Baobab!M24 -> 0 | K63: =+Baobab!N24 -> 0 | L63: =+Baobab!O24 -> 0 | ... BZ63: =+Baobab!CC24 -> 1342249.9
B64: Part D Contract Participation etc (Not Subject to CPI) | E64: =+SUM(E60:E63) -> 0 | F64: =+SUM(F60:F63) -> 0 | G64: =+SUM(G60:G63) -> 0 | H64: =+SUM(H60:H63) -> 0 | I64: =+SUM(I60:I63) -> 0 | J64: =+SUM(J60:J63) -> 0 | K64: =+SUM(K60:K63) -> 0 | L64: =+SUM(L60:L63) -> 0 | ... BZ64: =+SUM(BZ60:BZ63) -> 6535666.5
C66: CHECK: | D66: =IF((SUM(E52:BZ55)+SUM(E44:BZ47)+SUM(E36:BZ39)+SUM(E28:BZ31)+SUM(E4:BZ19)+SUM(E60:BZ63))='N1N Totals'!G8,"OK","CHECK") -> OK

Sheet N1N Totals
B2: Item No | C2: Description | D2: Unit | E2: Quantity | F2: Rate | G2: TOTAL (6 Years) | H2: Est Period | J2: Operation Service Period - Year 1 | V2: Operation Service Period - Year 2 | AH2: Operation Service Period - Year 3 | AT2: Operation Service Period - Year 4 | BF2: Operation Service Period - Year 5 | BR2: Operation Service Period - Year 6
H3: ='Title Page'!C11 -> 46162 | I3: =DATE(YEAR(H3),MONTH(H3)+2,1)-1 -> 46203 | J3: =DATE(YEAR(I3),MONTH(I3)+2,1)-1 -> 46234 | K3: =DATE(YEAR(J3),MONTH(J3)+2,1)-1 -> 46265 | L3: =DATE(YEAR(K3),MONTH(K3)+2,1)-1 -> 46295 | M3: =DATE(YEAR(L3),MONTH(L3)+2,1)-1 -> 46326 | N3: =DATE(YEAR(M3),MONTH(M3)+2,1)-1 -> 46356 | O3: =DATE(YEAR(N3),MONTH(N3)+2,1)-1 -> 46387 | P3: =DATE(YEAR(O3),MONTH(O3)+2,1)-1 -> 46418 | ... CC3: =DATE(YEAR(CB3),MONTH(CB3)+2,1)-1 -> 48395
C6: Total Tendered F&V Cost (Incl VAT, in Rands) - to C1.1.1 FORM OF OFFER | G6: =+G7+G8 -> 7.643636e+08
C7: 15 %VAT on Total Tendered F&V Cost (in Rands) | G7: =+G8*0.15 -> 99699600
C8: Total Tendered F&V Cost (Excl VAT, in Rands) | G8: =+G11 -> 6.64664e+08
F10: CHECK | G10: =+SUM(H30:CC54,H56:CC92,H94:CC102,H104:CC115,H118:CC127,H129:CC137,H139:CC147,H149:CC151,H153:CC163,H165:CC166,H168:CC168,H170:CC197,H201:CC214,H216:CC247,H249:CC263,H265:CC407,H409:CC411,H413:CC450,H455:CC489) -> 6.49064e+08 | H10: =G10=G11 -> FALSE | I10: =G10=G28+G199+G454 -> FALSE
C11: Total Tendered F&V Cost for A- and B Series (excl VAT) | G11: =+SUM(H11:CC11) -> 6.64664e+08 | H11: =+H21+H12+H24 -> 0 | I11: =+I21+I12+I24 -> 0 | J11: =+J21+J12+J24 -> 800694.44 | K11: =+K21+K12+K24 -> 800694.44 | L11: =+L21+L12+L24 -> 800694.44 | M11: =+M21+M12+M24 -> 800694.44 | N11: =+N21+N12+N24 -> 800694.44 | O11: =+O21+O12+O24 -> 800694.44 | ... CC11: =+CC21+CC12+CC24 -> 86511361
B12: A | C12: A Series: Operation Service | G12: =+SUM(H12:CC12) -> 3.4645e+08 | H12: =+H28 -> 0 | I12: =+I28 -> 0 | J12: =+J28 -> 557638.88 | K12: =+K28 -> 557638.88 | L12: =+L28 -> 557638.88 | M12: =+M28 -> 557638.88 | N12: =+N28 -> 557638.88 | O12: =+O28 -> 557638.88 | ... CC12: =+CC28 -> 48607640 | CD12: =G12=G28 -> TRUE
C13: Fixed Items | G13: =+SUM(H13:CC13) -> 40150000 | H13: =+H12-SUM(H14:H15) -> 0 | I13: =+I12-SUM(I14:I15) -> 0 | J13: =+J12-SUM(J14:J15) -> 557638.88 | K13: =+K12-SUM(K14:K15) -> 557638.88 | L13: =+L12-SUM(L14:L15) -> 557638.88 | M13: =+M12-SUM(M14:M15) -> 557638.88 | N13: =+N12-SUM(N14:N15) -> 557638.88 | O13: =+O12-SUM(O14:O15) -> 557638.88 | ... CC13: =+CC12-SUM(CC14:CC15) -> 557639.6
C14: Provisional Sums | G14: =+SUM(H14:CC14) -> 306300000 | H14: =+H169 -> 0 | I14: =+I169 -> 0 | J14: =+J169 -> 0 | K14: =+K169 -> 0 | L14: =+L169 -> 0 | M14: =+M169 -> 0 | N14: =+N169 -> 0 | O14: =+O169 -> 0 | ... CC14: =+CC169 -> 48050000
C15: Variable Operation Cost | G15: =+SUM(H15:CC15) -> 0 | H15: =+SUM(H16:H19) -> 0 | I15: =+SUM(I16:I19) -> 0 | J15: =+SUM(J16:J19) -> 0 | K15: =+SUM(K16:K19) -> 0 | L15: =+SUM(L16:L19) -> 0 | M15: =+SUM(M16:M19) -> 0 | N15: =+SUM(N16:N19) -> 0 | O15: =+SUM(O16:O19) -> 0 | ... CC15: =+SUM(CC16:CC19) -> 0
C16: Class 1 | D16: month | E16: 72 | F16: =+SUM(Kranskop!F16) -> 0 | G16: =+SUM(H16:CC16) -> 0 | H16: =+SUM(Kranskop!H16) -> 0 | I16: =+SUM(Kranskop!I16) -> 0 | J16: =+SUM(Kranskop!J16) -> 0 | K16: =+SUM(Kranskop!K16) -> 0 | L16: =+SUM(Kranskop!L16) -> 0 | M16: =+SUM(Kranskop!M16) -> 0 | N16: =+SUM(Kranskop!N16) -> 0 | O16: =+SUM(Kranskop!O16) -> 0 | ... CC16: =+SUM(Kranskop!CC16) -> 0 | CD16: .
C17: Class 2 | D17: month | E17: 72 | F17: =+SUM(Kranskop!F17) -> 0 | G17: =+SUM(H17:CC17) -> 0 | H17: =+SUM(Kranskop!H17) -> 0 | I17: =+SUM(Kranskop!I17) -> 0 | J17: =+SUM(Kranskop!J17) -> 0 | K17: =+SUM(Kranskop!K17) -> 0 | L17: =+SUM(Kranskop!L17) -> 0 | M17: =+SUM(Kranskop!M17) -> 0 | N17: =+SUM(Kranskop!N17) -> 0 | O17: =+SUM(Kranskop!O17) -> 0 | ... CC17: =+SUM(Kranskop!CC17) -> 0 | CD17: .
C18: Class 3 | D18: month | E18: 72 | F18: =+SUM(Kranskop!F18) -> 0 | G18: =+SUM(H18:CC18) -> 0 | H18: =+SUM(Kranskop!H18) -> 0 | I18: =+SUM(Kranskop!I18) -> 0 | J18: =+SUM(Kranskop!J18) -> 0 | K18: =+SUM(Kranskop!K18) -> 0 | L18: =+SUM(Kranskop!L18) -> 0 | M18: =+SUM(Kranskop!M18) -> 0 | N18: =+SUM(Kranskop!N18) -> 0 | O18: =+SUM(Kranskop!O18) -> 0 | ... CC18: =+SUM(Kranskop!CC18) -> 0 | CD18: .
C19: Class 4 | D19: month | E19: 72 | F19: =+SUM(Kranskop!F19) -> 0 | G19: =+SUM(H19:CC19) -> 0 | H19: =+SUM(Kranskop!H19) -> 0 | I19: =+SUM(Kranskop!I19) -> 0 | J19: =+SUM(Kranskop!J19) -> 0 | K19: =+SUM(Kranskop!K19) -> 0 | L19: =+SUM(Kranskop!L19) -> 0 | M19: =+SUM(Kranskop!M19) -> 0 | N19: =+SUM(Kranskop!N19) -> 0 | O19: =+SUM(Kranskop!O19) -> 0 | ... CC19: =+SUM(Kranskop!CC19) -> 0 | CD19: .
G20: =IF(SUM(G16:G19)=0,0,IF(AND((SUM(G16:G19)/G12)>0.4,G169=0),0.4,(SUM(G16:G19)/G12))) -> 0 | H20: =IF(SUM(H16:H19)=0,0,IF(AND((SUM(H16:H19)/H12)>0.4,H169=0),0.4,(SUM(H16:H19)/H12))) -> 0 | I20: =IF(SUM(I16:I19)=0,0,IF(AND((SUM(I16:I19)/I12)>0.4,I169=0),0.4,(SUM(I16:I19)/I12))) -> 0 | J20: =IF(SUM(J16:J19)=0,0,IF(AND((SUM(J16:J19)/J12)>0.4,J169=0),0.4,(SUM(J16:J19)/J12))) -> 0 | K20: =IF(SUM(K16:K19)=0,0,IF(AND((SUM(K16:K19)/K12)>0.4,K169=0),0.4,(SUM(K16:K19)/K12))) -> 0 | L20: =IF(SUM(L16:L19)=0,0,IF(AND((SUM(L16:L19)/L12)>0.4,L169=0),0.4,(SUM(L16:L19)/L12))) -> 0 | M20: =IF(SUM(M16:M19)=0,0,IF(AND((SUM(M16:M19)/M12)>0.4,M169=0),0.4,(SUM(M16:M19)/M12))) -> 0 | N20: =IF(SUM(N16:N19)=0,0,IF(AND((SUM(N16:N19)/N12)>0.4,N169=0),0.4,(SUM(N16:N19)/N12))) -> 0 | ... CC20: =IF(SUM(CC16:CC19)=0,0,IF(AND((SUM(CC16:CC19)/CC12)>0.4,CC169=0),0.4,(SUM(CC16:CC19)/CC12))) -> 0
B21: B | C21: B Series: Design Build | G21: =+SUM(H21:CC21) -> 279000000 | H21: =+H199 -> 0 | I21: =+I199 -> 0 | J21: =+J199 -> 243055.56 | K21: =+K199 -> 243055.56 | L21: =+L199 -> 243055.56 | M21: =+M199 -> 243055.56 | N21: =+N199 -> 243055.56 | O21: =+O199 -> 243055.56 | ... CC21: =+CC199 -> 31368055 | CD21: =G21=G199 -> TRUE
C22: Fixed Items | G22: =+SUM(H22:CC22) -> 9500000 | H22: =+H21-H23 -> 0 | I22: =+I21-I23 -> 0 | J22: =+J21-J23 -> 131944.46 | K22: =+K21-K23 -> 131944.46 | L22: =+L21-L23 -> 131944.46 | M22: =+M21-M23 -> 131944.46 | N22: =+N21-N23 -> 131944.46 | O22: =+O21-O23 -> 131944.46 | ... CC22: =+CC21-CC23 -> 131943.34
C23: Provisional Sums | G23: =+SUM(H23:CC23) -> 269500000 | H23: =+H412 -> 0 | I23: =+I412 -> 0 | J23: =+J412 -> 111111.1 | K23: =+K412 -> 111111.1 | L23: =+L412 -> 111111.1 | M23: =+M412 -> 111111.1 | N23: =+N412 -> 111111.1 | O23: =+O412 -> 111111.1 | ... CC23: =+CC412 -> 31236112
B24: D | C24: D Series: Contract Participation, etc | G24: =+SUM(H24:CC24) -> 39214000 | H24: =+H454 -> 0 | I24: =+I454 -> 0 | J24: =+J454 -> 0 | K24: =+K454 -> 0 | L24: =+L454 -> 0 | M24: =+M454 -> 0 | N24: =+N454 -> 0 | O24: =+O454 -> 0 | ... CC24: =+CC454 -> 6535666.5 | CD24: =G24=G454 -> TRUE
C25: Fixed Items | G25: =+SUM(H25:CC25) -> 0 | H25: =H24-H26 -> 0 | I25: =I24-I26 -> 0 | J25: =J24-J26 -> 0 | K25: =K24-K26 -> 0 | L25: =L24-L26 -> 0 | M25: =M24-M26 -> 0 | N25: =N24-N26 -> 0 | O25: =O24-O26 -> 0 | ... CC25: =CC24-CC26 -> 0
C26: Provisional Sums | G26: =+SUM(H26:CC26) -> 39214000 | H26: =SUM(H455,H457,H458,H471:H472,H478:H481,H483,H485,H487:H488) -> 0 | I26: =SUM(I455,I457,I458,I471:I472,I478:I481,I483,I485,I487:I488) -> 0 | J26: =SUM(J455,J457,J458,J471:J472,J478:J481,J483,J485,J487:J488) -> 0 | K26: =SUM(K455,K457,K458,K471:K472,K478:K481,K483,K485,K487:K488) -> 0 | L26: =SUM(L455,L457,L458,L471:L472,L478:L481,L483,L485,L487:L488) -> 0 | M26: =SUM(M455,M457,M458,M471:M472,M478:M481,M483,M485,M487:M488) -> 0 | N26: =SUM(N455,N457,N458,N471:N472,N478:N481,N483,N485,N487:N488) -> 0 | O26: =SUM(O455,O457,O458,O471:O472,O478:O481,O483,O485,O487:O488) -> 0 | ... CC26: =SUM(CC455,CC457,CC458,CC471:CC472,CC478:CC481,CC483,CC485,CC487:CC488) -> 6535666.5
B28: A Series | C28: Operation Service | G28: =+SUM(G29,G55,G93,G103,G116,G148,G152,G164,G167,G169) -> 3.4645e+08 | H28: =+SUM(H29,H55,H93,H103,H116,H148,H152,H164,H167,H169) -> 0 | I28: =+SUM(I29,I55,I93,I103,I116,I148,I152,I164,I167,I169) -> 0 | J28: =+SUM(J29,J55,J93,J103,J116,J148,J152,J164,J167,J169) -> 557638.88 | K28: =+SUM(K29,K55,K93,K103,K116,K148,K152,K164,K167,K169) -> 557638.88 | L28: =+SUM(L29,L55,L93,L103,L116,L148,L152,L164,L167,L169) -> 557638.88 | M28: =+SUM(M29,M55,M93,M103,M116,M148,M152,M164,M167,M169) -> 557638.88 | N28: =+SUM(N29,N55,N93,N103,N116,N148,N152,N164,N167,N169) -> 557638.88 | ... CC28: =+SUM(CC29,CC55,CC93,CC103,CC116,CC148,CC152,CC164,CC167,CC169) -> 48607640
B29: A-1000 | C29: General Contractors Obligations | G29: =SUM(G30:G54) -> 0 | H29: =SUM(H30:H54) -> 0 | I29: =SUM(I30:I54) -> 0 | J29: =SUM(J30:J54) -> 0 | K29: =SUM(K30:K54) -> 0 | L29: =SUM(L30:L54) -> 0 | M29: =SUM(M30:M54) -> 0 | N29: =SUM(N30:N54) -> 0 | ... CC29: =SUM(CC30:CC54) -> 0
B30: A-1001 | C30: Contractors General Obligations for the duration of the Operations Service Period | F30: =(Kranskop!G30+Nyl!G30+Capricorn!G30+Baobab!G30)=G30 -> TRUE | G30: =+SUM(H30:CC30) -> 0 | H30: =SUM(Kranskop:Baobab!H30) -> 0 | I30: =SUM(Kranskop:Baobab!I30) -> 0 | J30: =SUM(Kranskop:Baobab!J30) -> 0 | K30: =SUM(Kranskop:Baobab!K30) -> 0 | L30: =SUM(Kranskop:Baobab!L30) -> 0 | M30: =SUM(Kranskop:Baobab!M30) -> 0 | N30: =SUM(Kranskop:Baobab!N30) -> 0 | O30: =SUM(Kranskop:Baobab!O30) -> 0 | ... CC30: =SUM(Kranskop:Baobab!CC30) -> 0
B31: A-1001a | C31: Contractors General Obligations for the duration of the Operations Service Period – Establishment Period | D31: Week | E31: =SUM(Kranskop:Baobab!E31) -> 24 | F31: =(Kranskop!G31+Nyl!G31+Capricorn!G31+Baobab!G31)=G31 -> TRUE | G31: =+SUM(H31:CC31) -> 0 | H31: =SUM(Kranskop:Baobab!H31) -> 0 | I31: =SUM(Kranskop:Baobab!I31) -> 0 | J31: =SUM(Kranskop:Baobab!J31) -> 0 | K31: =SUM(Kranskop:Baobab!K31) -> 0 | L31: =SUM(Kranskop:Baobab!L31) -> 0 | M31: =SUM(Kranskop:Baobab!M31) -> 0 | N31: =SUM(Kranskop:Baobab!N31) -> 0 | O31: =SUM(Kranskop:Baobab!O31) -> 0 | ... CC31: =SUM(Kranskop:Baobab!CC31) -> 0
B32: A-1001b | C32: Contractor’s General Obligations during Operations Period - Section 1 (Using the Toll System handed over) | D32: Month | E32: =SUM(Kranskop:Baobab!E32) -> 192 | F32: =(Kranskop!G32+Nyl!G32+Capricorn!G32+Baobab!G32)=G32 -> TRUE | G32: =+SUM(H32:CC32) -> 0 | H32: =SUM(Kranskop:Baobab!H32) -> 0 | I32: =SUM(Kranskop:Baobab!I32) -> 0 | J32: =SUM(Kranskop:Baobab!J32) -> 0 | K32: =SUM(Kranskop:Baobab!K32) -> 0 | L32: =SUM(Kranskop:Baobab!L32) -> 0 | M32: =SUM(Kranskop:Baobab!M32) -> 0 | N32: =SUM(Kranskop:Baobab!N32) -> 0 | O32: =SUM(Kranskop:Baobab!O32) -> 0 | ... CC32: =SUM(Kranskop:Baobab!CC32) -> 0
B33: A-1001c | C33: Contractor’s General Obligations during Operations Period - Section 2 & 3 (Using the upgraded Toll System) | D33: Month | E33: =SUM(Kranskop:Baobab!E33) -> 48 | F33: =(Kranskop!G33+Nyl!G33+Capricorn!G33+Baobab!G33)=G33 -> TRUE | G33: =+SUM(H33:CC33) -> 0 | H33: =SUM(Kranskop:Baobab!H33) -> 0 | I33: =SUM(Kranskop:Baobab!I33) -> 0 | J33: =SUM(Kranskop:Baobab!J33) -> 0 | K33: =SUM(Kranskop:Baobab!K33) -> 0 | L33: =SUM(Kranskop:Baobab!L33) -> 0 | M33: =SUM(Kranskop:Baobab!M33) -> 0 | N33: =SUM(Kranskop:Baobab!N33) -> 0 | O33: =SUM(Kranskop:Baobab!O33) -> 0 | ... CC33: =SUM(Kranskop:Baobab!CC33) -> 0
B34: A-1001d | C34: Contractor’s General Obligations during Operations Period - Section 4 (Using the SANRAL MIS) | D34: Month | E34: =SUM(Kranskop:Baobab!E34) -> 24 | F34: =(Kranskop!G34+Nyl!G34+Capricorn!G34+Baobab!G34)=G34 -> TRUE | G34: =+SUM(H34:CC34) -> 0 | H34: =SUM(Kranskop:Baobab!H34) -> 0 | I34: =SUM(Kranskop:Baobab!I34) -> 0 | J34: =SUM(Kranskop:Baobab!J34) -> 0 | K34: =SUM(Kranskop:Baobab!K34) -> 0 | L34: =SUM(Kranskop:Baobab!L34) -> 0 | M34: =SUM(Kranskop:Baobab!M34) -> 0 | N34: =SUM(Kranskop:Baobab!N34) -> 0 | O34: =SUM(Kranskop:Baobab!O34) -> 0 | ... CC34: =SUM(Kranskop:Baobab!CC34) -> 0
B35: A-1001e | C35: Contractor’s General Obligations during Operations Period - Section 5 (Using the national SANRAL Toll System) | D35: Month | E35: =SUM(Kranskop:Baobab!E35) -> 24 | F35: =(Kranskop!G35+Nyl!G35+Capricorn!G35+Baobab!G35)=G35 -> TRUE | G35: =+SUM(H35:CC35) -> 0 | H35: =SUM(Kranskop:Baobab!H35) -> 0 | I35: =SUM(Kranskop:Baobab!I35) -> 0 | J35: =SUM(Kranskop:Baobab!J35) -> 0 | K35: =SUM(Kranskop:Baobab!K35) -> 0 | L35: =SUM(Kranskop:Baobab!L35) -> 0 | M35: =SUM(Kranskop:Baobab!M35) -> 0 | N35: =SUM(Kranskop:Baobab!N35) -> 0 | O35: =SUM(Kranskop:Baobab!O35) -> 0 | ... CC35: =SUM(Kranskop:Baobab!CC35) -> 0
B36: A-1002 | C36: Provision of Performance Security | D36: Year | E36: =SUM(Kranskop:Baobab!E36) -> 24 | F36: =(Kranskop!G36+Nyl!G36+Capricorn!G36+Baobab!G36)=G36 -> TRUE | G36: =+SUM(H36:CC36) -> 0 | H36: =SUM(Kranskop:Baobab!H36) -> 0 | I36: =SUM(Kranskop:Baobab!I36) -> 0 | J36: =SUM(Kranskop:Baobab!J36) -> 0 | K36: =SUM(Kranskop:Baobab!K36) -> 0 | L36: =SUM(Kranskop:Baobab!L36) -> 0 | M36: =SUM(Kranskop:Baobab!M36) -> 0 | N36: =SUM(Kranskop:Baobab!N36) -> 0 | O36: =SUM(Kranskop:Baobab!O36) -> 0 | ... CC36: =SUM(Kranskop:Baobab!CC36) -> 0
B37: A-1003 | C37: Compliance with Laws | D37: Month | E37: =SUM(Kranskop:Baobab!E37) -> 288 | F37: =(Kranskop!G37+Nyl!G37+Capricorn!G37+Baobab!G37)=G37 -> TRUE | G37: =+SUM(H37:CC37) -> 0 | H37: =SUM(Kranskop:Baobab!H37) -> 0 | I37: =SUM(Kranskop:Baobab!I37) -> 0 | J37: =SUM(Kranskop:Baobab!J37) -> 0 | K37: =SUM(Kranskop:Baobab!K37) -> 0 | L37: =SUM(Kranskop:Baobab!L37) -> 0 | M37: =SUM(Kranskop:Baobab!M37) -> 0 | N37: =SUM(Kranskop:Baobab!N37) -> 0 | O37: =SUM(Kranskop:Baobab!O37) -> 0 | ... CC37: =SUM(Kranskop:Baobab!CC37) -> 0
B38: A-1004 | C38: Compliance with Health and Safety Requirements | D38: Month | E38: =SUM(Kranskop:Baobab!E38) -> 288 | F38: =(Kranskop!G38+Nyl!G38+Capricorn!G38+Baobab!G38)=G38 -> TRUE | G38: =+SUM(H38:CC38) -> 0 | H38: =SUM(Kranskop:Baobab!H38) -> 0 | I38: =SUM(Kranskop:Baobab!I38) -> 0 | J38: =SUM(Kranskop:Baobab!J38) -> 0 | K38: =SUM(Kranskop:Baobab!K38) -> 0 | L38: =SUM(Kranskop:Baobab!L38) -> 0 | M38: =SUM(Kranskop:Baobab!M38) -> 0 | N38: =SUM(Kranskop:Baobab!N38) -> 0 | O38: =SUM(Kranskop:Baobab!O38) -> 0 | ... CC38: =SUM(Kranskop:Baobab!CC38) -> 0
B39: A-1005 | C39: Compliance with Environmental Requirements | D39: Month | E39: =SUM(Kranskop:Baobab!E39) -> 288 | F39: =(Kranskop!G39+Nyl!G39+Capricorn!G39+Baobab!G39)=G39 -> TRUE | G39: =+SUM(H39:CC39) -> 0 | H39: =SUM(Kranskop:Baobab!H39) -> 0 | I39: =SUM(Kranskop:Baobab!I39) -> 0 | J39: =SUM(Kranskop:Baobab!J39) -> 0 | K39: =SUM(Kranskop:Baobab!K39) -> 0 | L39: =SUM(Kranskop:Baobab!L39) -> 0 | M39: =SUM(Kranskop:Baobab!M39) -> 0 | N39: =SUM(Kranskop:Baobab!N39) -> 0 | O39: =SUM(Kranskop:Baobab!O39) -> 0 | ... CC39: =SUM(Kranskop:Baobab!CC39) -> 0
B40: A-1006 | C40: Compliance with Social Responsibility Requirements | D40: Month | E40: =SUM(Kranskop:Baobab!E40) -> 288 | F40: =(Kranskop!G40+Nyl!G40+Capricorn!G40+Baobab!G40)=G40 -> TRUE | G40: =+SUM(H40:CC40) -> 0 | H40: =SUM(Kranskop:Baobab!H40) -> 0 | I40: =SUM(Kranskop:Baobab!I40) -> 0 | J40: =SUM(Kranskop:Baobab!J40) -> 0 | K40: =SUM(Kranskop:Baobab!K40) -> 0 | L40: =SUM(Kranskop:Baobab!L40) -> 0 | M40: =SUM(Kranskop:Baobab!M40) -> 0 | N40: =SUM(Kranskop:Baobab!N40) -> 0 | O40: =SUM(Kranskop:Baobab!O40) -> 0 | ... CC40: =SUM(Kranskop:Baobab!CC40) -> 0
B41: A-1007 | C41: Provision and Maintenance of Adequate Insurance | D41: Month | E41: =SUM(Kranskop:Baobab!E41) -> 288 | F41: =(Kranskop!G41+Nyl!G41+Capricorn!G41+Baobab!G41)=G41 -> TRUE | G41: =+SUM(H41:CC41) -> 0 | H41: =SUM(Kranskop:Baobab!H41) -> 0 | I41: =SUM(Kranskop:Baobab!I41) -> 0 | J41: =SUM(Kranskop:Baobab!J41) -> 0 | K41: =SUM(Kranskop:Baobab!K41) -> 0 | L41: =SUM(Kranskop:Baobab!L41) -> 0 | M41: =SUM(Kranskop:Baobab!M41) -> 0 | N41: =SUM(Kranskop:Baobab!N41) -> 0 | O41: =SUM(Kranskop:Baobab!O41) -> 0 | ... CC41: =SUM(Kranskop:Baobab!CC41) -> 0
B42: A-1008 | C42: Provision and Maintenance of Contractor's Equipment | D42: Month | E42: =SUM(Kranskop:Baobab!E42) -> 288 | F42: =(Kranskop!G42+Nyl!G42+Capricorn!G42+Baobab!G42)=G42 -> TRUE | G42: =+SUM(H42:CC42) -> 0 | H42: =SUM(Kranskop:Baobab!H42) -> 0 | I42: =SUM(Kranskop:Baobab!I42) -> 0 | J42: =SUM(Kranskop:Baobab!J42) -> 0 | K42: =SUM(Kranskop:Baobab!K42) -> 0 | L42: =SUM(Kranskop:Baobab!L42) -> 0 | M42: =SUM(Kranskop:Baobab!M42) -> 0 | N42: =SUM(Kranskop:Baobab!N42) -> 0 | O42: =SUM(Kranskop:Baobab!O42) -> 0 | ... CC42: =SUM(Kranskop:Baobab!CC42) -> 0
... B49: A-1015 | C49: Liaison with Service Providers | D49: Month | E49: =SUM(Kranskop:Baobab!E49) -> 288 | F49: =(Kranskop!G49+Nyl!G49+Capricorn!G49+Baobab!G49)=G49 -> TRUE | G49: =+SUM(H49:CC49) -> 0 | H49: =SUM(Kranskop:Baobab!H49) -> 0 | I49: =SUM(Kranskop:Baobab!I49) -> 0 | J49: =SUM(Kranskop:Baobab!J49) -> 0 | K49: =SUM(Kranskop:Baobab!K49) -> 0 | L49: =SUM(Kranskop:Baobab!L49) -> 0 | M49: =SUM(Kranskop:Baobab!M49) -> 0 | N49: =SUM(Kranskop:Baobab!N49) -> 0 | O49: =SUM(Kranskop:Baobab!O49) -> 0 | ... CC49: =SUM(Kranskop:Baobab!CC49) -> 0
B50: A-1016 | C50: Mentoring Targeted Enterprise (New Entrant-Developing Operator) | F50: =(Kranskop!G50+Nyl!G50+Capricorn!G50+Baobab!G50)=G50 -> TRUE | G50: =+SUM(H50:CC50) -> 0 | H50: =SUM(Kranskop:Baobab!H50) -> 0 | I50: =SUM(Kranskop:Baobab!I50) -> 0 | J50: =SUM(Kranskop:Baobab!J50) -> 0 | K50: =SUM(Kranskop:Baobab!K50) -> 0 | L50: =SUM(Kranskop:Baobab!L50) -> 0 | M50: =SUM(Kranskop:Baobab!M50) -> 0 | N50: =SUM(Kranskop:Baobab!N50) -> 0 | O50: =SUM(Kranskop:Baobab!O50) -> 0 | ... CC50: =SUM(Kranskop:Baobab!CC50) -> 0
B51: A-1016a | C51: Identify and train Targeted Enterprise (New Entrant-Developing Operator) | D51: Month | E51: =SUM(Kranskop:Baobab!E51) -> 48 | F51: =(Kranskop!G51+Nyl!G51+Capricorn!G51+Baobab!G51)=G51 -> TRUE | G51: =+SUM(H51:CC51) -> 0 | H51: =SUM(Kranskop:Baobab!H51) -> 0 | I51: =SUM(Kranskop:Baobab!I51) -> 0 | J51: =SUM(Kranskop:Baobab!J51) -> 0 | K51: =SUM(Kranskop:Baobab!K51) -> 0 | L51: =SUM(Kranskop:Baobab!L51) -> 0 | M51: =SUM(Kranskop:Baobab!M51) -> 0 | N51: =SUM(Kranskop:Baobab!N51) -> 0 | O51: =SUM(Kranskop:Baobab!O51) -> 0 | ... CC51: =SUM(Kranskop:Baobab!CC51) -> 0
B52: A-1016b | C52: Oversee of Targeted Enterprise (New Entrant-Developing Operator) management of Toll Plaza | D52: Month | E52: =SUM(Kranskop:Baobab!E52) -> 240 | F52: =(Kranskop!G52+Nyl!G52+Capricorn!G52+Baobab!G52)=G52 -> TRUE | G52: =+SUM(H52:CC52) -> 0 | H52: =SUM(Kranskop:Baobab!H52) -> 0 | I52: =SUM(Kranskop:Baobab!I52) -> 0 | J52: =SUM(Kranskop:Baobab!J52) -> 0 | K52: =SUM(Kranskop:Baobab!K52) -> 0 | L52: =SUM(Kranskop:Baobab!L52) -> 0 | M52: =SUM(Kranskop:Baobab!M52) -> 0 | N52: =SUM(Kranskop:Baobab!N52) -> 0 | O52: =SUM(Kranskop:Baobab!O52) -> 0 | ... CC52: =SUM(Kranskop:Baobab!CC52) -> 0
B53: A-1017 | C53: Extra over costs for the supervision of the Nominated Subcontractor | D53: Month | E53: =SUM(Kranskop:Baobab!E53) -> 288 | F53: =(Kranskop!G53+Nyl!G53+Capricorn!G53+Baobab!G53)=G53 -> TRUE | G53: =+SUM(H53:CC53) -> 0 | H53: =SUM(Kranskop:Baobab!H53) -> 0 | I53: =SUM(Kranskop:Baobab!I53) -> 0 | J53: =SUM(Kranskop:Baobab!J53) -> 0 | K53: =SUM(Kranskop:Baobab!K53) -> 0 | L53: =SUM(Kranskop:Baobab!L53) -> 0 | M53: =SUM(Kranskop:Baobab!M53) -> 0 | N53: =SUM(Kranskop:Baobab!N53) -> 0 | O53: =SUM(Kranskop:Baobab!O53) -> 0 | ... CC53: =SUM(Kranskop:Baobab!CC53) -> 0
B54: A-1018 | C54: Extra over costs for the supervision of the Incumbent System Integrator | D54: Month | E54: =SUM(Kranskop:Baobab!E54) -> 72 | F54: =(Kranskop!G54+Nyl!G54+Capricorn!G54+Baobab!G54)=G54 -> TRUE | G54: =+SUM(H54:CC54) -> 0 | H54: =SUM(Kranskop:Baobab!H54) -> 0 | I54: =SUM(Kranskop:Baobab!I54) -> 0 | J54: =SUM(Kranskop:Baobab!J54) -> 0 | K54: =SUM(Kranskop:Baobab!K54) -> 0 | L54: =SUM(Kranskop:Baobab!L54) -> 0 | M54: =SUM(Kranskop:Baobab!M54) -> 0 | N54: =SUM(Kranskop:Baobab!N54) -> 0 | O54: =SUM(Kranskop:Baobab!O54) -> 0 | ... CC54: =SUM(Kranskop:Baobab!CC54) -> 0
B55: A-2000 | C55: Provisioning of Staff and Labour | G55: =SUM(G56:G92) -> 0 | H55: =SUM(H56:H92) -> 0 | I55: =SUM(I56:I92) -> 0 | J55: =SUM(J56:J92) -> 0 | K55: =SUM(K56:K92) -> 0 | L55: =SUM(L56:L92) -> 0 | M55: =SUM(M56:M92) -> 0 | N55: =SUM(N56:N92) -> 0 | ... CC55: =SUM(CC56:CC92) -> 0
B56: A-2001 | C56: Toll Collectors | D56: Month | E56: =SUM(Kranskop:Baobab!E56) -> 288 | F56: =(Kranskop!G56+Nyl!G56+Capricorn!G56+Baobab!G56)=G56 -> TRUE | G56: =+SUM(H56:CC56) -> 0 | H56: =SUM(Kranskop:Baobab!H56) -> 0 | I56: =SUM(Kranskop:Baobab!I56) -> 0 | J56: =SUM(Kranskop:Baobab!J56) -> 0 | K56: =SUM(Kranskop:Baobab!K56) -> 0 | L56: =SUM(Kranskop:Baobab!L56) -> 0 | M56: =SUM(Kranskop:Baobab!M56) -> 0 | N56: =SUM(Kranskop:Baobab!N56) -> 0 | O56: =SUM(Kranskop:Baobab!O56) -> 0 | ... CC56: =SUM(Kranskop:Baobab!CC56) -> 0
B57: A-2002 | C57: Senior Toll Collectors | D57: Month | E57: =SUM(Kranskop:Baobab!E57) -> 288 | F57: =(Kranskop!G57+Nyl!G57+Capricorn!G57+Baobab!G57)=G57 -> TRUE | G57: =+SUM(H57:CC57) -> 0 | H57: =SUM(Kranskop:Baobab!H57) -> 0 | I57: =SUM(Kranskop:Baobab!I57) -> 0 | J57: =SUM(Kranskop:Baobab!J57) -> 0 | K57: =SUM(Kranskop:Baobab!K57) -> 0 | L57: =SUM(Kranskop:Baobab!L57) -> 0 | M57: =SUM(Kranskop:Baobab!M57) -> 0 | N57: =SUM(Kranskop:Baobab!N57) -> 0 | O57: =SUM(Kranskop:Baobab!O57) -> 0 | ... CC57: =SUM(Kranskop:Baobab!CC57) -> 0
B58: A-2003 | C58: Seasonal Toll Collectors | D58: Month | E58: =SUM(Kranskop:Baobab!E58) -> 288 | F58: =(Kranskop!G58+Nyl!G58+Capricorn!G58+Baobab!G58)=G58 -> TRUE | G58: =+SUM(H58:CC58) -> 0 | H58: =SUM(Kranskop:Baobab!H58) -> 0 | I58: =SUM(Kranskop:Baobab!I58) -> 0 | J58: =SUM(Kranskop:Baobab!J58) -> 0 | K58: =SUM(Kranskop:Baobab!K58) -> 0 | L58: =SUM(Kranskop:Baobab!L58) -> 0 | M58: =SUM(Kranskop:Baobab!M58) -> 0 | N58: =SUM(Kranskop:Baobab!N58) -> 0 | O58: =SUM(Kranskop:Baobab!O58) -> 0 | ... CC58: =SUM(Kranskop:Baobab!CC58) -> 0
B59: A-2004 | C59: Shift Supervisors | D59: Month | E59: =SUM(Kranskop:Baobab!E59) -> 288 | F59: =(Kranskop!G59+Nyl!G59+Capricorn!G59+Baobab!G59)=G59 -> TRUE | G59: =+SUM(H59:CC59) -> 0 | H59: =SUM(Kranskop:Baobab!H59) -> 0 | I59: =SUM(Kranskop:Baobab!I59) -> 0 | J59: =SUM(Kranskop:Baobab!J59) -> 0 | K59: =SUM(Kranskop:Baobab!K59) -> 0 | L59: =SUM(Kranskop:Baobab!L59) -> 0 | M59: =SUM(Kranskop:Baobab!M59) -> 0 | N59: =SUM(Kranskop:Baobab!N59) -> 0 | O59: =SUM(Kranskop:Baobab!O59) -> 0 | ... CC59: =SUM(Kranskop:Baobab!CC59) -> 0
B60: A-2005 | C60: Plaza Managers | D60: Month | E60: =SUM(Kranskop:Baobab!E60) -> 288 | F60: =(Kranskop!G60+Nyl!G60+Capricorn!G60+Baobab!G60)=G60 -> TRUE | G60: =+SUM(H60:CC60) -> 0 | H60: =SUM(Kranskop:Baobab!H60) -> 0 | I60: =SUM(Kranskop:Baobab!I60) -> 0 | J60: =SUM(Kranskop:Baobab!J60) -> 0 | K60: =SUM(Kranskop:Baobab!K60) -> 0 | L60: =SUM(Kranskop:Baobab!L60) -> 0 | M60: =SUM(Kranskop:Baobab!M60) -> 0 | N60: =SUM(Kranskop:Baobab!N60) -> 0 | O60: =SUM(Kranskop:Baobab!O60) -> 0 | ... CC60: =SUM(Kranskop:Baobab!CC60) -> 0
B61: A-2006 | C61: Administrative Personnel | D61: Month | E61: =SUM(Kranskop:Baobab!E61) -> 288 | F61: =(Kranskop!G61+Nyl!G61+Capricorn!G61+Baobab!G61)=G61 -> TRUE | G61: =+SUM(H61:CC61) -> 0 | H61: =SUM(Kranskop:Baobab!H61) -> 0 | I61: =SUM(Kranskop:Baobab!I61) -> 0 | J61: =SUM(Kranskop:Baobab!J61) -> 0 | K61: =SUM(Kranskop:Baobab!K61) -> 0 | L61: =SUM(Kranskop:Baobab!L61) -> 0 | M61: =SUM(Kranskop:Baobab!M61) -> 0 | N61: =SUM(Kranskop:Baobab!N61) -> 0 | O61: =SUM(Kranskop:Baobab!O61) -> 0 | ... CC61: =SUM(Kranskop:Baobab!CC61) -> 0
B62: A-2007 | C62: Lane, Garden and Plaza Attendants | D62: Month | E62: =SUM(Kranskop:Baobab!E62) -> 288 | F62: =(Kranskop!G62+Nyl!G62+Capricorn!G62+Baobab!G62)=G62 -> TRUE | G62: =+SUM(H62:CC62) -> 0 | H62: =SUM(Kranskop:Baobab!H62) -> 0 | I62: =SUM(Kranskop:Baobab!I62) -> 0 | J62: =SUM(Kranskop:Baobab!J62) -> 0 | K62: =SUM(Kranskop:Baobab!K62) -> 0 | L62: =SUM(Kranskop:Baobab!L62) -> 0 | M62: =SUM(Kranskop:Baobab!M62) -> 0 | N62: =SUM(Kranskop:Baobab!N62) -> 0 | O62: =SUM(Kranskop:Baobab!O62) -> 0 | ... CC62: =SUM(Kranskop:Baobab!CC62) -> 0
B63: A-2008 | C63: Technical Staff | D63: Month | E63: =SUM(Kranskop:Baobab!E63) -> 288 | F63: =(Kranskop!G63+Nyl!G63+Capricorn!G63+Baobab!G63)=G63 -> TRUE | G63: =+SUM(H63:CC63) -> 0 | H63: =SUM(Kranskop:Baobab!H63) -> 0 | I63: =SUM(Kranskop:Baobab!I63) -> 0 | J63: =SUM(Kranskop:Baobab!J63) -> 0 | K63: =SUM(Kranskop:Baobab!K63) -> 0 | L63: =SUM(Kranskop:Baobab!L63) -> 0 | M63: =SUM(Kranskop:Baobab!M63) -> 0 | N63: =SUM(Kranskop:Baobab!N63) -> 0 | O63: =SUM(Kranskop:Baobab!O63) -> 0 | ... CC63: =SUM(Kranskop:Baobab!CC63) -> 0
B64: A-2009 | C64: Transport of Personnel | D64: Month | E64: =SUM(Kranskop:Baobab!E64) -> 288 | F64: =(Kranskop!G64+Nyl!G64+Capricorn!G64+Baobab!G64)=G64 -> TRUE | G64: =+SUM(H64:CC64) -> 0 | H64: =SUM(Kranskop:Baobab!H64) -> 0 | I64: =SUM(Kranskop:Baobab!I64) -> 0 | J64: =SUM(Kranskop:Baobab!J64) -> 0 | K64: =SUM(Kranskop:Baobab!K64) -> 0 | L64: =SUM(Kranskop:Baobab!L64) -> 0 | M64: =SUM(Kranskop:Baobab!M64) -> 0 | N64: =SUM(Kranskop:Baobab!N64) -> 0 | O64: =SUM(Kranskop:Baobab!O64) -> 0 | ... CC64: =SUM(Kranskop:Baobab!CC64) -> 0
B65: A-2010 | C65: Additional Toll Collectors due to Lane Expansion/ Reversible Lane Creation (if triggered) | D65: Month | E65: =SUM(Kranskop:Baobab!E65) -> 288 | F65: =(Kranskop!G65+Nyl!G65+Capricorn!G65+Baobab!G65)=G65 -> TRUE | G65: =+SUM(H65:CC65) -> 0 | H65: =SUM(Kranskop:Baobab!H65) -> 0 | I65: =SUM(Kranskop:Baobab!I65) -> 0 | J65: =SUM(Kranskop:Baobab!J65) -> 0 | K65: =SUM(Kranskop:Baobab!K65) -> 0 | L65: =SUM(Kranskop:Baobab!L65) -> 0 | M65: =SUM(Kranskop:Baobab!M65) -> 0 | N65: =SUM(Kranskop:Baobab!N65) -> 0 | O65: =SUM(Kranskop:Baobab!O65) -> 0 | ... CC65: =SUM(Kranskop:Baobab!CC65) -> 0
B66: A-2011 | C66: Extra Over or Saving of Operation Cost if Dedicated ETC / Card lanes are implemented | F66: =(Kranskop!G66+Nyl!G66+Capricorn!G66+Baobab!G66)=G66 -> TRUE
B67: A-2011a | C67: Extra over or saving of Operational costs if additional Dedicated ETC lanes are implemented (1 lane/direction) (If triggered) | D67: Month | E67: =SUM(Kranskop:Baobab!E67) -> 96 | F67: =(Kranskop!G67+Nyl!G67+Capricorn!G67+Baobab!G67)=G67 -> TRUE | G67: =+SUM(H67:CC67) -> 0 | H67: =SUM(Kranskop:Baobab!H67) -> 0 | I67: =SUM(Kranskop:Baobab!I67) -> 0 | J67: =SUM(Kranskop:Baobab!J67) -> 0 | K67: =SUM(Kranskop:Baobab!K67) -> 0 | L67: =SUM(Kranskop:Baobab!L67) -> 0 | M67: =SUM(Kranskop:Baobab!M67) -> 0 | N67: =SUM(Kranskop:Baobab!N67) -> 0 | O67: =SUM(Kranskop:Baobab!O67) -> 0 | ... CC67: =SUM(Kranskop:Baobab!CC67) -> 0
B68: A-2011b | C68: Extra over or saving of Operational Costs if additional Dedicated ETC lanes are implemented (2 lanes/direction) (if triggered) | D68: Month | E68: =SUM(Kranskop:Baobab!E68) -> 0 | F68: =(Kranskop!G68+Nyl!G68+Capricorn!G68+Baobab!G68)=G68 -> TRUE | G68: =+SUM(H68:CC68) -> 0 | H68: =SUM(Kranskop:Baobab!H68) -> 0 | I68: =SUM(Kranskop:Baobab!I68) -> 0 | J68: =SUM(Kranskop:Baobab!J68) -> 0 | K68: =SUM(Kranskop:Baobab!K68) -> 0 | L68: =SUM(Kranskop:Baobab!L68) -> 0 | M68: =SUM(Kranskop:Baobab!M68) -> 0 | N68: =SUM(Kranskop:Baobab!N68) -> 0 | O68: =SUM(Kranskop:Baobab!O68) -> 0 | ... CC68: =SUM(Kranskop:Baobab!CC68) -> 0
B69: A-2011c | C69: Extra over or saving of Operational costs if additional Dedicated ETC lanes are implemented (3 lanes/direction) (If triggered) | D69: Month | E69: =SUM(Kranskop:Baobab!E69) -> 0 | F69: =(Kranskop!G69+Nyl!G69+Capricorn!G69+Baobab!G69)=G69 -> TRUE | G69: =+SUM(H69:CC69) -> 0 | H69: =SUM(Kranskop:Baobab!H69) -> 0 | I69: =SUM(Kranskop:Baobab!I69) -> 0 | J69: =SUM(Kranskop:Baobab!J69) -> 0 | K69: =SUM(Kranskop:Baobab!K69) -> 0 | L69: =SUM(Kranskop:Baobab!L69) -> 0 | M69: =SUM(Kranskop:Baobab!M69) -> 0 | N69: =SUM(Kranskop:Baobab!N69) -> 0 | O69: =SUM(Kranskop:Baobab!O69) -> 0 | ... CC69: =SUM(Kranskop:Baobab!CC69) -> 0
B70: A-2011d | C70: Extra over or Saving of Operational Costs if Dedicated Card lanes are implemented (1 lane/direction) | D70: Month | E70: =SUM(Kranskop:Baobab!E70) -> 0 | F70: =(Kranskop!G70+Nyl!G70+Capricorn!G70+Baobab!G70)=G70 -> TRUE | G70: =+SUM(H70:CC70) -> 0 | H70: =SUM(Kranskop:Baobab!H70) -> 0 | I70: =SUM(Kranskop:Baobab!I70) -> 0 | J70: =SUM(Kranskop:Baobab!J70) -> 0 | K70: =SUM(Kranskop:Baobab!K70) -> 0 | L70: =SUM(Kranskop:Baobab!L70) -> 0 | M70: =SUM(Kranskop:Baobab!M70) -> 0 | N70: =SUM(Kranskop:Baobab!N70) -> 0 | O70: =SUM(Kranskop:Baobab!O70) -> 0 | ... CC70: =SUM(Kranskop:Baobab!CC70) -> 0
B71: A-2012 | C71: Management of functional Customer Service, Including Account Registration, Tag Distribution, Account Top-Up as well as Revenue Management | D71: Month | E71: =SUM(Kranskop:Baobab!E71) -> 288 | F71: =(Kranskop!G71+Nyl!G71+Capricorn!G71+Baobab!G71)=G71 -> TRUE | G71: =+SUM(H71:CC71) -> 0 | H71: =SUM(Kranskop:Baobab!H71) -> 0 | I71: =SUM(Kranskop:Baobab!I71) -> 0 | J71: =SUM(Kranskop:Baobab!J71) -> 0 | K71: =SUM(Kranskop:Baobab!K71) -> 0 | L71: =SUM(Kranskop:Baobab!L71) -> 0 | M71: =SUM(Kranskop:Baobab!M71) -> 0 | N71: =SUM(Kranskop:Baobab!N71) -> 0 | O71: =SUM(Kranskop:Baobab!O71) -> 0 | ... CC71: =SUM(Kranskop:Baobab!CC71) -> 0
B72: A-2013 | C72: Customer Service Operations, including Account Registration, Tag Distribution, Account Top-up and Revenue Collection and Administration Services at Control Centres (if triggered) | F72: =(Kranskop!G72+Nyl!G72+Capricorn!G72+Baobab!G72)=G72 -> TRUE
B73: A-2013a | C73: Operations of 1 Customer Service Counter | D73: Month | E73: =SUM(Kranskop:Baobab!E73) -> 288 | F73: =(Kranskop!G73+Nyl!G73+Capricorn!G73+Baobab!G73)=G73 -> TRUE | G73: =+SUM(H73:CC73) -> 0 | H73: =SUM(Kranskop:Baobab!H73) -> 0 | I73: =SUM(Kranskop:Baobab!I73) -> 0 | J73: =SUM(Kranskop:Baobab!J73) -> 0 | K73: =SUM(Kranskop:Baobab!K73) -> 0 | L73: =SUM(Kranskop:Baobab!L73) -> 0 | M73: =SUM(Kranskop:Baobab!M73) -> 0 | N73: =SUM(Kranskop:Baobab!N73) -> 0 | O73: =SUM(Kranskop:Baobab!O73) -> 0 | ... CC73: =SUM(Kranskop:Baobab!CC73) -> 0
B74: A-2013b | C74: Extra Over for the Operation of an additional Customer Service Counter | D74: Month | E74: =SUM(Kranskop:Baobab!E74) -> 288 | F74: =(Kranskop!G74+Nyl!G74+Capricorn!G74+Baobab!G74)=G74 -> TRUE | G74: =+SUM(H74:CC74) -> 0 | H74: =SUM(Kranskop:Baobab!H74) -> 0 | I74: =SUM(Kranskop:Baobab!I74) -> 0 | J74: =SUM(Kranskop:Baobab!J74) -> 0 | K74: =SUM(Kranskop:Baobab!K74) -> 0 | L74: =SUM(Kranskop:Baobab!L74) -> 0 | M74: =SUM(Kranskop:Baobab!M74) -> 0 | N74: =SUM(Kranskop:Baobab!N74) -> 0 | O74: =SUM(Kranskop:Baobab!O74) -> 0 | ... CC74: =SUM(Kranskop:Baobab!CC74) -> 0
B75: A-2014 | C75: Operation of different work-station configurations at Customer Service (CS) Kiosks at locations remote from Control Centres, including for Account Registration, Tag Distribution, Account Top-up and Revenue Collection and Administration Services (if triggered) | F75: =(Kranskop!G75+Nyl!G75+Capricorn!G75+Baobab!G75)=G75 -> TRUE
B76: A-2014a | C76: Operation of 1 work station configuration (if triggered) | D76: Month | E76: =SUM(Kranskop:Baobab!E76) -> 288 | F76: =(Kranskop!G76+Nyl!G76+Capricorn!G76+Baobab!G76)=G76 -> TRUE | G76: =+SUM(H76:CC76) -> 0 | H76: =SUM(Kranskop:Baobab!H76) -> 0 | I76: =SUM(Kranskop:Baobab!I76) -> 0 | J76: =SUM(Kranskop:Baobab!J76) -> 0 | K76: =SUM(Kranskop:Baobab!K76) -> 0 | L76: =SUM(Kranskop:Baobab!L76) -> 0 | M76: =SUM(Kranskop:Baobab!M76) -> 0 | N76: =SUM(Kranskop:Baobab!N76) -> 0 | O76: =SUM(Kranskop:Baobab!O76) -> 0 | ... CC76: =SUM(Kranskop:Baobab!CC76) -> 0
B77: A-2014b | C77: Extra Over for operation of an additional work station (if triggered) | D77: Month | E77: =SUM(Kranskop:Baobab!E77) -> 288 | F77: =(Kranskop!G77+Nyl!G77+Capricorn!G77+Baobab!G77)=G77 -> TRUE | G77: =+SUM(H77:CC77) -> 0 | H77: =SUM(Kranskop:Baobab!H77) -> 0 | I77: =SUM(Kranskop:Baobab!I77) -> 0 | J77: =SUM(Kranskop:Baobab!J77) -> 0 | K77: =SUM(Kranskop:Baobab!K77) -> 0 | L77: =SUM(Kranskop:Baobab!L77) -> 0 | M77: =SUM(Kranskop:Baobab!M77) -> 0 | N77: =SUM(Kranskop:Baobab!N77) -> 0 | O77: =SUM(Kranskop:Baobab!O77) -> 0 | ... CC77: =SUM(Kranskop:Baobab!CC77) -> 0
B78: A-2014c | C78: Extra Over for operation 2 additional work stations (if triggered) | D78: Month | E78: =SUM(Kranskop:Baobab!E78) -> 288 | F78: =(Kranskop!G78+Nyl!G78+Capricorn!G78+Baobab!G78)=G78 -> TRUE | G78: =+SUM(H78:CC78) -> 0 | H78: =SUM(Kranskop:Baobab!H78) -> 0 | I78: =SUM(Kranskop:Baobab!I78) -> 0 | J78: =SUM(Kranskop:Baobab!J78) -> 0 | K78: =SUM(Kranskop:Baobab!K78) -> 0 | L78: =SUM(Kranskop:Baobab!L78) -> 0 | M78: =SUM(Kranskop:Baobab!M78) -> 0 | N78: =SUM(Kranskop:Baobab!N78) -> 0 | O78: =SUM(Kranskop:Baobab!O78) -> 0 | ... CC78: =SUM(Kranskop:Baobab!CC78) -> 0
B79: A-2014d | C79: Extra Over for operation 3 additional work stations (if triggered) | D79: Month | E79: =SUM(Kranskop:Baobab!E79) -> 288 | F79: =(Kranskop!G79+Nyl!G79+Capricorn!G79+Baobab!G79)=G79 -> TRUE | G79: =+SUM(H79:CC79) -> 0 | H79: =SUM(Kranskop:Baobab!H79) -> 0 | I79: =SUM(Kranskop:Baobab!I79) -> 0 | J79: =SUM(Kranskop:Baobab!J79) -> 0 | K79: =SUM(Kranskop:Baobab!K79) -> 0 | L79: =SUM(Kranskop:Baobab!L79) -> 0 | M79: =SUM(Kranskop:Baobab!M79) -> 0 | N79: =SUM(Kranskop:Baobab!N79) -> 0 | O79: =SUM(Kranskop:Baobab!O79) -> 0 | ... CC79: =SUM(Kranskop:Baobab!CC79) -> 0
B80: A-2014e | C80: Extra Over for operation 4 additional work stations (if triggered) | D80: Month | E80: =SUM(Kranskop:Baobab!E80) -> 288 | F80: =(Kranskop!G80+Nyl!G80+Capricorn!G80+Baobab!G80)=G80 -> TRUE | G80: =+SUM(H80:CC80) -> 0 | H80: =SUM(Kranskop:Baobab!H80) -> 0 | I80: =SUM(Kranskop:Baobab!I80) -> 0 | J80: =SUM(Kranskop:Baobab!J80) -> 0 | K80: =SUM(Kranskop:Baobab!K80) -> 0 | L80: =SUM(Kranskop:Baobab!L80) -> 0 | M80: =SUM(Kranskop:Baobab!M80) -> 0 | N80: =SUM(Kranskop:Baobab!N80) -> 0 | O80: =SUM(Kranskop:Baobab!O80) -> 0 | ... CC80: =SUM(Kranskop:Baobab!CC80) -> 0
B81: A-2015 | C81: Call handling function: In-house handling of calls from the public during Operation Period (if triggered) | F81: =(Kranskop!G81+Nyl!G81+Capricorn!G81+Baobab!G81)=G81 -> TRUE
B82: A-2015a | C82: Call handling function: In-house handling of Calls from the public during the Operations Period (if triggered) - One Call handler | D82: Month | E82: =SUM(Kranskop:Baobab!E82) -> 288 | F82: =(Kranskop!G82+Nyl!G82+Capricorn!G82+Baobab!G82)=G82 -> TRUE | G82: =+SUM(H82:CC82) -> 0 | H82: =SUM(Kranskop:Baobab!H82) -> 0 | I82: =SUM(Kranskop:Baobab!I82) -> 0 | J82: =SUM(Kranskop:Baobab!J82) -> 0 | K82: =SUM(Kranskop:Baobab!K82) -> 0 | L82: =SUM(Kranskop:Baobab!L82) -> 0 | M82: =SUM(Kranskop:Baobab!M82) -> 0 | N82: =SUM(Kranskop:Baobab!N82) -> 0 | O82: =SUM(Kranskop:Baobab!O82) -> 0 | ... CC82: =SUM(Kranskop:Baobab!CC82) -> 0
B83: A-2015b | C83: Call handling function: In-house handling of Calls from the public during the Operations Period (if triggered) - Two Call handlers | D83: Month | E83: =SUM(Kranskop:Baobab!E83) -> 288 | F83: =(Kranskop!G83+Nyl!G83+Capricorn!G83+Baobab!G83)=G83 -> TRUE | G83: =+SUM(H83:CC83) -> 0 | H83: =SUM(Kranskop:Baobab!H83) -> 0 | I83: =SUM(Kranskop:Baobab!I83) -> 0 | J83: =SUM(Kranskop:Baobab!J83) -> 0 | K83: =SUM(Kranskop:Baobab!K83) -> 0 | L83: =SUM(Kranskop:Baobab!L83) -> 0 | M83: =SUM(Kranskop:Baobab!M83) -> 0 | N83: =SUM(Kranskop:Baobab!N83) -> 0 | O83: =SUM(Kranskop:Baobab!O83) -> 0 | ... CC83: =SUM(Kranskop:Baobab!CC83) -> 0
B84: A-2015c | C84: Call handling function: In-house handling of Calls from the public during the Operations Period (if triggered) - Three Call handlers | D84: Month | E84: =SUM(Kranskop:Baobab!E84) -> 288 | F84: =(Kranskop!G84+Nyl!G84+Capricorn!G84+Baobab!G84)=G84 -> TRUE | G84: =+SUM(H84:CC84) -> 0 | H84: =SUM(Kranskop:Baobab!H84) -> 0 | I84: =SUM(Kranskop:Baobab!I84) -> 0 | J84: =SUM(Kranskop:Baobab!J84) -> 0 | K84: =SUM(Kranskop:Baobab!K84) -> 0 | L84: =SUM(Kranskop:Baobab!L84) -> 0 | M84: =SUM(Kranskop:Baobab!M84) -> 0 | N84: =SUM(Kranskop:Baobab!N84) -> 0 | O84: =SUM(Kranskop:Baobab!O84) -> 0 | ... CC84: =SUM(Kranskop:Baobab!CC84) -> 0
B85: A-2016 | C85: Contracts Engineer [Contractor’s Representative] | D85: Month | E85: =SUM(Kranskop:Baobab!E85) -> 0 | F85: =(Kranskop!G85+Nyl!G85+Capricorn!G85+Baobab!G85)=G85 -> TRUE | G85: =+SUM(H85:CC85) -> 0 | H85: =SUM(Kranskop:Baobab!H85) -> 0 | I85: =SUM(Kranskop:Baobab!I85) -> 0 | J85: =SUM(Kranskop:Baobab!J85) -> 0 | K85: =SUM(Kranskop:Baobab!K85) -> 0 | L85: =SUM(Kranskop:Baobab!L85) -> 0 | M85: =SUM(Kranskop:Baobab!M85) -> 0 | N85: =SUM(Kranskop:Baobab!N85) -> 0 | O85: =SUM(Kranskop:Baobab!O85) -> 0 | ... CC85: =SUM(Kranskop:Baobab!CC85) -> 0
B86: A-2017 | C86: Quality Control Officer | D86: Month | E86: =SUM(Kranskop:Baobab!E86) -> 288 | F86: =(Kranskop!G86+Nyl!G86+Capricorn!G86+Baobab!G86)=G86 -> TRUE | G86: =+SUM(H86:CC86) -> 0 | H86: =SUM(Kranskop:Baobab!H86) -> 0 | I86: =SUM(Kranskop:Baobab!I86) -> 0 | J86: =SUM(Kranskop:Baobab!J86) -> 0 | K86: =SUM(Kranskop:Baobab!K86) -> 0 | L86: =SUM(Kranskop:Baobab!L86) -> 0 | M86: =SUM(Kranskop:Baobab!M86) -> 0 | N86: =SUM(Kranskop:Baobab!N86) -> 0 | O86: =SUM(Kranskop:Baobab!O86) -> 0 | ... CC86: =SUM(Kranskop:Baobab!CC86) -> 0
B87: A-2018 | C87: Maintenance Manager | D87: Month | E87: =SUM(Kranskop:Baobab!E87) -> 0 | F87: =(Kranskop!G87+Nyl!G87+Capricorn!G87+Baobab!G87)=G87 -> TRUE | G87: =+SUM(H87:CC87) -> 0 | H87: =SUM(Kranskop:Baobab!H87) -> 0 | I87: =SUM(Kranskop:Baobab!I87) -> 0 | J87: =SUM(Kranskop:Baobab!J87) -> 0 | K87: =SUM(Kranskop:Baobab!K87) -> 0 | L87: =SUM(Kranskop:Baobab!L87) -> 0 | M87: =SUM(Kranskop:Baobab!M87) -> 0 | N87: =SUM(Kranskop:Baobab!N87) -> 0 | O87: =SUM(Kranskop:Baobab!O87) -> 0 | ... CC87: =SUM(Kranskop:Baobab!CC87) -> 0
B88: A-2019 | C88: System/ software support specialist | D88: Month | E88: =SUM(Kranskop:Baobab!E88) -> 0 | F88: =(Kranskop!G88+Nyl!G88+Capricorn!G88+Baobab!G88)=G88 -> TRUE | G88: =+SUM(H88:CC88) -> 0 | H88: =SUM(Kranskop:Baobab!H88) -> 0 | I88: =SUM(Kranskop:Baobab!I88) -> 0 | J88: =SUM(Kranskop:Baobab!J88) -> 0 | K88: =SUM(Kranskop:Baobab!K88) -> 0 | L88: =SUM(Kranskop:Baobab!L88) -> 0 | M88: =SUM(Kranskop:Baobab!M88) -> 0 | N88: =SUM(Kranskop:Baobab!N88) -> 0 | O88: =SUM(Kranskop:Baobab!O88) -> 0 | ... CC88: =SUM(Kranskop:Baobab!CC88) -> 0
B89: A-2020 | C89: Network and Security Specialist | D89: Month | E89: =SUM(Kranskop:Baobab!E89) -> 0 | F89: =(Kranskop!G89+Nyl!G89+Capricorn!G89+Baobab!G89)=G89 -> TRUE | G89: =+SUM(H89:CC89) -> 0 | H89: =SUM(Kranskop:Baobab!H89) -> 0 | I89: =SUM(Kranskop:Baobab!I89) -> 0 | J89: =SUM(Kranskop:Baobab!J89) -> 0 | K89: =SUM(Kranskop:Baobab!K89) -> 0 | L89: =SUM(Kranskop:Baobab!L89) -> 0 | M89: =SUM(Kranskop:Baobab!M89) -> 0 | N89: =SUM(Kranskop:Baobab!N89) -> 0 | O89: =SUM(Kranskop:Baobab!O89) -> 0 | ... CC89: =SUM(Kranskop:Baobab!CC89) -> 0
B90: A-2021 | C90: Plaza technician(s) - over and above the technician to maintain the Toll System (if needed) | D90: Month | E90: =SUM(Kranskop:Baobab!E90) -> 0 | F90: =(Kranskop!G90+Nyl!G90+Capricorn!G90+Baobab!G90)=G90 -> TRUE | G90: =+SUM(H90:CC90) -> 0 | H90: =SUM(Kranskop:Baobab!H90) -> 0 | I90: =SUM(Kranskop:Baobab!I90) -> 0 | J90: =SUM(Kranskop:Baobab!J90) -> 0 | K90: =SUM(Kranskop:Baobab!K90) -> 0 | L90: =SUM(Kranskop:Baobab!L90) -> 0 | M90: =SUM(Kranskop:Baobab!M90) -> 0 | N90: =SUM(Kranskop:Baobab!N90) -> 0 | O90: =SUM(Kranskop:Baobab!O90) -> 0 | ... CC90: =SUM(Kranskop:Baobab!CC90) -> 0
B91: A-2022 | C91: SHEQ Officer | D91: Month | E91: =SUM(Kranskop:Baobab!E91) -> 288 | F91: =(Kranskop!G91+Nyl!G91+Capricorn!G91+Baobab!G91)=G91 -> TRUE | G91: =+SUM(H91:CC91) -> 0 | H91: =SUM(Kranskop:Baobab!H91) -> 0 | I91: =SUM(Kranskop:Baobab!I91) -> 0 | J91: =SUM(Kranskop:Baobab!J91) -> 0 | K91: =SUM(Kranskop:Baobab!K91) -> 0 | L91: =SUM(Kranskop:Baobab!L91) -> 0 | M91: =SUM(Kranskop:Baobab!M91) -> 0 | N91: =SUM(Kranskop:Baobab!N91) -> 0 | O91: =SUM(Kranskop:Baobab!O91) -> 0 | ... CC91: =SUM(Kranskop:Baobab!CC91) -> 0
B92: A-2023 | C92: VGS Clerk | D92: Month | E92: =SUM(Kranskop:Baobab!E92) -> 288 | F92: =(Kranskop!G92+Nyl!G92+Capricorn!G92+Baobab!G92)=G92 -> TRUE | G92: =+SUM(H92:CC92) -> 0 | H92: =SUM(Kranskop:Baobab!H92) -> 0 | I92: =SUM(Kranskop:Baobab!I92) -> 0 | J92: =SUM(Kranskop:Baobab!J92) -> 0 | K92: =SUM(Kranskop:Baobab!K92) -> 0 | L92: =SUM(Kranskop:Baobab!L92) -> 0 | M92: =SUM(Kranskop:Baobab!M92) -> 0 | N92: =SUM(Kranskop:Baobab!N92) -> 0 | O92: =SUM(Kranskop:Baobab!O92) -> 0 | ... CC92: =SUM(Kranskop:Baobab!CC92) -> 0
B93: A-3000 | C93: Financial Costs (Discounts, Exemption and bank fees) | G93: =SUM(G94:G102) -> 0 | H93: =SUM(H94:H102) -> 0 | I93: =SUM(I94:I102) -> 0 | J93: =SUM(J94:J102) -> 0 | K93: =SUM(K94:K102) -> 0 | L93: =SUM(L94:L102) -> 0 | M93: =SUM(M94:M102) -> 0 | N93: =SUM(N94:N102) -> 0 | ... CC93: =SUM(CC94:CC102) -> 0
B94: A-3001 | C94: Cash Deposit fees | D94: Month | E94: =SUM(Kranskop:Baobab!E94) -> 288 | F94: =(Kranskop!G94+Nyl!G94+Capricorn!G94+Baobab!G94)=G94 -> TRUE | G94: =+SUM(H94:CC94) -> 0 | H94: =SUM(Kranskop:Baobab!H94) -> 0 | I94: =SUM(Kranskop:Baobab!I94) -> 0 | J94: =SUM(Kranskop:Baobab!J94) -> 0 | K94: =SUM(Kranskop:Baobab!K94) -> 0 | L94: =SUM(Kranskop:Baobab!L94) -> 0 | M94: =SUM(Kranskop:Baobab!M94) -> 0 | N94: =SUM(Kranskop:Baobab!N94) -> 0 | O94: =SUM(Kranskop:Baobab!O94) -> 0 | ... CC94: =SUM(Kranskop:Baobab!CC94) -> 0
B95: A-3002 | C95: Provision for Cash Collection Service | D95: Month | E95: =SUM(Kranskop:Baobab!E95) -> 288 | F95: =(Kranskop!G95+Nyl!G95+Capricorn!G95+Baobab!G95)=G95 -> TRUE | G95: =+SUM(H95:CC95) -> 0 | H95: =SUM(Kranskop:Baobab!H95) -> 0 | I95: =SUM(Kranskop:Baobab!I95) -> 0 | J95: =SUM(Kranskop:Baobab!J95) -> 0 | K95: =SUM(Kranskop:Baobab!K95) -> 0 | L95: =SUM(Kranskop:Baobab!L95) -> 0 | M95: =SUM(Kranskop:Baobab!M95) -> 0 | N95: =SUM(Kranskop:Baobab!N95) -> 0 | O95: =SUM(Kranskop:Baobab!O95) -> 0 | ... CC95: =SUM(Kranskop:Baobab!CC95) -> 0
B96: A-3003 | C96: Risk of Income loss in respect of Exempt User Passages | D96: Month | E96: =SUM(Kranskop:Baobab!E96) -> 288 | F96: =(Kranskop!G96+Nyl!G96+Capricorn!G96+Baobab!G96)=G96 -> TRUE | G96: =+SUM(H96:CC96) -> 0 | H96: =SUM(Kranskop:Baobab!H96) -> 0 | I96: =SUM(Kranskop:Baobab!I96) -> 0 | J96: =SUM(Kranskop:Baobab!J96) -> 0 | K96: =SUM(Kranskop:Baobab!K96) -> 0 | L96: =SUM(Kranskop:Baobab!L96) -> 0 | M96: =SUM(Kranskop:Baobab!M96) -> 0 | N96: =SUM(Kranskop:Baobab!N96) -> 0 | O96: =SUM(Kranskop:Baobab!O96) -> 0 | ... CC96: =SUM(Kranskop:Baobab!CC96) -> 0
B97: A-3004 | C97: Risk of Income loss in respect of Local and Regional Discounts | D97: Month | E97: =SUM(Kranskop:Baobab!E97) -> 144 | F97: =(Kranskop!G97+Nyl!G97+Capricorn!G97+Baobab!G97)=G97 -> TRUE | G97: =+SUM(H97:CC97) -> 0 | H97: =SUM(Kranskop:Baobab!H97) -> 0 | I97: =SUM(Kranskop:Baobab!I97) -> 0 | J97: =SUM(Kranskop:Baobab!J97) -> 0 | K97: =SUM(Kranskop:Baobab!K97) -> 0 | L97: =SUM(Kranskop:Baobab!L97) -> 0 | M97: =SUM(Kranskop:Baobab!M97) -> 0 | N97: =SUM(Kranskop:Baobab!N97) -> 0 | O97: =SUM(Kranskop:Baobab!O97) -> 0 | ... CC97: =SUM(Kranskop:Baobab!CC97) -> 0
B98: A-3005 | C98: Risk of Income loss in respect of Frequent User Discounts | D98: Month | E98: =SUM(Kranskop:Baobab!E98) -> 144 | F98: =(Kranskop!G98+Nyl!G98+Capricorn!G98+Baobab!G98)=G98 -> TRUE | G98: =+SUM(H98:CC98) -> 0 | H98: =SUM(Kranskop:Baobab!H98) -> 0 | I98: =SUM(Kranskop:Baobab!I98) -> 0 | J98: =SUM(Kranskop:Baobab!J98) -> 0 | K98: =SUM(Kranskop:Baobab!K98) -> 0 | L98: =SUM(Kranskop:Baobab!L98) -> 0 | M98: =SUM(Kranskop:Baobab!M98) -> 0 | N98: =SUM(Kranskop:Baobab!N98) -> 0 | O98: =SUM(Kranskop:Baobab!O98) -> 0 | ... CC98: =SUM(Kranskop:Baobab!CC98) -> 0
B99: A-3006 | C99: Risk of Income loss in respect of Run through Violations | D99: Month | E99: =SUM(Kranskop:Baobab!E99) -> 288 | F99: =(Kranskop!G99+Nyl!G99+Capricorn!G99+Baobab!G99)=G99 -> TRUE | G99: =+SUM(H99:CC99) -> 0 | H99: =SUM(Kranskop:Baobab!H99) -> 0 | I99: =SUM(Kranskop:Baobab!I99) -> 0 | J99: =SUM(Kranskop:Baobab!J99) -> 0 | K99: =SUM(Kranskop:Baobab!K99) -> 0 | L99: =SUM(Kranskop:Baobab!L99) -> 0 | M99: =SUM(Kranskop:Baobab!M99) -> 0 | N99: =SUM(Kranskop:Baobab!N99) -> 0 | O99: =SUM(Kranskop:Baobab!O99) -> 0 | ... CC99: =SUM(Kranskop:Baobab!CC99) -> 0
B100: A-3007 | C100: Risk of Income loss in respect of No Payment Passages | D100: Month | E100: =SUM(Kranskop:Baobab!E100) -> 288 | F100: =(Kranskop!G100+Nyl!G100+Capricorn!G100+Baobab!G100)=G100 -> TRUE | G100: =+SUM(H100:CC100) -> 0 | H100: =SUM(Kranskop:Baobab!H100) -> 0 | I100: =SUM(Kranskop:Baobab!I100) -> 0 | J100: =SUM(Kranskop:Baobab!J100) -> 0 | K100: =SUM(Kranskop:Baobab!K100) -> 0 | L100: =SUM(Kranskop:Baobab!L100) -> 0 | M100: =SUM(Kranskop:Baobab!M100) -> 0 | N100: =SUM(Kranskop:Baobab!N100) -> 0 | O100: =SUM(Kranskop:Baobab!O100) -> 0 | ... CC100: =SUM(Kranskop:Baobab!CC100) -> 0
B101: A-3008 | C101: Contractor Discounts Income Loss | D101: Month | E101: =SUM(Kranskop:Baobab!E101) -> 288 | F101: =(Kranskop!G101+Nyl!G101+Capricorn!G101+Baobab!G101)=G101 -> TRUE | G101: =+SUM(H101:CC101) -> 0 | H101: =SUM(Kranskop:Baobab!H101) -> 0 | I101: =SUM(Kranskop:Baobab!I101) -> 0 | J101: =SUM(Kranskop:Baobab!J101) -> 0 | K101: =SUM(Kranskop:Baobab!K101) -> 0 | L101: =SUM(Kranskop:Baobab!L101) -> 0 | M101: =SUM(Kranskop:Baobab!M101) -> 0 | N101: =SUM(Kranskop:Baobab!N101) -> 0 | O101: =SUM(Kranskop:Baobab!O101) -> 0 | ... CC101: =SUM(Kranskop:Baobab!CC101) -> 0
B102: A-3009 | C102: Risk of Loss or Damage of Tags (per 100 Tags per month) | D102: Month | E102: =SUM(Kranskop:Baobab!E102) -> 288 | F102: =(Kranskop!G102+Nyl!G102+Capricorn!G102+Baobab!G102)=G102 -> TRUE | G102: =+SUM(H102:CC102) -> 0 | H102: =SUM(Kranskop:Baobab!H102) -> 0 | I102: =SUM(Kranskop:Baobab!I102) -> 0 | J102: =SUM(Kranskop:Baobab!J102) -> 0 | K102: =SUM(Kranskop:Baobab!K102) -> 0 | L102: =SUM(Kranskop:Baobab!L102) -> 0 | M102: =SUM(Kranskop:Baobab!M102) -> 0 | N102: =SUM(Kranskop:Baobab!N102) -> 0 | O102: =SUM(Kranskop:Baobab!O102) -> 0 | ... CC102: =SUM(Kranskop:Baobab!CC102) -> 0
B103: A-4000 | C103: Utilities, Services and Levies | G103: =SUM(G104:G115) -> 40150000 | H103: =SUM(H104:H115) -> 0 | I103: =SUM(I104:I115) -> 0 | J103: =SUM(J104:J115) -> 557638.88 | K103: =SUM(K104:K115) -> 557638.88 | L103: =SUM(L104:L115) -> 557638.88 | M103: =SUM(M104:M115) -> 557638.88 | N103: =SUM(N104:N115) -> 557638.88 | ... CC103: =SUM(CC104:CC115) -> 557639.6
B104: A-4001-a | C104: Cost for the Supply of Electricity (Provisional Amounts) | D104: Month | E104: =SUM(Kranskop:Baobab!E104) -> 288 | F104: =(Kranskop!G104+Nyl!G104+Capricorn!G104+Baobab!G104)=G104 -> TRUE | G104: =+SUM(H104:CC104) -> 25300000 | H104: =SUM(Kranskop:Baobab!H104) -> 0 | I104: =SUM(Kranskop:Baobab!I104) -> 0 | J104: =SUM(Kranskop:Baobab!J104) -> 351388.88 | K104: =SUM(Kranskop:Baobab!K104) -> 351388.88 | L104: =SUM(Kranskop:Baobab!L104) -> 351388.88 | M104: =SUM(Kranskop:Baobab!M104) -> 351388.88 | N104: =SUM(Kranskop:Baobab!N104) -> 351388.88 | O104: =SUM(Kranskop:Baobab!O104) -> 351388.88 | ... CC104: =SUM(Kranskop:Baobab!CC104) -> 351389.6
B105: A-4001-b | C105: ="Provision for overhead charges + profit in respect to A-4001-a" -> Provision for overhead charges + profit in respect to A-4001-a | D105: % | E105: =SUM(Kranskop:Baobab!E105) -> 25300000 | F105: =(Kranskop!G105+Nyl!G105+Capricorn!G105+Baobab!G105)=G105 -> TRUE | G105: =+SUM(H105:CC105) -> 0 | H105: =SUM(Kranskop:Baobab!H105) -> 0 | I105: =SUM(Kranskop:Baobab!I105) -> 0 | J105: =SUM(Kranskop:Baobab!J105) -> 0 | K105: =SUM(Kranskop:Baobab!K105) -> 0 | L105: =SUM(Kranskop:Baobab!L105) -> 0 | M105: =SUM(Kranskop:Baobab!M105) -> 0 | N105: =SUM(Kranskop:Baobab!N105) -> 0 | O105: =SUM(Kranskop:Baobab!O105) -> 0 | ... CC105: =SUM(Kranskop:Baobab!CC105) -> 0
B106: A-4002-a | C106: Cost for the Supply of Fuel (Provisional Amounts) | D106: Month | E106: =SUM(Kranskop:Baobab!E106) -> 288 | F106: =(Kranskop!G106+Nyl!G106+Capricorn!G106+Baobab!G106)=G106 -> TRUE | G106: =+SUM(H106:CC106) -> 14850000 | H106: =SUM(Kranskop:Baobab!H106) -> 0 | I106: =SUM(Kranskop:Baobab!I106) -> 0 | J106: =SUM(Kranskop:Baobab!J106) -> 206250 | K106: =SUM(Kranskop:Baobab!K106) -> 206250 | L106: =SUM(Kranskop:Baobab!L106) -> 206250 | M106: =SUM(Kranskop:Baobab!M106) -> 206250 | N106: =SUM(Kranskop:Baobab!N106) -> 206250 | O106: =SUM(Kranskop:Baobab!O106) -> 206250 | ... CC106: =SUM(Kranskop:Baobab!CC106) -> 206250
B107: A-4002-b | C107: ="Provision for overhead charges + profit in respect to A-4002-a" -> Provision for overhead charges + profit in respect to A-4002-a | D107: % | E107: =SUM(Kranskop:Baobab!E107) -> 14850000 | F107: =(Kranskop!G107+Nyl!G107+Capricorn!G107+Baobab!G107)=G107 -> TRUE | G107: =+SUM(H107:CC107) -> 0 | H107: =SUM(Kranskop:Baobab!H107) -> 0 | I107: =SUM(Kranskop:Baobab!I107) -> 0 | J107: =SUM(Kranskop:Baobab!J107) -> 0 | K107: =SUM(Kranskop:Baobab!K107) -> 0 | L107: =SUM(Kranskop:Baobab!L107) -> 0 | M107: =SUM(Kranskop:Baobab!M107) -> 0 | N107: =SUM(Kranskop:Baobab!N107) -> 0 | O107: =SUM(Kranskop:Baobab!O107) -> 0 | ... CC107: =SUM(Kranskop:Baobab!CC107) -> 0
B108: A-4003 | C108: Cost for the Supply of Potable Water | D108: Month | E108: =SUM(Kranskop:Baobab!E108) -> 288 | F108: =(Kranskop!G108+Nyl!G108+Capricorn!G108+Baobab!G108)=G108 -> TRUE | G108: =+SUM(H108:CC108) -> 0 | H108: =SUM(Kranskop:Baobab!H108) -> 0 | I108: =SUM(Kranskop:Baobab!I108) -> 0 | J108: =SUM(Kranskop:Baobab!J108) -> 0 | K108: =SUM(Kranskop:Baobab!K108) -> 0 | L108: =SUM(Kranskop:Baobab!L108) -> 0 | M108: =SUM(Kranskop:Baobab!M108) -> 0 | N108: =SUM(Kranskop:Baobab!N108) -> 0 | O108: =SUM(Kranskop:Baobab!O108) -> 0 | ... CC108: =SUM(Kranskop:Baobab!CC108) -> 0
B109: A-4004 | C109: Cost for the Sewerage and Waste Water Disposal | D109: Month | E109: =SUM(Kranskop:Baobab!E109) -> 288 | F109: =(Kranskop!G109+Nyl!G109+Capricorn!G109+Baobab!G109)=G109 -> TRUE | G109: =+SUM(H109:CC109) -> 0 | H109: =SUM(Kranskop:Baobab!H109) -> 0 | I109: =SUM(Kranskop:Baobab!I109) -> 0 | J109: =SUM(Kranskop:Baobab!J109) -> 0 | K109: =SUM(Kranskop:Baobab!K109) -> 0 | L109: =SUM(Kranskop:Baobab!L109) -> 0 | M109: =SUM(Kranskop:Baobab!M109) -> 0 | N109: =SUM(Kranskop:Baobab!N109) -> 0 | O109: =SUM(Kranskop:Baobab!O109) -> 0 | ... CC109: =SUM(Kranskop:Baobab!CC109) -> 0
B110: A-4005 | C110: Cost for the Refuse Removal | D110: Month | E110: =SUM(Kranskop:Baobab!E110) -> 288 | F110: =(Kranskop!G110+Nyl!G110+Capricorn!G110+Baobab!G110)=G110 -> TRUE | G110: =+SUM(H110:CC110) -> 0 | H110: =SUM(Kranskop:Baobab!H110) -> 0 | I110: =SUM(Kranskop:Baobab!I110) -> 0 | J110: =SUM(Kranskop:Baobab!J110) -> 0 | K110: =SUM(Kranskop:Baobab!K110) -> 0 | L110: =SUM(Kranskop:Baobab!L110) -> 0 | M110: =SUM(Kranskop:Baobab!M110) -> 0 | N110: =SUM(Kranskop:Baobab!N110) -> 0 | O110: =SUM(Kranskop:Baobab!O110) -> 0 | ... CC110: =SUM(Kranskop:Baobab!CC110) -> 0
B111: A-4006 | C111: Data Communication Solutions between the various Control Centres | D111: Month | E111: =SUM(Kranskop:Baobab!E111) -> 288 | F111: =(Kranskop!G111+Nyl!G111+Capricorn!G111+Baobab!G111)=G111 -> TRUE | G111: =+SUM(H111:CC111) -> 0 | H111: =SUM(Kranskop:Baobab!H111) -> 0 | I111: =SUM(Kranskop:Baobab!I111) -> 0 | J111: =SUM(Kranskop:Baobab!J111) -> 0 | K111: =SUM(Kranskop:Baobab!K111) -> 0 | L111: =SUM(Kranskop:Baobab!L111) -> 0 | M111: =SUM(Kranskop:Baobab!M111) -> 0 | N111: =SUM(Kranskop:Baobab!N111) -> 0 | O111: =SUM(Kranskop:Baobab!O111) -> 0 | ... CC111: =SUM(Kranskop:Baobab!CC111) -> 0
...

Sheet Kranskop
B2: Item No | C2: Description | D2: Unit | E2: Quantity | F2: Rate | G2: TOTAL (6 Years) | H2: Est Period | J2: Operation Service Period - Year 1 | V2: Operation Service Period - Year 2 | AH2: Operation Service Period - Year 3 | AT2: Operation Service Period - Year 4 | BF2: Operation Service Period - Year 5 | BR2: Operation Service Period - Year 6
H3: ='Title Page'!C11 -> 46162 | I3: =DATE(YEAR(H3),MONTH(H3)+2,1)-1 -> 46203 | J3: =DATE(YEAR(I3),MONTH(I3)+2,1)-1 -> 46234 | K3: =DATE(YEAR(J3),MONTH(J3)+2,1)-1 -> 46265 | L3: =DATE(YEAR(K3),MONTH(K3)+2,1)-1 -> 46295 | M3: =DATE(YEAR(L3),MONTH(L3)+2,1)-1 -> 46326 | N3: =DATE(YEAR(M3),MONTH(M3)+2,1)-1 -> 46356 | O3: =DATE(YEAR(N3),MONTH(N3)+2,1)-1 -> 46387 | P3: =DATE(YEAR(O3),MONTH(O3)+2,1)-1 -> 46418 | ... CC3: =DATE(YEAR(CB3),MONTH(CB3)+2,1)-1 -> 48395
C6: Total Tendered F&V Cost (Incl VAT, in Rands) - to N2N Totals | G6: =+G7+G8 -> 210983025
C7: 15 %VAT on Total Tendered F&V Cost (in Rands) | G7: =+G8*0.15 -> 27519525
C8: Total Tendered F&V Cost (Excl VAT, in Rands) | G8: =+G11 -> 183463500
F10: CHECK | G10: =+SUM(H30:CC54,H56:CC92,H94:CC102,H104:CC115,H118:CC127,H129:CC137,H139:CC147,H149:CC151,H153:CC163,H165:CC166,H168:CC168,H170:CC197,H201:CC214,H216:CC247,H249:CC263,H265:CC407,H409:CC411,H413:CC450,H455:CC489) -> 183463500 | H10: =G10=G11 -> TRUE | I10: =G28+G199+G454=G10 -> TRUE
C11: Total Tendered F&V Cost for A- and B Series (excl VAT) | G11: =+SUM(H11:CC11) -> 183463500 | H11: =+H21+H12+H24 -> 0 | I11: =+I21+I12+I24 -> 0 | J11: =+J21+J12+J24 -> 220138.89 | K11: =+K21+K12+K24 -> 220138.89 | L11: =+L21+L12+L24 -> 220138.89 | M11: =+M21+M12+M24 -> 220138.89 | N11: =+N21+N12+N24 -> 220138.89 | O11: =+O21+O12+O24 -> 220138.89 | ... CC11: =+CC21+CC12+CC24 -> 24105722
B12: A | C12: A Series: Operation Service | G12: =+SUM(H12:CC12) -> 97740000 | H12: =+H28 -> 0 | I12: =+I28 -> 0 | J12: =+J28 -> 152083.33 | K12: =+K28 -> 152083.33 | L12: =+L28 -> 152083.33 | M12: =+M28 -> 152083.33 | N12: =+N28 -> 152083.33 | O12: =+O28 -> 152083.33 | ... CC12: =+CC28 -> 13567084 | CD12: =G12=G28 -> TRUE
C13: Fixed Items | G13: =+SUM(H13:CC13) -> 10950000 | H13: =+H12-SUM(H14:H15) -> 0 | I13: =+I12-SUM(I14:I15) -> 0 | J13: =+J12-SUM(J14:J15) -> 152083.33 | K13: =+K12-SUM(K14:K15) -> 152083.33 | L13: =+L12-SUM(L14:L15) -> 152083.33 | M13: =+M12-SUM(M14:M15) -> 152083.33 | N13: =+N12-SUM(N14:N15) -> 152083.33 | O13: =+O12-SUM(O14:O15) -> 152083.33 | ... CC13: =+CC12-SUM(CC14:CC15) -> 152083.57
C14: Provisional Sums | G14: =+SUM(H14:CC14) -> 86790000 | H14: =+H169 -> 0 | I14: =+I169 -> 0 | J14: =+J169 -> 0 | K14: =+K169 -> 0 | L14: =+L169 -> 0 | M14: =+M169 -> 0 | N14: =+N169 -> 0 | O14: =+O169 -> 0 | ... CC14: =+CC169 -> 13415000
C15: Variable Operation Cost | G15: =+SUM(H15:CC15) -> 0 | H15: =+SUM(H16:H19) -> 0 | I15: =+SUM(I16:I19) -> 0 | J15: =+SUM(J16:J19) -> 0 | K15: =+SUM(K16:K19) -> 0 | L15: =+SUM(L16:L19) -> 0 | M15: =+SUM(M16:M19) -> 0 | N15: =+SUM(N16:N19) -> 0 | O15: =+SUM(O16:O19) -> 0 | ... CC15: =+SUM(CC16:CC19) -> 0
C16: Class 1 | D16: Month | E16: 72 | G16: =+SUM(H16:CC16) -> 0 | CD16: .
C17: Class 2 | D17: Month | E17: 72 | G17: =+SUM(H17:CC17) -> 0 | CD17: .
C18: Class 3 | D18: Month | E18: 72 | G18: =+SUM(H18:CC18) -> 0 | CD18: .
C19: Class 4 | D19: Month | E19: 72 | G19: =+SUM(H19:CC19) -> 0 | CD19: .
G20: =IF(SUM(G16:G19)=0,0,IF(AND((SUM(G16:G19)/G12)>0.4,G169=0),0.4,(SUM(G16:G19)/G12))) -> 0 | H20: =IF(SUM(H16:H19)=0,0,IF(AND((SUM(H16:H19)/H12)>0.4,H169=0),0.4,(SUM(H16:H19)/H12))) -> 0 | I20: =IF(SUM(I16:I19)=0,0,IF(AND((SUM(I16:I19)/I12)>0.4,I169=0),0.4,(SUM(I16:I19)/I12))) -> 0 | J20: =IF(SUM(J16:J19)=0,0,IF(AND((SUM(J16:J19)/J12)>0.4,J169=0),0.4,(SUM(J16:J19)/J12))) -> 0 | K20: =IF(SUM(K16:K19)=0,0,IF(AND((SUM(K16:K19)/K12)>0.4,K169=0),0.4,(SUM(K16:K19)/K12))) -> 0 | L20: =IF(SUM(L16:L19)=0,0,IF(AND((SUM(L16:L19)/L12)>0.4,L169=0),0.4,(SUM(L16:L19)/L12))) -> 0 | M20: =IF(SUM(M16:M19)=0,0,IF(AND((SUM(M16:M19)/M12)>0.4,M169=0),0.4,(SUM(M16:M19)/M12))) -> 0 | N20: =IF(SUM(N16:N19)=0,0,IF(AND((SUM(N16:N19)/N12)>0.4,N169=0),0.4,(SUM(N16:N19)/N12))) -> 0 | ... CC20: =IF(SUM(CC16:CC19)=0,0,IF(AND((SUM(CC16:CC19)/CC12)>0.4,CC169=0),0.4,(SUM(CC16:CC19)/CC12))) -> 0
B21: B | C21: B Series: Design Build | G21: =+SUM(H21:CC21) -> 74170000 | H21: =+H199 -> 0 | I21: =+I199 -> 0 | J21: =+J199 -> 68055.56 | K21: =+K199 -> 68055.56 | L21: =+L199 -> 68055.56 | M21: =+M199 -> 68055.56 | N21: =+N199 -> 68055.56 | O21: =+O199 -> 68055.56 | ... CC21: =+CC199 -> 8613055.2 | CD21: =G21=G199 -> TRUE
C22: Fixed Items | G22: =+SUM(H22:CC22) -> 2500000 | H22: =+H21-H23 -> 0 | I22: =+I21-I23 -> 0 | J22: =+J21-J23 -> 34722.23 | K22: =+K21-K23 -> 34722.23 | L22: =+L21-L23 -> 34722.23 | M22: =+M21-M23 -> 34722.23 | N22: =+N21-N23 -> 34722.23 | O22: =+O21-O23 -> 34722.23 | ... CC22: =+CC21-CC23 -> 34721.67
C23: Provisional Sums | G23: =+SUM(H23:CC23) -> 71670000 | H23: =+H412 -> 0 | I23: =+I412 -> 0 | J23: =+J412 -> 33333.33 | K23: =+K412 -> 33333.33 | L23: =+L412 -> 33333.33 | M23: =+M412 -> 33333.33 | N23: =+N412 -> 33333.33 | O23: =+O412 -> 33333.33 | ... CC23: =+CC412 -> 8578333.6
B24: D | C24: D Series: Contract Participation, etc | G24: =+SUM(H24:CC24) -> 11553500 | H24: =+H454 -> 0 | I24: =+I454 -> 0 | J24: =+J454 -> 0 | K24: =+K454 -> 0 | L24: =+L454 -> 0 | M24: =+M454 -> 0 | N24: =+N454 -> 0 | O24: =+O454 -> 0 | ... CC24: =+CC454 -> 1925583.3 | CD24: =G24=G454 -> TRUE
C25: Fixed Items | G25: =+SUM(H25:CC25) -> 0 | H25: =H24-H26 -> 0 | I25: =I24-I26 -> 0 | J25: =J24-J26 -> 0 | K25: =K24-K26 -> 0 | L25: =L24-L26 -> 0 | M25: =M24-M26 -> 0 | N25: =N24-N26 -> 0 | O25: =O24-O26 -> 0 | ... CC25: =CC24-CC26 -> 0
C26: Provisional Sums | G26: =+SUM(H26:CC26) -> 11553500 | H26: =SUM(H455,H457,H458,H471:H472,H478:H481,H483,H485,H487:H488) -> 0 | I26: =SUM(I455,I457,I458,I471:I472,I478:I481,I483,I485,I487:I488) -> 0 | J26: =SUM(J455,J457,J458,J471:J472,J478:J481,J483,J485,J487:J488) -> 0 | K26: =SUM(K455,K457,K458,K471:K472,K478:K481,K483,K485,K487:K488) -> 0 | L26: =SUM(L455,L457,L458,L471:L472,L478:L481,L483,L485,L487:L488) -> 0 | M26: =SUM(M455,M457,M458,M471:M472,M478:M481,M483,M485,M487:M488) -> 0 | N26: =SUM(N455,N457,N458,N471:N472,N478:N481,N483,N485,N487:N488) -> 0 | O26: =SUM(O455,O457,O458,O471:O472,O478:O481,O483,O485,O487:O488) -> 0 | ... CC26: =SUM(CC455,CC457,CC458,CC471:CC472,CC478:CC481,CC483,CC485,CC487:CC488) -> 1925583.3
B28: A Series | C28: Operation Service | G28: =+SUM(G29,G55,G93,G103,G116,G148,G152,G164,G167,G169) -> 97740000 | H28: =+SUM(H29,H55,H93,H103,H116,H148,H152,H164,H167,H169) -> 0 | I28: =+SUM(I29,I55,I93,I103,I116,I148,I152,I164,I167,I169) -> 0 | J28: =+SUM(J29,J55,J93,J103,J116,J148,J152,J164,J167,J169) -> 152083.33 | K28: =+SUM(K29,K55,K93,K103,K116,K148,K152,K164,K167,K169) -> 152083.33 | L28: =+SUM(L29,L55,L93,L103,L116,L148,L152,L164,L167,L169) -> 152083.33 | M28: =+SUM(M29,M55,M93,M103,M116,M148,M152,M164,M167,M169) -> 152083.33 | N28: =+SUM(N29,N55,N93,N103,N116,N148,N152,N164,N167,N169) -> 152083.33 | ... CC28: =+SUM(CC29,CC55,CC93,CC103,CC116,CC148,CC152,CC164,CC167,CC169) -> 13567084
B29: A-1000 | C29: General Contractors Obligations | G29: =SUM(G30:G54) -> 0 | H29: =SUM(H30:H54) -> 0 | I29: =SUM(I30:I54) -> 0 | J29: =SUM(J30:J54) -> 0 | K29: =SUM(K30:K54) -> 0 | L29: =SUM(L30:L54) -> 0 | M29: =SUM(M30:M54) -> 0 | N29: =SUM(N30:N54) -> 0 | ... CC29: =SUM(CC30:CC54) -> 0
B30: A-1001 | C30: Contractors General Obligations for the duration of the Operations Service Period
B31: A-1001a | C31: Contractors General Obligations for the duration of the Operations Service Period – Establishment Period | D31: Week | E31: 6 | G31: =+SUM(H31:CC31) -> 0
B32: A-1001b | C32: Contractor’s General Obligations during Operations Period - Section 1 (Using the Toll System handed over) | D32: Month | E32: 48 | G32: =+SUM(H32:CC32) -> 0
B33: A-1001c | C33: Contractor’s General Obligations during Operations Period - Section 3 (Using the upgraded Toll System) | D33: Month | E33: 12 | G33: =+SUM(H33:CC33) -> 0
B34: A-1001d | C34: Contractor’s General Obligations during Operations Period - Section 4 (Using the SANRAL MIS) | D34: Month | E34: 6 | G34: =+SUM(H34:CC34) -> 0
B35: A-1001e | C35: Contractor’s General Obligations during Operations Period - Section 5 (Using the national SANRAL Toll System) | D35: Month | E35: 6 | G35: =+SUM(H35:CC35) -> 0
B36: A-1002 | C36: Provision of Performance Security | D36: Year | E36: 6 | G36: =+SUM(H36:CC36) -> 0
B37: A-1003 | C37: Compliance with Laws | D37: Month | E37: 72 | G37: =+SUM(H37:CC37) -> 0
B38: A-1004 | C38: Compliance with Health and Safety Requirements | D38: Month | E38: 72 | G38: =+SUM(H38:CC38) -> 0
B39: A-1005 | C39: Compliance with Environmental Requirements | D39: Month | E39: 72 | G39: =+SUM(H39:CC39) -> 0
B40: A-1006 | C40: Compliance with Social Responsibility Requirements | D40: Month | E40: 72 | G40: =+SUM(H40:CC40) -> 0
B41: A-1007 | C41: Provision and Maintenance of Adequate Insurance | D41: Month | E41: 72 | G41: =+SUM(H41:CC41) -> 0
B42: A-1008 | C42: Provision and Maintenance of Contractor's Equipment | D42: Month | E42: 72 | G42: =+SUM(H42:CC42) -> 0
... B44: A-1010 | C44: Training of Personnel and other training obligations | D44: Month | E44: 72 | G44: =+SUM(H44:CC44) -> 0
B45: A-1011 | C45: Completion of Operation Service Period | D45: Lump Sum | E45: 1 | G45: =+E45*F45 -> 0 | CC45: =G45-SUM(H45:CB45) -> 0
B46: A-1012 | C46: Extra Over Cost for Taking over of upgraded & new assets during contract period (if triggered) | D46: Lump Sum | E46: 1 | G46: =+E46*F46 -> 0 | U46: =G46/6 -> 0 | AG46: =G46/6 -> 0 | AS46: =G46/6 -> 0 | BE46: =G46/6 -> 0 | BQ46: =G46/6 -> 0 | CC46: =G46-SUM(H46:CB46) -> 0
B47: A-1013 | C47: ESCROW for commissioning System application software (not toll system related) | D47: Month | E47: 72 | G47: =+SUM(H47:CC47) -> 0
B48: A-1014 | C48: Updating Integrated Transport Information System (ITIS) Modules | D48: Month | E48: 72 | G48: =+SUM(H48:CC48) -> 0
B49: A-1015 | C49: Liaison with Service Providers | D49: Month | E49: 72 | G49: =+SUM(H49:CC49) -> 0
B50: A-1016 | C50: Mentoring Targeted Enterprise (New Entrant-Developing Operator)
B51: A-1016a | C51: Identify and train Targeted Enterprise (New Entrant-Developing Operator) | D51: Month | E51: 12 | G51: =+SUM(H51:CC51) -> 0
B52: A-1016b | C52: Oversee of Targeted Enterprise (New Entrant-Developing Operator) management of Toll Plaza | D52: Month | E52: 60 | G52: =+SUM(H52:CC52) -> 0
B53: A-1017 | C53: Extra over costs for the supervision of the Nominated Subcontractor | D53: Month | E53: 72 | G53: =+SUM(H53:CC53) -> 0
B54: A-1018 | C54: Extra over costs for the supervision of the Incumbent System Integrator | D54: Month | E54: 18 | G54: =+SUM(H54:CC54) -> 0
B55: A-2000 | C55: Provisioning of Staff and Labour | G55: =SUM(G56:G92) -> 0 | H55: =SUM(H56:H92) -> 0 | I55: =SUM(I56:I92) -> 0 | J55: =SUM(J56:J92) -> 0 | K55: =SUM(K56:K92) -> 0 | L55: =SUM(L56:L92) -> 0 | M55: =SUM(M56:M92) -> 0 | N55: =SUM(N56:N92) -> 0 | ... CC55: =SUM(CC56:CC92) -> 0
B56: A-2001 | C56: Toll Collectors | D56: Month | E56: 72 | G56: =+SUM(H56:CC56) -> 0
B57: A-2002 | C57: Senior Toll Collectors | D57: Month | E57: 72 | G57: =+SUM(H57:CC57) -> 0
B58: A-2003 | C58: Seasonal Toll Collectors | D58: Month | E58: 72 | G58: =+SUM(H58:CC58) -> 0
B59: A-2004 | C59: Shift Supervisors | D59: Month | E59: 72 | G59: =+SUM(H59:CC59) -> 0
B60: A-2005 | C60: Plaza Managers | D60: Month | E60: 72 | G60: =+SUM(H60:CC60) -> 0
B61: A-2006 | C61: Administrative Personnel | D61: Month | E61: 72 | G61: =+SUM(H61:CC61) -> 0
B62: A-2007 | C62: Lane, Garden and Plaza Attendants | D62: Month | E62: 72 | G62: =+SUM(H62:CC62) -> 0
B63: A-2008 | C63: Technical Staff | D63: Month | E63: 72 | G63: =+SUM(H63:CC63) -> 0
B64: A-2009 | C64: Transport of Personnel | D64: Month | E64: 72 | G64: =+SUM(H64:CC64) -> 0
B65: A-2010 | C65: Additional Toll Collectors due to Lane Expansion/ Reversible Lane Creation (if triggered) | D65: Month | E65: 72 | G65: =+SUM(H65:CC65) -> 0
B66: A-2011 | C66: Extra Over or Saving of Operation Cost if Dedicated ETC / Card lanes are implemented
B67: A-2011a | C67: Extra over or saving of Operational costs if additional Dedicated ETC lanes are implemented (1 lane/direction) (If triggered) | D67: Month | E67: 24 | G67: =+SUM(H67:CC67) -> 0
B68: A-2011b | C68: Extra over or saving of Operational Costs if additional Dedicated ETC lanes are implemented (2 lanes/direction) (if triggered) | D68: Month | E68: Rate Only | G68: =+SUM(H68:CC68) -> 0
B69: A-2011c | C69: Extra over or saving of Operational costs if additional Dedicated ETC lanes are implemented (3 lanes/direction) (If triggered) | D69: Month | E69: Rate Only | G69: =+SUM(H69:CC69) -> 0
B70: A-2011d | C70: Extra over or Saving of Operational Costs if Dedicated Card lanes are implemented (1 lane/direction) | D70: Month | E70: Rate Only | G70: =+SUM(H70:CC70) -> 0
B71: A-2012 | C71: Management of functional Customer Service, Including Account Registration, Tag Distribution, Account Top-Up as well as Revenue Management | D71: Month | E71: 72 | G71: =+SUM(H71:CC71) -> 0
B72: A-2013 | C72: Customer Service Operations, including Account Registration, Tag Distribution, Account Top-up and Revenue Collection and Administration Services at Control Centres (if triggered)
B73: A-2013a | C73: Operations of 1 Customer Service Counter | D73: Month | E73: 72 | G73: =+SUM(H73:CC73) -> 0
B74: A-2013b | C74: Extra Over for the Operation of an additional Customer Service Counter | D74: Month | E74: 72 | G74: =+SUM(H74:CC74) -> 0
B75: A-2014 | C75: Operation of different work-station configurations at Customer Service (CS) Kiosks at locations remote from Control Centres, including for Account Registration, Tag Distribution, Account Top-up and Revenue Collection and Administration Services (if triggered)
B76: A-2014a | C76: Operation of 1 work station configuration (if triggered) | D76: Month | E76: 72 | G76: =+SUM(H76:CC76) -> 0
B77: A-2014b | C77: Extra Over for operation of an additional work station (if triggered) | D77: Month | E77: 72 | G77: =+SUM(H77:CC77) -> 0
B78: A-2014c | C78: Extra Over for operation 2 additional work stations (if triggered) | D78: Month | E78: 72 | G78: =+SUM(H78:CC78) -> 0
B79: A-2014d | C79: Extra Over for operation 3 additional work stations (if triggered) | D79: Month | E79: 72 | G79: =+SUM(H79:CC79) -> 0
B80: A-2014e | C80: Extra Over for operation 4 additional work stations (if triggered) | D80: Month | E80: 72 | G80: =+SUM(H80:CC80) -> 0
B81: A-2015 | C81: Call handling function: In-house handling of calls from the public during Operation Period (if triggered)
B82: A-2015a | C82: Call handling function: In-house handling of Calls from the public during the Operations Period (if triggered) - One Call handler | D82: Month | E82: 72 | G82: =+SUM(H82:CC82) -> 0
B83: A-2015b | C83: Call handling function: In-house handling of Calls from the public during the Operations Period (if triggered) - Two Call handlers | D83: Month | E83: 72 | G83: =+SUM(H83:CC83) -> 0
B84: A-2015c | C84: Call handling function: In-house handling of Calls from the public during the Operations Period (if triggered) - Three Call handlers | D84: Month | E84: 72 | G84: =+SUM(H84:CC84) -> 0
B85: A-2016 | C85: Contracts Engineer [Contractor’s Representative] | D85: Month | E85: 0 | G85: =+SUM(H85:CC85) -> 0
B86: A-2017 | C86: Quality Control Officer | D86: Month | E86: 72 | G86: =+SUM(H86:CC86) -> 0
B87: A-2018 | C87: Maintenance Manager | D87: Month | E87: 0 | G87: =+SUM(H87:CC87) -> 0
B88: A-2019 | C88: System/ software support specialist | D88: Month | E88: 0 | G88: =+SUM(H88:CC88) -> 0
B89: A-2020 | C89: Network and Security Specialist | D89: Month | E89: 0 | G89: =+SUM(H89:CC89) -> 0
B90: A-2021 | C90: Plaza technician(s) - over and above the technician to maintain the Toll System (if needed) | D90: Month | E90: 0 | G90: =+SUM(H90:CC90) -> 0
B91: A-2022 | C91: SHEQ Officer | D91: Month | E91: 72 | G91: =+SUM(H91:CC91) -> 0
B92: A-2023 | C92: VGS Clerk | D92: Month | E92: 72 | G92: =+SUM(H92:CC92) -> 0
B93: A-3000 | C93: Financial Costs (Discounts, Exemption and bank fees) | G93: =SUM(G94:G102) -> 0 | H93: =SUM(H94:H102) -> 0 | I93: =SUM(I94:I102) -> 0 | J93: =SUM(J94:J102) -> 0 | K93: =SUM(K94:K102) -> 0 | L93: =SUM(L94:L102) -> 0 | M93: =SUM(M94:M102) -> 0 | N93: =SUM(N94:N102) -> 0 | ... CC93: =SUM(CC94:CC102) -> 0
B94: A-3001 | C94: Cash Deposit fees | D94: Month | E94: 72 | G94: =+SUM(H94:CC94) -> 0
B95: A-3002 | C95: Provision for Cash Collection Service | D95: Month | E95: 72 | G95: =+SUM(H95:CC95) -> 0
B96: A-3003 | C96: Risk of Income loss in respect of Exempt User Passages | D96: Month | E96: 72 | G96: =+SUM(H96:CC96) -> 0
B97: A-3004 | C97: Risk of Income loss in respect of Local and Regional Discounts | D97: Month | E97: 0 | G97: =+SUM(H97:CC97) -> 0
B98: A-3005 | C98: Risk of Income loss in respect of Frequent User Discounts | D98: Month | E98: 0 | G98: =+SUM(H98:CC98) -> 0
B99: A-3006 | C99: Risk of Income loss in respect of Run through Violations | D99: Month | E99: 72 | G99: =+SUM(H99:CC99) -> 0
B100: A-3007 | C100: Risk of Income loss in respect of No Payment Passages | D100: Month | E100: 72 | G100: =+SUM(H100:CC100) -> 0
B101: A-3008 | C101: Contractor Discounts Income Loss | D101: Month | E101: 72 | G101: =+SUM(H101:CC101) -> 0
B102: A-3009 | C102: Risk of Loss or Damage of Tags (per 100 Tags per month) | D102: Month | E102: 72 | G102: =+SUM(H102:CC102) -> 0
B103: A-4000 | C103: Utilities, Services and Levies | G103: =SUM(G104:G115) -> 10950000 | H103: =SUM(H104:H115) -> 0 | I103: =SUM(I104:I115) -> 0 | J103: =SUM(J104:J115) -> 152083.33 | K103: =SUM(K104:K115) -> 152083.33 | L103: =SUM(L104:L115) -> 152083.33 | M103: =SUM(M104:M115) -> 152083.33 | N103: =SUM(N104:N115) -> 152083.33 | ... CC103: =SUM(CC104:CC115) -> 152083.57
B104: A-4001-a | C104: Cost for the Supply of Electricity (Provisional Amounts) | D104: Month | E104: 72 | G104: =+SUM(H104:CC104) -> 6900000 | J104: =6900000/72 -> 95833.33 | K104: =6900000/72 -> 95833.33 | L104: =6900000/72 -> 95833.33 | M104: =6900000/72 -> 95833.33 | N104: =6900000/72 -> 95833.33 | O104: =6900000/72 -> 95833.33 | P104: =6900000/72 -> 95833.33 | Q104: =6900000/72 -> 95833.33 | ... CB104: =6900000/72 -> 95833.33 | CC104: =6900000/72+0.24 -> 95833.57
B105: A-4001-b | C105: ="Provision for overhead charges + profit in respect to A-4001-a" -> Provision for overhead charges + profit in respect to A-4001-a | D105: % | E105: =+G104 -> 6900000 | G105: =+E105*F105 -> 0 | J105: =J104*$F$105 -> 0 | K105: =K104*$F$105 -> 0 | L105: =L104*$F$105 -> 0 | M105: =M104*$F$105 -> 0 | N105: =N104*$F$105 -> 0 | O105: =O104*$F$105 -> 0 | P105: =P104*$F$105 -> 0 | Q105: =Q104*$F$105 -> 0 | ... CB105: =CB104*$F$105 -> 0 | CC105: =G105-SUM(H105:CB105) -> 0
B106: A-4002-a | C106: Cost for the Supply of Fuel (Provisional Amounts) | D106: Month | E106: 72 | G106: =+SUM(H106:CC106) -> 4050000 | J106: =4050000/72 -> 56250 | K106: =4050000/72 -> 56250 | L106: =4050000/72 -> 56250 | M106: =4050000/72 -> 56250 | N106: =4050000/72 -> 56250 | O106: =4050000/72 -> 56250 | P106: =4050000/72 -> 56250 | Q106: =4050000/72 -> 56250 | ... CC106: =4050000/72 -> 56250
...

Sheet Nyl
B2: Item No | C2: Description | D2: Unit | E2: Quantity | F2: Rate | G2: TOTAL (6 Years) | H2: Est Period | J2: Operation Service Period - Year 1 | V2: Operation Service Period - Year 2 | AH2: Operation Service Period - Year 3 | AT2: Operation Service Period - Year 4 | BF2: Operation Service Period - Year 5 | BR2: Operation Service Period - Year 6
H3: ='Title Page'!C11 -> 46162 | I3: =DATE(YEAR(H3),MONTH(H3)+2,1)-1 -> 46203 | J3: =DATE(YEAR(I3),MONTH(I3)+2,1)-1 -> 46234 | K3: =DATE(YEAR(J3),MONTH(J3)+2,1)-1 -> 46265 | L3: =DATE(YEAR(K3),MONTH(K3)+2,1)-1 -> 46295 | M3: =DATE(YEAR(L3),MONTH(L3)+2,1)-1 -> 46326 | N3: =DATE(YEAR(M3),MONTH(M3)+2,1)-1 -> 46356 | O3: =DATE(YEAR(N3),MONTH(N3)+2,1)-1 -> 46387 | P3: =DATE(YEAR(O3),MONTH(O3)+2,1)-1 -> 46418 | ... CC3: =DATE(YEAR(CB3),MONTH(CB3)+2,1)-1 -> 48395
C6: Total Tendered F&V Cost (Incl VAT, in Rands) - to N2N Totals | G6: =+G7+G8 -> 210983025
C7: 15 %VAT on Total Tendered F&V Cost (in Rands) | G7: =+G8*0.15 -> 27519525
C8: Total Tendered F&V Cost (Excl VAT, in Rands) | G8: =+G11 -> 183463500
F10: CHECK | G10: =+SUM(H30:CC54,H56:CC92,H94:CC102,H104:CC115,H118:CC127,H129:CC137,H139:CC147,H149:CC151,H153:CC163,H165:CC166,H168:CC168,H170:CC197,H201:CC214,H216:CC247,H249:CC263,H265:CC407,H409:CC411,H413:CC450,H455:CC489) -> 183463500 | H10: =G10=G11 -> TRUE | I10: =G28+G199+G454=G10 -> TRUE
C11: Total Tendered F&V Cost for A- and B Series (excl VAT) | G11: =+SUM(H11:CC11) -> 183463500 | H11: =+H21+H12+H24 -> 0 | I11: =+I21+I12+I24 -> 0 | J11: =+J21+J12+J24 -> 220138.89 | K11: =+K21+K12+K24 -> 220138.89 | L11: =+L21+L12+L24 -> 220138.89 | M11: =+M21+M12+M24 -> 220138.89 | N11: =+N21+N12+N24 -> 220138.89 | O11: =+O21+O12+O24 -> 220138.89 | ... CC11: =+CC21+CC12+CC24 -> 24105722
B12: A | C12: A Series: Operation Service | G12: =+SUM(H12:CC12) -> 97740000 | H12: =+H28 -> 0 | I12: =+I28 -> 0 | J12: =+J28 -> 152083.33 | K12: =+K28 -> 152083.33 | L12: =+L28 -> 152083.33 | M12: =+M28 -> 152083.33 | N12: =+N28 -> 152083.33 | O12: =+O28 -> 152083.33 | ... CC12: =+CC28 -> 13567084 | CD12: =G12=G28 -> TRUE
C13: Fixed Items | G13: =+SUM(H13:CC13) -> 10950000 | H13: =+H12-SUM(H14:H15) -> 0 | I13: =+I12-SUM(I14:I15) -> 0 | J13: =+J12-SUM(J14:J15) -> 152083.33 | K13: =+K12-SUM(K14:K15) -> 152083.33 | L13: =+L12-SUM(L14:L15) -> 152083.33 | M13: =+M12-SUM(M14:M15) -> 152083.33 | N13: =+N12-SUM(N14:N15) -> 152083.33 | O13: =+O12-SUM(O14:O15) -> 152083.33 | ... CC13: =+CC12-SUM(CC14:CC15) -> 152083.57
C14: Provisional Sums | G14: =+SUM(H14:CC14) -> 86790000 | H14: =+H169 -> 0 | I14: =+I169 -> 0 | J14: =+J169 -> 0 | K14: =+K169 -> 0 | L14: =+L169 -> 0 | M14: =+M169 -> 0 | N14: =+N169 -> 0 | O14: =+O169 -> 0 | ... CC14: =+CC169 -> 13415000
C15: Variable Operation Cost | G15: =+SUM(H15:CC15) -> 0 | H15: =+SUM(H16:H19) -> 0 | I15: =+SUM(I16:I19) -> 0 | J15: =+SUM(J16:J19) -> 0 | K15: =+SUM(K16:K19) -> 0 | L15: =+SUM(L16:L19) -> 0 | M15: =+SUM(M16:M19) -> 0 | N15: =+SUM(N16:N19) -> 0 | O15: =+SUM(O16:O19) -> 0 | ... CC15: =+SUM(CC16:CC19) -> 0
C16: Class 1 | D16: Month | E16: 72 | G16: =+SUM(H16:CC16) -> 0 | CD16: .
C17: Class 2 | D17: Month | E17: 72 | G17: =+SUM(H17:CC17) -> 0 | CD17: .
C18: Class 3 | D18: Month | E18: 72 | G18: =+SUM(H18:CC18) -> 0 | CD18: .
C19: Class 4 | D19: Month | E19: 72 | G19: =+SUM(H19:CC19) -> 0 | CD19: .
G20: =IF(SUM(G16:G19)=0,0,IF(AND((SUM(G16:G19)/G12)>0.4,G169=0),0.4,(SUM(G16:G19)/G12))) -> 0 | H20: =IF(SUM(H16:H19)=0,0,IF(AND((SUM(H16:H19)/H12)>0.4,H169=0),0.4,(SUM(H16:H19)/H12))) -> 0 | I20: =IF(SUM(I16:I19)=0,0,IF(AND((SUM(I16:I19)/I12)>0.4,I169=0),0.4,(SUM(I16:I19)/I12))) -> 0 | J20: =IF(SUM(J16:J19)=0,0,IF(AND((SUM(J16:J19)/J12)>0.4,J169=0),0.4,(SUM(J16:J19)/J12))) -> 0 | K20: =IF(SUM(K16:K19)=0,0,IF(AND((SUM(K16:K19)/K12)>0.4,K169=0),0.4,(SUM(K16:K19)/K12))) -> 0 | L20: =IF(SUM(L16:L19)=0,0,IF(AND((SUM(L16:L19)/L12)>0.4,L169=0),0.4,(SUM(L16:L19)/L12))) -> 0 | M20: =IF(SUM(M16:M19)=0,0,IF(AND((SUM(M16:M19)/M12)>0.4,M169=0),0.4,(SUM(M16:M19)/M12))) -> 0 | N20: =IF(SUM(N16:N19)=0,0,IF(AND((SUM(N16:N19)/N12)>0.4,N169=0),0.4,(SUM(N16:N19)/N12))) -> 0 | ... CC20: =IF(SUM(CC16:CC19)=0,0,IF(AND((SUM(CC16:CC19)/CC12)>0.4,CC169=0),0.4,(SUM(CC16:CC19)/CC12))) -> 0
B21: B | C21: B Series: Design Build | G21: =+SUM(H21:CC21) -> 74170000 | H21: =+H199 -> 0 | I21: =+I199 -> 0 | J21: =+J199 -> 68055.56 | K21: =+K199 -> 68055.56 | L21: =+L199 -> 68055.56 | M21: =+M199 -> 68055.56 | N21: =+N199 -> 68055.56 | O21: =+O199 -> 68055.56 | ... CC21: =+CC199 -> 8613055.2 | CD21: =G21=G199 -> TRUE
C22: Fixed Items | G22: =+SUM(H22:CC22) -> 2500000 | H22: =+H21-H23 -> 0 | I22: =+I21-I23 -> 0 | J22: =+J21-J23 -> 34722.23 | K22: =+K21-K23 -> 34722.23 | L22: =+L21-L23 -> 34722.23 | M22: =+M21-M23 -> 34722.23 | N22: =+N21-N23 -> 34722.23 | O22: =+O21-O23 -> 34722.23 | ... CC22: =+CC21-CC23 -> 34721.67
C23: Provisional Sums | G23: =+SUM(H23:CC23) -> 71670000 | H23: =+H412 -> 0 | I23: =+I412 -> 0 | J23: =+J412 -> 33333.33 | K23: =+K412 -> 33333.33 | L23: =+L412 -> 33333.33 | M23: =+M412 -> 33333.33 | N23: =+N412 -> 33333.33 | O23: =+O412 -> 33333.33 | ... CC23: =+CC412 -> 8578333.6
B24: D | C24: D Series: Contract Participation, etc | G24: =+SUM(H24:CC24) -> 11553500 | H24: =+H454 -> 0 | I24: =+I454 -> 0 | J24: =+J454 -> 0 | K24: =+K454 -> 0 | L24: =+L454 -> 0 | M24: =+M454 -> 0 | N24: =+N454 -> 0 | O24: =+O454 -> 0 | ... CC24: =+CC454 -> 1925583.3 | CD24: =G24=G454 -> TRUE
C25: Fixed Items | G25: =+SUM(H25:CC25) -> 0 | H25: =H24-H26 -> 0 | I25: =I24-I26 -> 0 | J25: =J24-J26 -> 0 | K25: =K24-K26 -> 0 | L25: =L24-L26 -> 0 | M25: =M24-M26 -> 0 | N25: =N24-N26 -> 0 | O25: =O24-O26 -> 0 | ... CC25: =CC24-CC26 -> 0
C26: Provisional Sums | G26: =+SUM(H26:CC26) -> 11553500 | H26: =SUM(H455,H457,H458,H471:H472,H478:H481,H483,H485,H487:H488) -> 0 | I26: =SUM(I455,I457,I458,I471:I472,I478:I481,I483,I485,I487:I488) -> 0 | J26: =SUM(J455,J457,J458,J471:J472,J478:J481,J483,J485,J487:J488) -> 0 | K26: =SUM(K455,K457,K458,K471:K472,K478:K481,K483,K485,K487:K488) -> 0 | L26: =SUM(L455,L457,L458,L471:L472,L478:L481,L483,L485,L487:L488) -> 0 | M26: =SUM(M455,M457,M458,M471:M472,M478:M481,M483,M485,M487:M488) -> 0 | N26: =SUM(N455,N457,N458,N471:N472,N478:N481,N483,N485,N487:N488) -> 0 | O26: =SUM(O455,O457,O458,O471:O472,O478:O481,O483,O485,O487:O488) -> 0 | ... CC26: =SUM(CC455,CC457,CC458,CC471:CC472,CC478:CC481,CC483,CC485,CC487:CC488) -> 1925583.3
B28: A Series | C28: Operation Service | G28: =+SUM(G29,G55,G93,G103,G116,G148,G152,G164,G167,G169) -> 97740000 | H28: =+SUM(H29,H55,H93,H103,H116,H148,H152,H164,H167,H169) -> 0 | I28: =+SUM(I29,I55,I93,I103,I116,I148,I152,I164,I167,I169) -> 0 | J28: =+SUM(J29,J55,J93,J103,J116,J148,J152,J164,J167,J169) -> 152083.33 | K28: =+SUM(K29,K55,K93,K103,K116,K148,K152,K164,K167,K169) -> 152083.33 | L28: =+SUM(L29,L55,L93,L103,L116,L148,L152,L164,L167,L169) -> 152083.33 | M28: =+SUM(M29,M55,M93,M103,M116,M148,M152,M164,M167,M169) -> 152083.33 | N28: =+SUM(N29,N55,N93,N103,N116,N148,N152,N164,N167,N169) -> 152083.33 | ... CC28: =+SUM(CC29,CC55,CC93,CC103,CC116,CC148,CC152,CC164,CC167,CC169) -> 13567084
B29: A-1000 | C29: General Contractors Obligations | G29: =SUM(G30:G54) -> 0 | H29: =SUM(H30:H54) -> 0 | I29: =SUM(I30:I54) -> 0 | J29: =SUM(J30:J54) -> 0 | K29: =SUM(K30:K54) -> 0 | L29: =SUM(L30:L54) -> 0 | M29: =SUM(M30:M54) -> 0 | N29: =SUM(N30:N54) -> 0 | ... CC29: =SUM(CC30:CC54) -> 0
B30: A-1001 | C30: Contractors General Obligations for the duration of the Operations Service Period
B31: A-1001a | C31: Contractors General Obligations for the duration of the Operations Service Period – Establishment Period | D31: Week | E31: 6 | G31: =+SUM(H31:CC31) -> 0
B32: A-1001b | C32: Contractor’s General Obligations during Operations Period - Section 1 (Using the Toll System handed over) | D32: Month | E32: 48 | G32: =+SUM(H32:CC32) -> 0
B33: A-1001c | C33: Contractor’s General Obligations during Operations Period - Section 2 & 3 (Using the upgraded Toll System) | D33: Month | E33: 12 | G33: =+SUM(H33:CC33) -> 0
B34: A-1001d | C34: Contractor’s General Obligations during Operations Period - Section 4 (Using the SANRAL MIS) | D34: Month | E34: 6 | G34: =+SUM(H34:CC34) -> 0
B35: A-1001e | C35: Contractor’s General Obligations during Operations Period - Section 5 (Using the national SANRAL Toll System) | D35: Month | E35: 6 | G35: =+SUM(H35:CC35) -> 0
B36: A-1002 | C36: Provision of Performance Security | D36: Year | E36: 6 | G36: =+SUM(H36:CC36) -> 0
B37: A-1003 | C37: Compliance with Laws | D37: Month | E37: 72 | G37: =+SUM(H37:CC37) -> 0
B38: A-1004 | C38: Compliance with Health and Safety Requirements | D38: Month | E38: 72 | G38: =+SUM(H38:CC38) -> 0
B39: A-1005 | C39: Compliance with Environmental Requirements | D39: Month | E39: 72 | G39: =+SUM(H39:CC39) -> 0
B40: A-1006 | C40: Compliance with Social Responsibility Requirements | D40: Month | E40: 72 | G40: =+SUM(H40:CC40) -> 0
B41: A-1007 | C41: Provision and Maintenance of Adequate Insurance | D41: Month | E41: 72 | G41: =+SUM(H41:CC41) -> 0
B42: A-1008 | C42: Provision and Maintenance of Contractor's Equipment | D42: Month | E42: 72 | G42: =+SUM(H42:CC42) -> 0
... B44: A-1010 | C44: Training of Personnel and other training obligations | D44: Month | E44: 72 | G44: =+SUM(H44:CC44) -> 0
B45: A-1011 | C45: Completion of Operation Service Period | D45: Lump Sum | E45: 1 | G45: =+E45*F45 -> 0 | CC45: =G45-SUM(J45:CB45) -> 0
B46: A-1012 | C46: Extra Over Cost for Taking over of upgraded & new assets during contract period (if triggered) | D46: Lump Sum | E46: 1 | G46: =+E46*F46 -> 0 | U46: =G46/6 -> 0 | AG46: =G46/6 -> 0 | AS46: =G46/6 -> 0 | BE46: =G46/6 -> 0 | BQ46: =G46/6 -> 0 | CC46: =G46-SUM(J46:CB46) -> 0
B47: A-1013 | C47: ESCROW for commissioning System application software (not toll system related) | D47: Month | E47: 72 | G47: =+SUM(H47:CC47) -> 0
B48: A-1014 | C48: Updating Integrated Transport Information System (ITIS) Modules | D48: Month | E48: 72 | G48: =+SUM(H48:CC48) -> 0
B49: A-1015 | C49: Liaison with Service Providers | D49: Month | E49: 72 | G49: =+SUM(H49:CC49) -> 0
B50: A-1016 | C50: Mentoring Targeted Enterprise (New Entrant-Developing Operator)
B51: A-1016a | C51: Identify and train Targeted Enterprise (New Entrant-Developing Operator) | D51: Month | E51: 12 | G51: =+SUM(H51:CC51) -> 0
B52: A-1016b | C52: Oversee of Targeted Enterprise (New Entrant-Developing Operator) management of Toll Plaza | D52: Month | E52: 60 | G52: =+SUM(H52:CC52) -> 0
B53: A-1017 | C53: Extra over costs for the supervision of the Nominated Subcontractor | D53: Month | E53: 72 | G53: =+SUM(H53:CC53) -> 0
B54: A-1018 | C54: Extra over costs for the supervision of the Incumbent System Integrator | D54: Month | E54: 18 | G54: =+SUM(H54:CC54) -> 0
B55: A-2000 | C55: Provisioning of Staff and Labour | G55: =SUM(G56:G92) -> 0 | H55: =SUM(H56:H92) -> 0 | I55: =SUM(I56:I92) -> 0 | J55: =SUM(J56:J92) -> 0 | K55: =SUM(K56:K92) -> 0 | L55: =SUM(L56:L92) -> 0 | M55: =SUM(M56:M92) -> 0 | N55: =SUM(N56:N92) -> 0 | ... CC55: =SUM(CC56:CC92) -> 0
B56: A-2001 | C56: Toll Collectors | D56: Month | E56: 72 | G56: =+SUM(H56:CC56) -> 0
B57: A-2002 | C57: Senior Toll Collectors | D57: Month | E57: 72 | G57: =+SUM(H57:CC57) -> 0
B58: A-2003 | C58: Seasonal Toll Collectors | D58: Month | E58: 72 | G58: =+SUM(H58:CC58) -> 0
B59: A-2004 | C59: Shift Supervisors | D59: Month | E59: 72 | G59: =+SUM(H59:CC59) -> 0
B60: A-2005 | C60: Plaza Managers | D60: Month | E60: 72 | G60: =+SUM(H60:CC60) -> 0
B61: A-2006 | C61: Administrative Personnel | D61: Month | E61: 72 | G61: =+SUM(H61:CC61) -> 0
B62: A-2007 | C62: Lane, Garden and Plaza Attendants | D62: Month | E62: 72 | G62: =+SUM(H62:CC62) -> 0
B63: A-2008 | C63: Technical Staff | D63: Month | E63: 72 | G63: =+SUM(H63:CC63) -> 0
B64: A-2009 | C64: Transport of Personnel | D64: Month | E64: 72 | G64: =+SUM(H64:CC64) -> 0
B65: A-2010 | C65: Additional Toll Collectors due to Lane Expansion/ Reversible Lane Creation (if triggered) | D65: Month | E65: 72 | G65: =+SUM(H65:CC65) -> 0
B66: A-2011 | C66: Extra Over or Saving of Operation Cost if Dedicated ETC / Card lanes are implemented
B67: A-2011a | C67: Extra over or saving of Operational costs if additional Dedicated ETC lanes are implemented (1 lane/direction) (If triggered) | D67: Month | E67: 24 | G67: =+SUM(H67:CC67) -> 0
B68: A-2011b | C68: Extra over or saving of Operational Costs if additional Dedicated ETC lanes are implemented (2 lanes/direction) (if triggered) | D68: Month | E68: Rate Only | G68: =+SUM(H68:CC68) -> 0
B69: A-2011c | C69: Extra over or saving of Operational costs if additional Dedicated ETC lanes are implemented (3 lanes/direction) (If triggered) | D69: Month | E69: Rate Only | G69: =+SUM(H69:CC69) -> 0
B70: A-2011d | C70: Extra over or Saving of Operational Costs if Dedicated Card lanes are implemented (1 lane/direction) | D70: Month | E70: Rate Only | G70: =+SUM(H70:CC70) -> 0
B71: A-2012 | C71: Management of functional Customer Service, Including Account Registration, Tag Distribution, Account Top-Up as well as Revenue Management | D71: Month | E71: 72 | G71: =+SUM(H71:CC71) -> 0
B72: A-2013 | C72: Customer Service Operations, including Account Registration, Tag Distribution, Account Top-up and Revenue Collection and Administration Services at Control Centres (if triggered)
B73: A-2013a | C73: Operations of 1 Customer Service Counter | D73: Month | E73: 72 | G73: =+SUM(H73:CC73) -> 0
B74: A-2013b | C74: Extra Over for the Operation of an additional Customer Service Counter | D74: Month | E74: 72 | G74: =+SUM(H74:CC74) -> 0
B75: A-2014 | C75: Operation of different work-station configurations at Customer Service (CS) Kiosks at locations remote from Control Centres, including for Account Registration, Tag Distribution, Account Top-up and Revenue Collection and Administration Services (if triggered)
B76: A-2014a | C76: Operation of 1 work station configuration (if triggered) | D76: Month | E76: 72 | G76: =+SUM(H76:CC76) -> 0
B77: A-2014b | C77: Extra Over for operation of an additional work station (if triggered) | D77: Month | E77: 72 | G77: =+SUM(H77:CC77) -> 0
B78: A-2014c | C78: Extra Over for operation 2 additional work stations (if triggered) | D78: Month | E78: 72 | G78: =+SUM(H78:CC78) -> 0
B79: A-2014d | C79: Extra Over for operation 3 additional work stations (if triggered) | D79: Month | E79: 72 | G79: =+SUM(H79:CC79) -> 0
B80: A-2014e | C80: Extra Over for operation 4 additional work stations (if triggered) | D80: Month | E80: 72 | G80: =+SUM(H80:CC80) -> 0
B81: A-2015 | C81: Call handling function: In-house handling of calls from the public during Operation Period (if triggered)
B82: A-2015a | C82: Call handling function: In-house handling of Calls from the public during the Operations Period (if triggered) - One Call handler | D82: Month | E82: 72 | G82: =+SUM(H82:CC82) -> 0
B83: A-2015b | C83: Call handling function: In-house handling of Calls from the public during the Operations Period (if triggered) - Two Call handlers | D83: Month | E83: 72 | G83: =+SUM(H83:CC83) -> 0
B84: A-2015c | C84: Call handling function: In-house handling of Calls from the public during the Operations Period (if triggered) - Three Call handlers | D84: Month | E84: 72 | G84: =+SUM(H84:CC84) -> 0
B85: A-2016 | C85: Contracts Engineer [Contractor’s Representative] | D85: Month | E85: 0 | G85: =+E85*F85 -> 0
B86: A-2017 | C86: Quality Control Officer | D86: Month | E86: 72 | G86: =+SUM(H86:CC86) -> 0
B87: A-2018 | C87: Maintenance Manager | D87: Month | E87: 0 | G87: =+E87*F87 -> 0
B88: A-2019 | C88: System/ software support specialist | D88: Month | E88: 0 | G88: =+E88*F88 -> 0
B89: A-2020 | C89: Network and Security Specialist | D89: Month | E89: 0 | G89: =+E89*F89 -> 0
B90: A-2021 | C90: Plaza technician(s) - over and above the technician to maintain the Toll System (if needed) | D90: Month | E90: 0 | G90: =+E90*F90 -> 0
B91: A-2022 | C91: SHEQ Officer | D91: Month | E91: 72 | G91: =+SUM(H91:CC91) -> 0
B92: A-2023 | C92: VGS Clerk | D92: Month | E92: 72 | G92: =+SUM(H92:CC92) -> 0
B93: A-3000 | C93: Financial Costs (Discounts, Exemption and bank fees) | G93: =SUM(G94:G102) -> 0 | H93: =SUM(H94:H102) -> 0 | I93: =SUM(I94:I102) -> 0 | J93: =SUM(J94:J102) -> 0 | K93: =SUM(K94:K102) -> 0 | L93: =SUM(L94:L102) -> 0 | M93: =SUM(M94:M102) -> 0 | N93: =SUM(N94:N102) -> 0 | ... CC93: =SUM(CC94:CC102) -> 0
B94: A-3001 | C94: Cash Deposit fees | D94: Month | E94: 72 | G94: =+SUM(H94:CC94) -> 0
B95: A-3002 | C95: Provision for Cash Collection Service | D95: Month | E95: 72 | G95: =+SUM(H95:CC95) -> 0
B96: A-3003 | C96: Risk of Income loss in respect of Exempt User Passages | D96: Month | E96: 72 | G96: =+SUM(H96:CC96) -> 0
B97: A-3004 | C97: Risk of Income loss in respect of Local and Regional Discounts | D97: Month | E97: 0 | G97: =+SUM(H97:CC97) -> 0
B98: A-3005 | C98: Risk of Income loss in respect of Frequent User Discounts | D98: Month | E98: 0 | G98: =+SUM(H98:CC98) -> 0
B99: A-3006 | C99: Risk of Income loss in respect of Run through Violations | D99: Month | E99: 72 | G99: =+SUM(H99:CC99) -> 0
B100: A-3007 | C100: Risk of Income loss in respect of No Payment Passages | D100: Month | E100: 72 | G100: =+SUM(H100:CC100) -> 0
B101: A-3008 | C101: Contractor Discounts Income Loss | D101: Month | E101: 72 | G101: =+SUM(H101:CC101) -> 0
B102: A-3009 | C102: Risk of Loss or Damage of Tags (per 100 Tags per month) | D102: Month | E102: 72 | G102: =+SUM(H102:CC102) -> 0
B103: A-4000 | C103: Utilities, Services and Levies | G103: =SUM(G104:G115) -> 10950000 | H103: =SUM(H104:H115) -> 0 | I103: =SUM(I104:I115) -> 0 | J103: =SUM(J104:J115) -> 152083.33 | K103: =SUM(K104:K115) -> 152083.33 | L103: =SUM(L104:L115) -> 152083.33 | M103: =SUM(M104:M115) -> 152083.33 | N103: =SUM(N104:N115) -> 152083.33 | ... CC103: =SUM(CC104:CC115) -> 152083.57
B104: A-4001-a | C104: Cost for the Supply of Electricity (Provisional Amounts) | D104: Month | E104: 72 | G104: =+SUM(H104:CC104) -> 6900000 | J104: =6900000/72 -> 95833.33 | K104: =6900000/72 -> 95833.33 | L104: =6900000/72 -> 95833.33 | M104: =6900000/72 -> 95833.33 | N104: =6900000/72 -> 95833.33 | O104: =6900000/72 -> 95833.33 | P104: =6900000/72 -> 95833.33 | Q104: =6900000/72 -> 95833.33 | ... CB104: =6900000/72 -> 95833.33 | CC104: =6900000/72+0.24 -> 95833.57
B105: A-4001-b | C105: ="Provision for overhead charges + profit in respect to A-4001-a" -> Provision for overhead charges + profit in respect to A-4001-a | D105: % | E105: =+G104 -> 6900000 | G105: =+E105*F105 -> 0 | J105: =J104*$F$105 -> 0 | K105: =K104*$F$105 -> 0 | L105: =L104*$F$105 -> 0 | M105: =M104*$F$105 -> 0 | N105: =N104*$F$105 -> 0 | O105: =O104*$F$105 -> 0 | P105: =P104*$F$105 -> 0 | Q105: =Q104*$F$105 -> 0 | ... CB105: =CB104*$F$105 -> 0 | CC105: =G105-SUM(H105:CB105) -> 0
B106: A-4002-a | C106: Cost for the Supply of Fuel (Provisional Amounts) | D106: Month | E106: 72 | G106: =+SUM(H106:CC106) -> 4050000 | J106: =4050000/72 -> 56250 | K106: =4050000/72 -> 56250 | L106: =4050000/72 -> 56250 | M106: =4050000/72 -> 56250 | N106: =4050000/72 -> 56250 | O106: =4050000/72 -> 56250 | P106: =4050000/72 -> 56250 | Q106: =4050000/72 -> 56250 | ... CC106: =4050000/72 -> 56250
...

Sheet Capricorn
B2: Item No | C2: Description | D2: Unit | E2: Quantity | F2: Rate | G2: TOTAL (6 Years) | H2: Est Period | J2: Operation Service Period - Year 1 | V2: Operation Service Period - Year 2 | AH2: Operation Service Period - Year 3 | AT2: Operation Service Period - Year 4 | BF2: Operation Service Period - Year 5 | BR2: Operation Service Period - Year 6
H3: ='Title Page'!C11 -> 46162 | I3: =DATE(YEAR(H3),MONTH(H3)+2,1)-1 -> 46203 | J3: =DATE(YEAR(I3),MONTH(I3)+2,1)-1 -> 46234 | K3: =DATE(YEAR(J3),MONTH(J3)+2,1)-1 -> 46265 | L3: =DATE(YEAR(K3),MONTH(K3)+2,1)-1 -> 46295 | M3: =DATE(YEAR(L3),MONTH(L3)+2,1)-1 -> 46326 | N3: =DATE(YEAR(M3),MONTH(M3)+2,1)-1 -> 46356 | O3: =DATE(YEAR(N3),MONTH(N3)+2,1)-1 -> 46387 | P3: =DATE(YEAR(O3),MONTH(O3)+2,1)-1 -> 46418 | ... CC3: =DATE(YEAR(CB3),MONTH(CB3)+2,1)-1 -> 48395
C6: Total Tendered F&V Cost (Incl VAT, in Rands) - to N2N Totals | G6: =+G7+G8 -> 1.4000503e+08
C7: 15 %VAT on Total Tendered F&V Cost (in Rands) | G7: =+G8*0.15 -> 18261525
C8: Total Tendered F&V Cost (Excl VAT, in Rands) | G8: =+G11 -> 1.217435e+08
F10: CHECK | G10: =+SUM(H30:CC54,H56:CC92,H94:CC102,H104:CC115,H118:CC127,H129:CC137,H139:CC147,H149:CC151,H153:CC163,H165:CC166,H168:CC168,H170:CC197,H201:CC214,H216:CC247,H249:CC263,H265:CC407,H409:CC411,H413:CC450,H455:CC489) -> 1.217435e+08 | H10: =G10=G11 -> TRUE | I10: =G28+G199+G454=G10 -> TRUE
C11: Total Tendered F&V Cost for A- and B Series (excl VAT) | G11: =+SUM(H11:CC11) -> 1.217435e+08 | H11: =+H21+H12+H24 -> 0 | I11: =+I21+I12+I24 -> 0 | J11: =+J21+J12+J24 -> 154861.11 | K11: =+K21+K12+K24 -> 154861.11 | L11: =+L21+L12+L24 -> 154861.11 | M11: =+M21+M12+M24 -> 154861.11 | N11: =+N21+N12+N24 -> 154861.11 | O11: =+O21+O12+O24 -> 154861.11 | ... CC11: =+CC21+CC12+CC24 -> 16137111
B12: A | C12: A Series: Operation Service | G12: =+SUM(H12:CC12) -> 63660000 | H12: =+H28 -> 0 | I12: =+I28 -> 0 | J12: =+J28 -> 101388.89 | K12: =+K28 -> 101388.89 | L12: =+L28 -> 101388.89 | M12: =+M28 -> 101388.89 | N12: =+N28 -> 101388.89 | O12: =+O28 -> 101388.89 | ... CC12: =+CC28 -> 9044722.2 | CD12: =G12=G28 -> TRUE
C13: Fixed Items | G13: =+SUM(H13:CC13) -> 7300000.1 | H13: =+H12-SUM(H14:H15) -> 0 | I13: =+I12-SUM(I14:I15) -> 0 | J13: =+J12-SUM(J14:J15) -> 101388.89 | K13: =+K12-SUM(K14:K15) -> 101388.89 | L13: =+L12-SUM(L14:L15) -> 101388.89 | M13: =+M12-SUM(M14:M15) -> 101388.89 | N13: =+N12-SUM(N14:N15) -> 101388.89 | O13: =+O12-SUM(O14:O15) -> 101388.89 | ... CC13: =+CC12-SUM(CC14:CC15) -> 101388.89
C14: Provisional Sums | G14: =+SUM(H14:CC14) -> 56360000 | H14: =+H169 -> 0 | I14: =+I169 -> 0 | J14: =+J169 -> 0 | K14: =+K169 -> 0 | L14: =+L169 -> 0 | M14: =+M169 -> 0 | N14: =+N169 -> 0 | O14: =+O169 -> 0 | ... CC14: =+CC169 -> 8943333.3
C15: Variable Operation Cost | G15: =+SUM(H15:CC15) -> 0 | H15: =+SUM(H16:H19) -> 0 | I15: =+SUM(I16:I19) -> 0 | J15: =+SUM(J16:J19) -> 0 | K15: =+SUM(K16:K19) -> 0 | L15: =+SUM(L16:L19) -> 0 | M15: =+SUM(M16:M19) -> 0 | N15: =+SUM(N16:N19) -> 0 | O15: =+SUM(O16:O19) -> 0 | ... CC15: =+SUM(CC16:CC19) -> 0
C16: Class 1 | D16: Month | E16: 72 | G16: =+SUM(H16:CC16) -> 0 | CD16: .
C17: Class 2 | D17: Month | E17: 72 | G17: =+SUM(H17:CC17) -> 0 | CD17: .
C18: Class 3 | D18: Month | E18: 72 | G18: =+SUM(H18:CC18) -> 0 | CD18: .
C19: Class 4 | D19: Month | E19: 72 | G19: =+SUM(H19:CC19) -> 0 | CD19: .
G20: =IF(SUM(G16:G19)=0,0,IF(AND((SUM(G16:G19)/G12)>0.4,G169=0),0.4,(SUM(G16:G19)/G12))) -> 0 | H20: =IF(SUM(H16:H19)=0,0,IF(AND((SUM(H16:H19)/H12)>0.4,H169=0),0.4,(SUM(H16:H19)/H12))) -> 0 | I20: =IF(SUM(I16:I19)=0,0,IF(AND((SUM(I16:I19)/I12)>0.4,I169=0),0.4,(SUM(I16:I19)/I12))) -> 0 | J20: =IF(SUM(J16:J19)=0,0,IF(AND((SUM(J16:J19)/J12)>0.4,J169=0),0.4,(SUM(J16:J19)/J12))) -> 0 | K20: =IF(SUM(K16:K19)=0,0,IF(AND((SUM(K16:K19)/K12)>0.4,K169=0),0.4,(SUM(K16:K19)/K12))) -> 0 | L20: =IF(SUM(L16:L19)=0,0,IF(AND((SUM(L16:L19)/L12)>0.4,L169=0),0.4,(SUM(L16:L19)/L12))) -> 0 | M20: =IF(SUM(M16:M19)=0,0,IF(AND((SUM(M16:M19)/M12)>0.4,M169=0),0.4,(SUM(M16:M19)/M12))) -> 0 | N20: =IF(SUM(N16:N19)=0,0,IF(AND((SUM(N16:N19)/N12)>0.4,N169=0),0.4,(SUM(N16:N19)/N12))) -> 0 | ... CC20: =IF(SUM(CC16:CC19)=0,0,IF(AND((SUM(CC16:CC19)/CC12)>0.4,CC169=0),0.4,(SUM(CC16:CC19)/CC12))) -> 0
B21: B | C21: B Series: Design Build | G21: =+SUM(H21:CC21) -> 50030000 | H21: =+H199 -> 0 | I21: =+I199 -> 0 | J21: =+J199 -> 53472.22 | K21: =+K199 -> 53472.22 | L21: =+L199 -> 53472.22 | M21: =+M199 -> 53472.22 | N21: =+N199 -> 53472.22 | O21: =+O199 -> 53472.22 | ... CC21: =+CC199 -> 5750139.1 | CD21: =G21=G199 -> TRUE
C22: Fixed Items | G22: =+SUM(H22:CC22) -> 2250000 | H22: =+H21-H23 -> 0 | I22: =+I21-I23 -> 0 | J22: =+J21-J23 -> 31250 | K22: =+K21-K23 -> 31250 | L22: =+L21-L23 -> 31250 | M22: =+M21-M23 -> 31250 | N22: =+N21-N23 -> 31250 | O22: =+O21-O23 -> 31250 | ... CC22: =+CC21-CC23 -> 31250
C23: Provisional Sums | G23: =+SUM(H23:CC23) -> 47780000 | H23: =+H412 -> 0 | I23: =+I412 -> 0 | J23: =+J412 -> 22222.22 | K23: =+K412 -> 22222.22 | L23: =+L412 -> 22222.22 | M23: =+M412 -> 22222.22 | N23: =+N412 -> 22222.22 | O23: =+O412 -> 22222.22 | ... CC23: =+CC412 -> 5718889.1
B24: D | C24: D Series: Contract Participation, etc | G24: =+SUM(H24:CC24) -> 8053500 | H24: =+H454 -> 0 | I24: =+I454 -> 0 | J24: =+J454 -> 0 | K24: =+K454 -> 0 | L24: =+L454 -> 0 | M24: =+M454 -> 0 | N24: =+N454 -> 0 | O24: =+O454 -> 0 | ... CC24: =+CC454 -> 1342249.9 | CD24: =G24=G454 -> TRUE
C25: Fixed Items | G25: =+SUM(H25:CC25) -> 0 | H25: =H24-H26 -> 0 | I25: =I24-I26 -> 0 | J25: =J24-J26 -> 0 | K25: =K24-K26 -> 0 | L25: =L24-L26 -> 0 | M25: =M24-M26 -> 0 | N25: =N24-N26 -> 0 | O25: =O24-O26 -> 0 | ... CC25: =CC24-CC26 -> 0
C26: Provisional Sums | G26: =+SUM(H26:CC26) -> 8053500 | H26: =SUM(H455,H457,H458,H471:H472,H478:H481,H483,H485,H487:H488) -> 0 | I26: =SUM(I455,I457,I458,I471:I472,I478:I481,I483,I485,I487:I488) -> 0 | J26: =SUM(J455,J457,J458,J471:J472,J478:J481,J483,J485,J487:J488) -> 0 | K26: =SUM(K455,K457,K458,K471:K472,K478:K481,K483,K485,K487:K488) -> 0 | L26: =SUM(L455,L457,L458,L471:L472,L478:L481,L483,L485,L487:L488) -> 0 | M26: =SUM(M455,M457,M458,M471:M472,M478:M481,M483,M485,M487:M488) -> 0 | N26: =SUM(N455,N457,N458,N471:N472,N478:N481,N483,N485,N487:N488) -> 0 | O26: =SUM(O455,O457,O458,O471:O472,O478:O481,O483,O485,O487:O488) -> 0 | ... CC26: =SUM(CC455,CC457,CC458,CC471:CC472,CC478:CC481,CC483,CC485,CC487:CC488) -> 1342249.9
B28: A Series | C28: Operation Service | G28: =+SUM(G29,G55,G93,G103,G116,G148,G152,G164,G167,G169) -> 63660000 | H28: =+SUM(H29,H55,H93,H103,H116,H148,H152,H164,H167,H169) -> 0 | I28: =+SUM(I29,I55,I93,I103,I116,I148,I152,I164,I167,I169) -> 0 | J28: =+SUM(J29,J55,J93,J103,J116,J148,J152,J164,J167,J169) -> 101388.89 | K28: =+SUM(K29,K55,K93,K103,K116,K148,K152,K164,K167,K169) -> 101388.89 | L28: =+SUM(L29,L55,L93,L103,L116,L148,L152,L164,L167,L169) -> 101388.89 | M28: =+SUM(M29,M55,M93,M103,M116,M148,M152,M164,M167,M169) -> 101388.89 | N28: =+SUM(N29,N55,N93,N103,N116,N148,N152,N164,N167,N169) -> 101388.89 | ... CC28: =+SUM(CC29,CC55,CC93,CC103,CC116,CC148,CC152,CC164,CC167,CC169) -> 9044722.2
B29: A-1000 | C29: General Contractors Obligations | G29: =SUM(G30:G54) -> 0 | H29: =SUM(H30:H54) -> 0 | I29: =SUM(I30:I54) -> 0 | J29: =SUM(J30:J54) -> 0 | K29: =SUM(K30:K54) -> 0 | L29: =SUM(L30:L54) -> 0 | M29: =SUM(M30:M54) -> 0 | N29: =SUM(N30:N54) -> 0 | ... CC29: =SUM(CC30:CC54) -> 0
B30: A-1001 | C30: Contractors General Obligations for the duration of the Operations Service Period
B31: A-1001a | C31: Contractors General Obligations for the duration of the Operations Service Period – Establishment Period | D31: Week | E31: 6 | G31: =+SUM(H31:CC31) -> 0
B32: A-1001b | C32: Contractor’s General Obligations during Operations Period - Section 1 (Using the Toll System handed over) | D32: Month | E32: 48 | G32: =+SUM(H32:CC32) -> 0
B33: A-1001c | C33: Contractor’s General Obligations during Operations Period - Section 2 & 3 (Using the upgraded Toll System) | D33: Month | E33: 12 | G33: =+SUM(H33:CC33) -> 0
B34: A-1001d | C34: Contractor’s General Obligations during Operations Period - Section 4 (Using the SANRAL MIS) | D34: Month | E34: 6 | G34: =+SUM(H34:CC34) -> 0
B35: A-1001e | C35: Contractor’s General Obligations during Operations Period - Section 5 (Using the national SANRAL Toll System) | D35: Month | E35: 6 | G35: =+SUM(H35:CC35) -> 0
B36: A-1002 | C36: Provision of Performance Security | D36: Year | E36: 6 | G36: =+SUM(H36:CC36) -> 0
B37: A-1003 | C37: Compliance with Laws | D37: Month | E37: 72 | G37: =+SUM(H37:CC37) -> 0
B38: A-1004 | C38: Compliance with Health and Safety Requirements | D38: Month | E38: 72 | G38: =+SUM(H38:CC38) -> 0
B39: A-1005 | C39: Compliance with Environmental Requirements | D39: Month | E39: 72 | G39: =+SUM(H39:CC39) -> 0
B40: A-1006 | C40: Compliance with Social Responsibility Requirements | D40: Month | E40: 72 | G40: =+SUM(H40:CC40) -> 0
B41: A-1007 | C41: Provision and Maintenance of Adequate Insurance | D41: Month | E41: 72 | G41: =+SUM(H41:CC41) -> 0
B42: A-1008 | C42: Provision and Maintenance of Contractor's Equipment | D42: Month | E42: 72 | G42: =+SUM(H42:CC42) -> 0
... B44: A-1010 | C44: Training of Personnel and other training obligations | D44: Month | E44: 72 | G44: =+SUM(H44:CC44) -> 0
B45: A-1011 | C45: Completion of Operation Service Period | D45: Lump Sum | E45: 1 | G45: =+E45*F45 -> 0 | CC45: =G45-SUM(J45:CB45) -> 0
B46: A-1012 | C46: Extra Over Cost for Taking over of upgraded & new assets during contract period (if triggered) | D46: Lump Sum | E46: 1 | G46: =+E46*F46 -> 0 | U46: =G46/6 -> 0 | AG46: =G46/6 -> 0 | AS46: =G46/6 -> 0 | BE46: =G46/6 -> 0 | BQ46: =G46/6 -> 0 | CC46: =G46-SUM(J46:CB46) -> 0
B47: A-1013 | C47: ESCROW for commissioning System application software (not toll system related) | D47: Month | E47: 72 | G47: =+SUM(H47:CC47) -> 0
B48: A-1014 | C48: Updating Integrated Transport Information System (ITIS) Modules | D48: Month | E48: 72 | G48: =+SUM(H48:CC48) -> 0
B49: A-1015 | C49: Liaison with Service Providers | D49: Month | E49: 72 | G49: =+SUM(H49:CC49) -> 0
B50: A-1016 | C50: Mentoring Targeted Enterprise (New Entrant-Developing Operator)
B51: A-1016a | C51: Identify and train Targeted Enterprise (New Entrant-Developing Operator) | D51: Month | E51: 12 | G51: =+SUM(H51:CC51) -> 0
B52: A-1016b | C52: Oversee of Targeted Enterprise (New Entrant-Developing Operator) management of Toll Plaza | D52: Month | E52: 60 | G52: =+SUM(H52:CC52) -> 0
B53: A-1017 | C53: Extra over costs for the supervision of the Nominated Subcontractor | D53: Month | E53: 72 | G53: =+SUM(H53:CC53) -> 0
B54: A-1018 | C54: Extra over costs for the supervision of the Incumbent System Integrator | D54: Month | E54: 18 | G54: =+SUM(H54:CC54) -> 0
B55: A-2000 | C55: Provisioning of Staff and Labour | G55: =SUM(G56:G92) -> 0 | H55: =SUM(H56:H92) -> 0 | I55: =SUM(I56:I92) -> 0 | J55: =SUM(J56:J92) -> 0 | K55: =SUM(K56:K92) -> 0 | L55: =SUM(L56:L92) -> 0 | M55: =SUM(M56:M92) -> 0 | N55: =SUM(N56:N92) -> 0 | ... CC55: =SUM(CC56:CC92) -> 0
B56: A-2001 | C56: Toll Collectors | D56: Month | E56: 72 | G56: =+SUM(H56:CC56) -> 0
B57: A-2002 | C57: Senior Toll Collectors | D57: Month | E57: 72 | G57: =+SUM(H57:CC57) -> 0
B58: A-2003 | C58: Seasonal Toll Collectors | D58: Month | E58: 72 | G58: =+SUM(H58:CC58) -> 0
B59: A-2004 | C59: Shift Supervisors | D59: Month | E59: 72 | G59: =+SUM(H59:CC59) -> 0
B60: A-2005 | C60: Plaza Managers | D60: Month | E60: 72 | G60: =+SUM(H60:CC60) -> 0
B61: A-2006 | C61: Administrative Personnel | D61: Month | E61: 72 | G61: =+SUM(H61:CC61) -> 0
B62: A-2007 | C62: Lane, Garden and Plaza Attendants | D62: Month | E62: 72 | G62: =+SUM(H62:CC62) -> 0
B63: A-2008 | C63: Technical Staff | D63: Month | E63: 72 | G63: =+SUM(H63:CC63) -> 0
B64: A-2009 | C64: Transport of Personnel | D64: Month | E64: 72 | G64: =+SUM(H64:CC64) -> 0
B65: A-2010 | C65: Additional Toll Collectors due to Lane Expansion/ Reversible Lane Creation (if triggered) | D65: Month | E65: 72 | G65: =+SUM(H65:CC65) -> 0
B66: A-2011 | C66: Extra Over or Saving of Operation Cost if Dedicated ETC / Card lanes are implemented
B67: A-2011a | C67: Extra over or saving of Operational costs if additional Dedicated ETC lanes are implemented (1 lane/direction) (If triggered) | D67: Month | E67: 24 | G67: =+SUM(H67:CC67) -> 0
B68: A-2011b | C68: Extra over or saving of Operational Costs if additional Dedicated ETC lanes are implemented (2 lanes/direction) (if triggered) | D68: Month | E68: Rate Only | G68: =+SUM(H68:CC68) -> 0
B69: A-2011c | C69: Extra over or saving of Operational costs if additional Dedicated ETC lanes are implemented (3 lanes/direction) (If triggered) | D69: Month | E69: Rate Only | G69: =+SUM(H69:CC69) -> 0
B70: A-2011d | C70: Extra over or Saving of Operational Costs if Dedicated Card lanes are implemented (1 lane/direction) | D70: Month | E70: Rate Only | G70: =+SUM(H70:CC70) -> 0
B71: A-2012 | C71: Management of functional Customer Service, Including Account Registration, Tag Distribution, Account Top-Up as well as Revenue Management | D71: Month | E71: 72 | G71: =+SUM(H71:CC71) -> 0
B72: A-2013 | C72: Customer Service Operations, including Account Registration, Tag Distribution, Account Top-up and Revenue Collection and Administration Services at Control Centres (if triggered)
B73: A-2013a | C73: Operations of 1 Customer Service Counter | D73: Month | E73: 72 | G73: =+SUM(H73:CC73) -> 0
B74: A-2013b | C74: Extra Over for the Operation of an additional Customer Service Counter | D74: Month | E74: 72 | G74: =+SUM(H74:CC74) -> 0
B75: A-2014 | C75: Operation of different work-station configurations at Customer Service (CS) Kiosks at locations remote from Control Centres, including for Account Registration, Tag Distribution, Account Top-up and Revenue Collection and Administration Services (if triggered)
B76: A-2014a | C76: Operation of 1 work station configuration (if triggered) | D76: Month | E76: 72 | G76: =+SUM(H76:CC76) -> 0
B77: A-2014b | C77: Extra Over for operation of an additional work station (if triggered) | D77: Month | E77: 72 | G77: =+SUM(H77:CC77) -> 0
B78: A-2014c | C78: Extra Over for operation 2 additional work stations (if triggered) | D78: Month | E78: 72 | G78: =+SUM(H78:CC78) -> 0
B79: A-2014d | C79: Extra Over for operation 3 additional work stations (if triggered) | D79: Month | E79: 72 | G79: =+SUM(H79:CC79) -> 0
B80: A-2014e | C80: Extra Over for operation 4 additional work stations (if triggered) | D80: Month | E80: 72 | G80: =+SUM(H80:CC80) -> 0
B81: A-2015 | C81: Call handling function: In-house handling of calls from the public during Operation Period (if triggered)
B82: A-2015a | C82: Call handling function: In-house handling of Calls from the public during the Operations Period (if triggered) - One Call handler | D82: Month | E82: 72 | G82: =+SUM(H82:CC82) -> 0
B83: A-2015b | C83: Call handling function: In-house handling of Calls from the public during the Operations Period (if triggered) - Two Call handlers | D83: Month | E83: 72 | G83: =+SUM(H83:CC83) -> 0
B84: A-2015c | C84: Call handling function: In-house handling of Calls from the public during the Operations Period (if triggered) - Three Call handlers | D84: Month | E84: 72 | G84: =+SUM(H84:CC84) -> 0
B85: A-2016 | C85: Contracts Engineer [Contractor’s Representative] | D85: Month | E85: 0 | G85: =+E85*F85 -> 0
B86: A-2017 | C86: Quality Control Officer | D86: Month | E86: 72 | G86: =+SUM(H86:CC86) -> 0
B87: A-2018 | C87: Maintenance Manager | D87: Month | E87: 0 | G87: =+E87*F87 -> 0
B88: A-2019 | C88: System/ software support specialist | D88: Month | E88: 0 | G88: =+E88*F88 -> 0
B89: A-2020 | C89: Network and Security Specialist | D89: Month | E89: 0 | G89: =+E89*F89 -> 0
B90: A-2021 | C90: Plaza technician(s) - over and above the technician to maintain the Toll System (if needed) | D90: Month | E90: 0 | G90: =+E90*F90 -> 0
B91: A-2022 | C91: SHEQ Officer | D91: Month | E91: 72 | G91: =+SUM(H91:CC91) -> 0
B92: A-2023 | C92: VGS Clerk | D92: Month | E92: 72 | G92: =+SUM(H92:CC92) -> 0
B93: A-3000 | C93: Financial Costs (Discounts, Exemption and bank fees) | G93: =SUM(G94:G102) -> 0 | H93: =SUM(H94:H102) -> 0 | I93: =SUM(I94:I102) -> 0 | J93: =SUM(J94:J102) -> 0 | K93: =SUM(K94:K102) -> 0 | L93: =SUM(L94:L102) -> 0 | M93: =SUM(M94:M102) -> 0 | N93: =SUM(N94:N102) -> 0 | ... CC93: =SUM(CC94:CC102) -> 0
B94: A-3001 | C94: Cash Deposit fees | D94: Month | E94: 72 | G94: =+SUM(H94:CC94) -> 0
B95: A-3002 | C95: Provision for Cash Collection Service | D95: Month | E95: 72 | G95: =+SUM(H95:CC95) -> 0
B96: A-3003 | C96: Risk of Income loss in respect of Exempt User Passages | D96: Month | E96: 72 | G96: =+SUM(H96:CC96) -> 0
B97: A-3004 | C97: Risk of Income loss in respect of Local and Regional Discounts | D97: Month | E97: 72 | G97: =+SUM(H97:CC97) -> 0
B98: A-3005 | C98: Risk of Income loss in respect of Frequent User Discounts | D98: Month | E98: 72 | G98: =+SUM(H98:CC98) -> 0
B99: A-3006 | C99: Risk of Income loss in respect of Run through Violations | D99: Month | E99: 72 | G99: =+SUM(H99:CC99) -> 0
B100: A-3007 | C100: Risk of Income loss in respect of No Payment Passages | D100: Month | E100: 72 | G100: =+SUM(H100:CC100) -> 0
B101: A-3008 | C101: Contractor Discounts Income Loss | D101: Month | E101: 72 | G101: =+SUM(H101:CC101) -> 0
B102: A-3009 | C102: Risk of Loss or Damage of Tags (per 100 Tags per month) | D102: Month | E102: 72 | G102: =+SUM(H102:CC102) -> 0
B103: A-4000 | C103: Utilities, Services and Levies | G103: =SUM(G104:G115) -> 7300000.1 | H103: =SUM(H104:H115) -> 0 | I103: =SUM(I104:I115) -> 0 | J103: =SUM(J104:J115) -> 101388.89 | K103: =SUM(K104:K115) -> 101388.89 | L103: =SUM(L104:L115) -> 101388.89 | M103: =SUM(M104:M115) -> 101388.89 | N103: =SUM(N104:N115) -> 101388.89 | ... CC103: =SUM(CC104:CC115) -> 101388.89
B104: A-4001-a | C104: Cost for the Supply of Electricity (Provisional Amounts) | D104: Month | E104: 72 | G104: =+SUM(H104:CC104) -> 4600000.1 | J104: =4600000/72 -> 63888.89 | K104: =4600000/72 -> 63888.89 | L104: =4600000/72 -> 63888.89 | M104: =4600000/72 -> 63888.89 | N104: =4600000/72 -> 63888.89 | O104: =4600000/72 -> 63888.89 | P104: =4600000/72 -> 63888.89 | Q104: =4600000/72 -> 63888.89 | ... CC104: =4600000/72 -> 63888.89
B105: A-4001-b | C105: ="Provision for overhead charges + profit in respect to A-4001-a" -> Provision for overhead charges + profit in respect to A-4001-a | D105: % | E105: =+G104 -> 4600000 | G105: =+E105*F105 -> 0 | J105: =J104*$F$105 -> 0 | K105: =K104*$F$105 -> 0 | L105: =L104*$F$105 -> 0 | M105: =M104*$F$105 -> 0 | N105: =N104*$F$105 -> 0 | O105: =O104*$F$105 -> 0 | P105: =P104*$F$105 -> 0 | Q105: =Q104*$F$105 -> 0 | ... CB105: =CB104*$F$105 -> 0 | CC105: =G105-SUM(H105:CB105) -> 0
B106: A-4002-a | C106: Cost for the Supply of Fuel (Provisional Amounts) | D106: Month | E106: 72 | G106: =+SUM(H106:CC106) -> 2700000 | J106: =2700000/72 -> 37500 | K106: =2700000/72 -> 37500 | L106: =2700000/72 -> 37500 | M106: =2700000/72 -> 37500 | N106: =2700000/72 -> 37500 | O106: =2700000/72 -> 37500 | P106: =2700000/72 -> 37500 | Q106: =2700000/72 -> 37500 | ... CC106: =2700000/72 -> 37500
...

Sheet Baobab
B2: Item No | C2: Description | D2: Unit | E2: Quantity | F2: Rate | G2: TOTAL (6 Years) | H2: Est Period | J2: Operation Service Period - Year 1 | V2: Operation Service Period - Year 2 | AH2: Operation Service Period - Year 3 | AT2: Operation Service Period - Year 4 | BF2: Operation Service Period - Year 5 | BR2: Operation Service Period - Year 6
H3: ='Title Page'!C11 -> 46162 | I3: =DATE(YEAR(H3),MONTH(H3)+2,1)-1 -> 46203 | J3: =DATE(YEAR(I3),MONTH(I3)+2,1)-1 -> 46234 | K3: =DATE(YEAR(J3),MONTH(J3)+2,1)-1 -> 46265 | L3: =DATE(YEAR(K3),MONTH(K3)+2,1)-1 -> 46295 | M3: =DATE(YEAR(L3),MONTH(L3)+2,1)-1 -> 46326 | N3: =DATE(YEAR(M3),MONTH(M3)+2,1)-1 -> 46356 | O3: =DATE(YEAR(N3),MONTH(N3)+2,1)-1 -> 46387 | P3: =DATE(YEAR(O3),MONTH(O3)+2,1)-1 -> 46418 | ... CC3: =DATE(YEAR(CB3),MONTH(CB3)+2,1)-1 -> 48395
C6: Total Tendered F&V Cost (Incl VAT, in Rands) - to N2N Totals | G6: =+G7+G8 -> 202392525
C7: 15 %VAT on Total Tendered F&V Cost (in Rands) | G7: =+G8*0.15 -> 26399025
C8: Total Tendered F&V Cost (Excl VAT, in Rands) | G8: =+G11 -> 175993500
F10: CHECK | G10: =+SUM(H30:CC54,H56:CC92,H94:CC102,H104:CC115,H118:CC127,H129:CC137,H139:CC147,H149:CC151,H153:CC163,H165:CC166,H168:CC168,H170:CC197,H201:CC214,H216:CC247,H249:CC263,H265:CC407,H409:CC411,H413:CC450,H455:CC489) -> 160393500 | H10: =G10=G11 -> FALSE | I10: =G10=G28+G199+G454 -> FALSE
C11: Total Tendered F&V Cost for A- and B Series (excl VAT) | G11: =+SUM(H11:CC11) -> 175993500 | H11: =+H21+H12+H24 -> 0 | I11: =+I21+I12+I24 -> 0 | J11: =+J21+J12+J24 -> 205555.55 | K11: =+K21+K12+K24 -> 205555.55 | L11: =+L21+L12+L24 -> 205555.55 | M11: =+M21+M12+M24 -> 205555.55 | N11: =+N21+N12+N24 -> 205555.55 | O11: =+O21+O12+O24 -> 205555.55 | ... CC11: =+CC21+CC12+CC24 -> 22162806
B12: A | C12: A Series: Operation Service | G12: =+SUM(H12:CC12) -> 87310000 | H12: =+H28 -> 0 | I12: =+I28 -> 0 | J12: =+J28 -> 152083.33 | K12: =+K28 -> 152083.33 | L12: =+L28 -> 152083.33 | M12: =+M28 -> 152083.33 | N12: =+N28 -> 152083.33 | O12: =+O28 -> 152083.33 | ... CC12: =+CC28 -> 12428750 | CD12: =G12=G28 -> TRUE
C13: Fixed Items | G13: =+SUM(H13:CC13) -> 10950000 | H13: =+H12-SUM(H14:H15) -> 0 | I13: =+I12-SUM(I14:I15) -> 0 | J13: =+J12-SUM(J14:J15) -> 152083.33 | K13: =+K12-SUM(K14:K15) -> 152083.33 | L13: =+L12-SUM(L14:L15) -> 152083.33 | M13: =+M12-SUM(M14:M15) -> 152083.33 | N13: =+N12-SUM(N14:N15) -> 152083.33 | O13: =+O12-SUM(O14:O15) -> 152083.33 | ... CC13: =+CC12-SUM(CC14:CC15) -> 152083.57
C14: Provisional Sums | G14: =+SUM(H14:CC14) -> 76360000 | H14: =+H169 -> 0 | I14: =+I169 -> 0 | J14: =+J169 -> 0 | K14: =+K169 -> 0 | L14: =+L169 -> 0 | M14: =+M169 -> 0 | N14: =+N169 -> 0 | O14: =+O169 -> 0 | ... CC14: =+CC169 -> 12276667
C15: Variable Operation Cost | G15: =+SUM(H15:CC15) -> 0 | H15: =+SUM(H16:H19) -> 0 | I15: =+SUM(I16:I19) -> 0 | J15: =+SUM(J16:J19) -> 0 | K15: =+SUM(K16:K19) -> 0 | L15: =+SUM(L16:L19) -> 0 | M15: =+SUM(M16:M19) -> 0 | N15: =+SUM(N16:N19) -> 0 | O15: =+SUM(O16:O19) -> 0 | ... CC15: =+SUM(CC16:CC19) -> 0
C16: Class 1 | D16: Month | E16: 72 | G16: =+SUM(H16:CC16) -> 0 | CD16: .
C17: Class 2 | D17: Month | E17: 72 | G17: =+SUM(H17:CC17) -> 0 | CD17: .
C18: Class 3 | D18: Month | E18: 72 | G18: =+SUM(H18:CC18) -> 0 | CD18: .
C19: Class 4 | D19: Month | E19: 72 | G19: =+SUM(H19:CC19) -> 0 | CD19: .
G20: =IF(SUM(G16:G19)=0,0,IF(AND((SUM(G16:G19)/G12)>0.4,G169=0),0.4,(SUM(G16:G19)/G12))) -> 0 | H20: =IF(SUM(H16:H19)=0,0,IF(AND((SUM(H16:H19)/H12)>0.4,H169=0),0.4,(SUM(H16:H19)/H12))) -> 0 | I20: =IF(SUM(I16:I19)=0,0,IF(AND((SUM(I16:I19)/I12)>0.4,I169=0),0.4,(SUM(I16:I19)/I12))) -> 0 | J20: =IF(SUM(J16:J19)=0,0,IF(AND((SUM(J16:J19)/J12)>0.4,J169=0),0.4,(SUM(J16:J19)/J12))) -> 0 | K20: =IF(SUM(K16:K19)=0,0,IF(AND((SUM(K16:K19)/K12)>0.4,K169=0),0.4,(SUM(K16:K19)/K12))) -> 0 | L20: =IF(SUM(L16:L19)=0,0,IF(AND((SUM(L16:L19)/L12)>0.4,L169=0),0.4,(SUM(L16:L19)/L12))) -> 0 | M20: =IF(SUM(M16:M19)=0,0,IF(AND((SUM(M16:M19)/M12)>0.4,M169=0),0.4,(SUM(M16:M19)/M12))) -> 0 | N20: =IF(SUM(N16:N19)=0,0,IF(AND((SUM(N16:N19)/N12)>0.4,N169=0),0.4,(SUM(N16:N19)/N12))) -> 0 | ... CC20: =IF(SUM(CC16:CC19)=0,0,IF(AND((SUM(CC16:CC19)/CC12)>0.4,CC169=0),0.4,(SUM(CC16:CC19)/CC12))) -> 0
B21: B | C21: B Series: Design Build | G21: =+SUM(H21:CC21) -> 80630000 | H21: =+H199 -> 0 | I21: =+I199 -> 0 | J21: =+J199 -> 53472.22 | K21: =+K199 -> 53472.22 | L21: =+L199 -> 53472.22 | M21: =+M199 -> 53472.22 | N21: =+N199 -> 53472.22 | O21: =+O199 -> 53472.22 | ... CC21: =+CC199 -> 8391805.7 | CD21: =G21=G199 -> TRUE
C22: Fixed Items | G22: =+SUM(H22:CC22) -> 2250000 | H22: =+H21-H23 -> 0 | I22: =+I21-I23 -> 0 | J22: =+J21-J23 -> 31250 | K22: =+K21-K23 -> 31250 | L22: =+L21-L23 -> 31250 | M22: =+M21-M23 -> 31250 | N22: =+N21-N23 -> 31250 | O22: =+O21-O23 -> 31250 | ... CC22: =+CC21-CC23 -> 31250
C23: Provisional Sums | G23: =+SUM(H23:CC23) -> 78380000 | H23: =+H412 -> 0 | I23: =+I412 -> 0 | J23: =+J412 -> 22222.22 | K23: =+K412 -> 22222.22 | L23: =+L412 -> 22222.22 | M23: =+M412 -> 22222.22 | N23: =+N412 -> 22222.22 | O23: =+O412 -> 22222.22 | ... CC23: =+CC412 -> 8360555.7
B24: D | C24: D Series: Contract Participation, etc | G24: =+SUM(H24:CC24) -> 8053500 | H24: =+H454 -> 0 | I24: =+I454 -> 0 | J24: =+J454 -> 0 | K24: =+K454 -> 0 | L24: =+L454 -> 0 | M24: =+M454 -> 0 | N24: =+N454 -> 0 | O24: =+O454 -> 0 | ... CC24: =+CC454 -> 1342249.9 | CD24: =G24=G454 -> TRUE
C25: Fixed Items | G25: =+SUM(H25:CC25) -> 0 | H25: =H24-H26 -> 0 | I25: =I24-I26 -> 0 | J25: =J24-J26 -> 0 | K25: =K24-K26 -> 0 | L25: =L24-L26 -> 0 | M25: =M24-M26 -> 0 | N25: =N24-N26 -> 0 | O25: =O24-O26 -> 0 | ... CC25: =CC24-CC26 -> 0
C26: Provisional Sums | G26: =+SUM(H26:CC26) -> 8053500 | H26: =SUM(H455,H457,H458,H471:H472,H478:H481,H483,H485,H487:H488) -> 0 | I26: =SUM(I455,I457,I458,I471:I472,I478:I481,I483,I485,I487:I488) -> 0 | J26: =SUM(J455,J457,J458,J471:J472,J478:J481,J483,J485,J487:J488) -> 0 | K26: =SUM(K455,K457,K458,K471:K472,K478:K481,K483,K485,K487:K488) -> 0 | L26: =SUM(L455,L457,L458,L471:L472,L478:L481,L483,L485,L487:L488) -> 0 | M26: =SUM(M455,M457,M458,M471:M472,M478:M481,M483,M485,M487:M488) -> 0 | N26: =SUM(N455,N457,N458,N471:N472,N478:N481,N483,N485,N487:N488) -> 0 | O26: =SUM(O455,O457,O458,O471:O472,O478:O481,O483,O485,O487:O488) -> 0 | ... CC26: =SUM(CC455,CC457,CC458,CC471:CC472,CC478:CC481,CC483,CC485,CC487:CC488) -> 1342249.9
B28: A Series | C28: Operation Service | G28: =+SUM(G29,G55,G93,G103,G116,G148,G152,G164,G167,G169) -> 87310000 | H28: =+SUM(H29,H55,H93,H103,H116,H148,H152,H164,H167,H169) -> 0 | I28: =+SUM(I29,I55,I93,I103,I116,I148,I152,I164,I167,I169) -> 0 | J28: =+SUM(J29,J55,J93,J103,J116,J148,J152,J164,J167,J169) -> 152083.33 | K28: =+SUM(K29,K55,K93,K103,K116,K148,K152,K164,K167,K169) -> 152083.33 | L28: =+SUM(L29,L55,L93,L103,L116,L148,L152,L164,L167,L169) -> 152083.33 | M28: =+SUM(M29,M55,M93,M103,M116,M148,M152,M164,M167,M169) -> 152083.33 | N28: =+SUM(N29,N55,N93,N103,N116,N148,N152,N164,N167,N169) -> 152083.33 | ... CC28: =+SUM(CC29,CC55,CC93,CC103,CC116,CC148,CC152,CC164,CC167,CC169) -> 12428750
B29: A-1000 | C29: General Contractors Obligations | G29: =SUM(G30:G54) -> 0 | H29: =SUM(H30:H54) -> 0 | I29: =SUM(I30:I54) -> 0 | J29: =SUM(J30:J54) -> 0 | K29: =SUM(K30:K54) -> 0 | L29: =SUM(L30:L54) -> 0 | M29: =SUM(M30:M54) -> 0 | N29: =SUM(N30:N54) -> 0 | ... CC29: =SUM(CC30:CC54) -> 0
B30: A-1001 | C30: Contractors General Obligations for the duration of the Operations Service Period
B31: A-1001a | C31: Contractors General Obligations for the duration of the Operations Service Period – Establishment Period | D31: Week | E31: 6 | G31: =+SUM(H31:CC31) -> 0
B32: A-1001b | C32: Contractor’s General Obligations during Operations Period - Section 1 (Using the Toll System handed over) | D32: Month | E32: 48 | G32: =+SUM(H32:CC32) -> 0
B33: A-1001c | C33: Contractor’s General Obligations during Operations Period - Section 2 & 3 (Using the upgraded Toll System) | D33: Month | E33: 12 | G33: =+SUM(H33:CC33) -> 0
B34: A-1001d | C34: Contractor’s General Obligations during Operations Period - Section 4 (Using the SANRAL MIS) | D34: Month | E34: 6 | G34: =+SUM(H34:CC34) -> 0
B35: A-1001e | C35: Contractor’s General Obligations during Operations Period - Section 5 (Using the national SANRAL Toll System) | D35: Month | E35: 6 | G35: =+SUM(H35:CC35) -> 0
B36: A-1002 | C36: Provision of Performance Security | D36: Yearly | E36: 6 | G36: =+SUM(H36:CC36) -> 0
B37: A-1003 | C37: Compliance with Laws | D37: Month | E37: 72 | G37: =+SUM(H37:CC37) -> 0
B38: A-1004 | C38: Compliance with Health and Safety Requirements | D38: Month | E38: 72 | G38: =+SUM(H38:CC38) -> 0
B39: A-1005 | C39: Compliance with Environmental Requirements | D39: Month | E39: 72 | G39: =+SUM(H39:CC39) -> 0
B40: A-1006 | C40: Compliance with Social Responsibility Requirements | D40: Month | E40: 72 | G40: =+SUM(H40:CC40) -> 0
B41: A-1007 | C41: Provision and Maintenance of Adequate Insurance | D41: Month | E41: 72 | G41: =+SUM(H41:CC41) -> 0
B42: A-1008 | C42: Provision and Maintenance of Contractor's Equipment | D42: Month | E42: 72 | G42: =+SUM(H42:CC42) -> 0
... B44: A-1010 | C44: Training of Personnel and other training obligations | D44: Month | E44: 72 | G44: =+SUM(H44:CC44) -> 0
B45: A-1011 | C45: Completion of Operation Service Period | D45: Lump Sum | E45: 1 | G45: =+E45*F45 -> 0 | CC45: =G45 -> 0
B46: A-1012 | C46: Extra Over Cost for Taking over of upgraded & new assets during contract period (if triggered) | D46: Lump Sum | E46: 1 | G46: =+E46*F46 -> 0 | U46: =G46/6 -> 0 | AG46: =G46/6 -> 0 | AS46: =G46/6 -> 0 | BE46: =G46/6 -> 0 | BQ46: =G46/6 -> 0 | CC46: =G46-SUM(J46:CB46) -> 0
B47: A-1013 | C47: ESCROW for commissioning System application software (not toll system related) | D47: Month | E47: 72 | G47: =+SUM(H47:CC47) -> 0
B48: A-1014 | C48: Updating Integrated Transport Information System (ITIS) Modules | D48: Month | E48: 72 | G48: =+SUM(H48:CC48) -> 0
B49: A-1015 | C49: Liaison with Service Providers | D49: Month | E49: 72 | G49: =+SUM(H49:CC49) -> 0
B50: A-1016 | C50: Mentoring Targeted Enterprise (New Entrant-Developing Operator)
B51: A-1016a | C51: Identify and train Targeted Enterprise (New Entrant-Developing Operator) | D51: Month | E51: 12 | G51: =+SUM(H51:CC51) -> 0
B52: A-1016b | C52: Oversee of Targeted Enterprise (New Entrant-Developing Operator) management of Toll Plaza | D52: Month | E52: 60 | G52: =+SUM(H52:CC52) -> 0
B53: A-1017 | C53: Extra over costs for the supervision of the Nominated Subcontractor | D53: Month | E53: 72 | G53: =+SUM(H53:CC53) -> 0
B54: A-1018 | C54: Extra over costs for the supervision of the Incumbent System Integrator | D54: Month | E54: 18 | G54: =+SUM(H54:CC54) -> 0
B55: A-2000 | C55: Provisioning of Staff and Labour | G55: =SUM(G56:G92) -> 0 | H55: =SUM(H56:H92) -> 0 | I55: =SUM(I56:I92) -> 0 | J55: =SUM(J56:J92) -> 0 | K55: =SUM(K56:K92) -> 0 | L55: =SUM(L56:L92) -> 0 | M55: =SUM(M56:M92) -> 0 | N55: =SUM(N56:N92) -> 0 | ... CC55: =SUM(CC56:CC92) -> 0
B56: A-2001 | C56: Toll Collectors | D56: Month | E56: 72 | G56: =+SUM(H56:CC56) -> 0
B57: A-2002 | C57: Senior Toll Collectors | D57: Month | E57: 72 | G57: =+SUM(H57:CC57) -> 0
B58: A-2003 | C58: Seasonal Toll Collectors | D58: Month | E58: 72 | G58: =+SUM(H58:CC58) -> 0
B59: A-2004 | C59: Shift Supervisors | D59: Month | E59: 72 | G59: =+SUM(H59:CC59) -> 0
B60: A-2005 | C60: Plaza Managers | D60: Month | E60: 72 | G60: =+SUM(H60:CC60) -> 0
B61: A-2006 | C61: Administrative Personnel | D61: Month | E61: 72 | G61: =+SUM(H61:CC61) -> 0
B62: A-2007 | C62: Lane, Garden and Plaza Attendants | D62: Month | E62: 72 | G62: =+SUM(H62:CC62) -> 0
B63: A-2008 | C63: Technical Staff | D63: Month | E63: 72 | G63: =+SUM(H63:CC63) -> 0
B64: A-2009 | C64: Transport of Personnel | D64: Month | E64: 72 | G64: =+SUM(H64:CC64) -> 0
B65: A-2010 | C65: Additional Toll Collectors due to Lane Expansion/ Reversible Lane Creation (if triggered) | D65: Month | E65: 72 | G65: =+SUM(H65:CC65) -> 0
B66: A-2011 | C66: Extra Over or Saving of Operation Cost if Dedicated ETC / Card lanes are implemented
B67: A-2011a | C67: Extra over or saving of Operational costs if additional Dedicated ETC lanes are implemented (1 lane/direction) (If triggered) | D67: Month | E67: 24 | G67: =+SUM(H67:CC67) -> 0
B68: A-2011b | C68: Extra over or saving of Operational Costs if additional Dedicated ETC lanes are implemented (2 lanes/direction) (if triggered) | D68: Month | E68: Rate Only | G68: =+SUM(H68:CC68) -> 0
B69: A-2011c | C69: Extra over or saving of Operational costs if additional Dedicated ETC lanes are implemented (3 lanes/direction) (If triggered) | D69: Month | E69: Rate Only | G69: =+SUM(H69:CC69) -> 0
B70: A-2011d | C70: Extra over or Saving of Operational Costs if Dedicated Card lanes are implemented (1 lane/direction) | D70: Month | E70: Rate Only | G70: =+SUM(H70:CC70) -> 0
B71: A-2012 | C71: Management of functional Customer Service, Including Account Registration, Tag Distribution, Account Top-Up as well as Revenue Management | D71: Month | E71: 72 | G71: =+SUM(H71:CC71) -> 0
B72: A-2013 | C72: Customer Service Operations, including Account Registration, Tag Distribution, Account Top-up and Revenue Collection and Administration Services at Control Centres (if triggered)
B73: A-2013a | C73: Operations of 1 Customer Service Counter | D73: Month | E73: 72 | G73: =+SUM(H73:CC73) -> 0
B74: A-2013b | C74: Extra Over for the Operation of an additional Customer Service Counter | D74: Month | E74: 72 | G74: =+SUM(H74:CC74) -> 0
B75: A-2014 | C75: Operation of different work-station configurations at Customer Service (CS) Kiosks at locations remote from Control Centres, including for Account Registration, Tag Distribution, Account Top-up and Revenue Collection and Administration Services (if triggered)
B76: A-2014a | C76: Operation of 1 work station configuration (if triggered) | D76: Month | E76: 72 | G76: =+SUM(H76:CC76) -> 0
B77: A-2014b | C77: Extra Over for operation of an additional work station (if triggered) | D77: Month | E77: 72 | G77: =+SUM(H77:CC77) -> 0
B78: A-2014c | C78: Extra Over for operation 2 additional work stations (if triggered) | D78: Month | E78: 72 | G78: =+SUM(H78:CC78) -> 0
B79: A-2014d | C79: Extra Over for operation 3 additional work stations (if triggered) | D79: Month | E79: 72 | G79: =+SUM(H79:CC79) -> 0
B80: A-2014e | C80: Extra Over for operation 4 additional work stations (if triggered) | D80: Month | E80: 72 | G80: =+SUM(H80:CC80) -> 0
B81: A-2015 | C81: Call handling function: In-house handling of calls from the public during Operation Period (if triggered)
B82: A-2015a | C82: Call handling function: In-house handling of Calls from the public during the Operations Period (if triggered) - One Call handler | D82: Month | E82: 72 | G82: =+SUM(H82:CC82) -> 0
B83: A-2015b | C83: Call handling function: In-house handling of Calls from the public during the Operations Period (if triggered) - Two Call handlers | D83: Month | E83: 72 | G83: =+SUM(H83:CC83) -> 0
B84: A-2015c | C84: Call handling function: In-house handling of Calls from the public during the Operations Period (if triggered) - Three Call handlers | D84: Month | E84: 72 | G84: =+SUM(H84:CC84) -> 0
B85: A-2016 | C85: Contracts Engineer [Contractor’s Representative] | D85: Month | E85: 0 | G85: =+E85*F85 -> 0
B86: A-2017 | C86: Quality Control Officer | D86: Month | E86: 72 | G86: =+SUM(H86:CC86) -> 0
B87: A-2018 | C87: Maintenance Manager | D87: Month | E87: 0 | G87: =+E87*F87 -> 0
B88: A-2019 | C88: System/ software support specialist | D88: Month | E88: 0 | G88: =+E88*F88 -> 0
B89: A-2020 | C89: Network and Security Specialist | D89: Month | E89: 0 | G89: =+E89*F89 -> 0
B90: A-2021 | C90: Plaza technician(s) - over and above the technician to maintain the Toll System (if needed) | D90: Month | E90: 0 | G90: =+E90*F90 -> 0
B91: A-2022 | C91: SHEQ Officer | D91: Month | E91: 72 | G91: =+SUM(H91:CC91) -> 0
B92: A-2023 | C92: VGS Clerk | D92: Month | E92: 72 | G92: =+SUM(H92:CC92) -> 0
B93: A-3000 | C93: Financial Costs (Discounts, Exemption and bank fees) | G93: =SUM(G94:G102) -> 0 | H93: =SUM(H94:H102) -> 0 | I93: =SUM(I94:I102) -> 0 | J93: =SUM(J94:J102) -> 0 | K93: =SUM(K94:K102) -> 0 | L93: =SUM(L94:L102) -> 0 | M93: =SUM(M94:M102) -> 0 | N93: =SUM(N94:N102) -> 0 | ... CC93: =SUM(CC94:CC102) -> 0
B94: A-3001 | C94: Cash Deposit fees | D94: Month | E94: 72 | G94: =+SUM(H94:CC94) -> 0
B95: A-3002 | C95: Provision for Cash Collection Service | D95: Month | E95: 72 | G95: =+SUM(H95:CC95) -> 0
B96: A-3003 | C96: Risk of Income loss in respect of Exempt User Passages | D96: Month | E96: 72 | G96: =+SUM(H96:CC96) -> 0
B97: A-3004 | C97: Risk of Income loss in respect of Local and Regional Discounts | D97: Month | E97: 72 | G97: =+SUM(H97:CC97) -> 0
B98: A-3005 | C98: Risk of Income loss in respect of Frequent User Discounts | D98: Month | E98: 72 | G98: =+SUM(H98:CC98) -> 0
B99: A-3006 | C99: Risk of Income loss in respect of Run through Violations | D99: Month | E99: 72 | G99: =+SUM(H99:CC99) -> 0
B100: A-3007 | C100: Risk of Income loss in respect of No Payment Passages | D100: Month | E100: 72 | G100: =+SUM(H100:CC100) -> 0
B101: A-3008 | C101: Contractor Discounts Income Loss | D101: Month | E101: 72 | G101: =+SUM(H101:CC101) -> 0
B102: A-3009 | C102: Risk of Loss or Damage of Tags (per 100 Tags per month) | D102: Month | E102: 72 | G102: =+SUM(H102:CC102) -> 0
B103: A-4000 | C103: Utilities, Services and Levies | G103: =SUM(G104:G115) -> 10950000 | H103: =SUM(H104:H115) -> 0 | I103: =SUM(I104:I115) -> 0 | J103: =SUM(J104:J115) -> 152083.33 | K103: =SUM(K104:K115) -> 152083.33 | L103: =SUM(L104:L115) -> 152083.33 | M103: =SUM(M104:M115) -> 152083.33 | N103: =SUM(N104:N115) -> 152083.33 | ... CC103: =SUM(CC104:CC115) -> 152083.57
B104: A-4001-a | C104: Cost for the Supply of Electricity (Provisional Amounts) | D104: Month | E104: 72 | G104: =+SUM(H104:CC104) -> 6900000 | J104: =6900000/72 -> 95833.33 | K104: =6900000/72 -> 95833.33 | L104: =6900000/72 -> 95833.33 | M104: =6900000/72 -> 95833.33 | N104: =6900000/72 -> 95833.33 | O104: =6900000/72 -> 95833.33 | P104: =6900000/72 -> 95833.33 | Q104: =6900000/72 -> 95833.33 | ... CB104: =6900000/72 -> 95833.33 | CC104: =6900000/72+0.24 -> 95833.57
B105: A-4001-b | C105: ="Provision for overhead charges + profit in respect to A-4001-a" -> Provision for overhead charges + profit in respect to A-4001-a | D105: % | E105: =+G104 -> 6900000 | G105: =+E105*F105 -> 0 | J105: =J104*$F$105 -> 0 | K105: =K104*$F$105 -> 0 | L105: =L104*$F$105 -> 0 | M105: =M104*$F$105 -> 0 | N105: =N104*$F$105 -> 0 | O105: =O104*$F$105 -> 0 | P105: =P104*$F$105 -> 0 | Q105: =Q104*$F$105 -> 0 | ... CB105: =CB104*$F$105 -> 0 | CC105: =G105-SUM(H105:CB105) -> 0
B106: A-4002-a | C106: Cost for the Supply of Fuel (Provisional Amounts) | D106: Month | E106: 72 | G106: =+SUM(H106:CC106) -> 4050000 | J106: =4050000/72 -> 56250 | K106: =4050000/72 -> 56250 | L106: =4050000/72 -> 56250 | M106: =4050000/72 -> 56250 | N106: =4050000/72 -> 56250 | O106: =4050000/72 -> 56250 | P106: =4050000/72 -> 56250 | Q106: =4050000/72 -> 56250 | ... CC106: =4050000/72 -> 56250
...
